Workbook
Name \A: #REF!
Name \A: #REF!
Name \A: #REF!
Name \B: #REF!
Name \B: #REF!
Name \B: #REF!
Name \C: #REF!
Name \C: #REF!
Name \C: #REF!
Name \D: #REF!
Name \E: #REF!
Name \F: #REF!
Name \G: #REF!
Name \H: #REF!
Name \I: #REF!
Name \J: #REF!
Name \K: #REF!
Name \L: #REF!
Name \M: #REF!
Name \N: #REF!
Name \O: #REF!
Name \P: #REF!
Name \Q: #REF!
Name \R: #REF!
Name \S: #REF!
Name \T: #REF!
Name \U: #REF!
Name \V: #REF!
Name \W: #REF!
Name \X: #REF!
Name \Y: #REF!
Name \Z: #REF!
Name _1Macros_Import_.qbop: [1]!'[Macros Import].qbop'
Name _BOP1: #REF!
Name _BOP2: [2]BOP!#REF!
Name _bop3: [3]BOP!#REF!
Name _EXP5: [2]TRADE!#REF!
Name _EXP6: [2]TRADE!#REF!
Name _EXP7: [2]TRADE!#REF!
Name _EXP9: [2]TRADE!#REF!
Name _IMP10: #REF!
Name _IMP2: [2]OUTPUT!#REF!
Name _IMP4: [2]OUTPUT!#REF!
Name _IMP6: [2]OUTPUT!#REF!
Name _IMP7: [2]OUTPUT!#REF!
Name _IMP8: #REF!
Name _MTS2: '[4]Annual Tables'!#REF!
Name _PAG2: [4]Index!#REF!
Name _PAG3: [4]Index!#REF!
Name _PAG4: [4]Index!#REF!
Name _PAG5: [4]Index!#REF!
Name _PAG6: [4]Index!#REF!
Name _PAG7: #REF!
Name _Ref33606327: 'Gráfico 2.2'!$AB$31
Name _Ref33700462: 'Gráfico 2.3 '!#REF!
Name _Ref34321844: 'Tabla 2.6'!$C$1
Name _Ref34654345: 'Gráfico 2.18'!$K$4
Name _Ref34985827: 'Gráfico 2.21'!$K$17
Name _Ref35451939: 'Gráfico 2.12'!$I$37
Name _RES2: [2]RES!#REF!

Sheet Índice
A16: Listado Gráficos | D16: Listado Tablas
A17: 2.1 | B17: Evolución de los agregados Monetarios % del PIB | D17: 2.1 | E17: Reserva Monetaria Internacional
A18: 2.2 | B18: Evolución de los Agregados Monetarios vs PIB Nominal | D18: 2.2 | E18: Reserva Internacional
A19: 2.3 | B19: Evolución de la RMI, RILD y RI | D19: 2.3 | E19: Variación Acumulada Reserva Internacional Junio 2020
A20: 2.4 | B20: Evolución de las Reservas Internacionales y Resultado Global de la Balanza de Pagos (Millones USD) | D20: 2.4 | E20: Sistema de Balances BCE 2000
A21: 2.5 | B21: Evolución de las Reservas Internacionales y Resultado Global de la Balanza de Pagos (% PIB) | D21: 2.5 | E21: Balance BCE
A22: 2.6 | B22: Profundización financiera | D22: 2.6 | E22: Tasas de interés máximas por segmentos de crédito
A23: 2.7 | B23: Captaciones de las Otras Sociedades de Depósito
A24: 2.8 | B24: Cartera de crédito de las Otras Sociedades de Depósito
A25: 2.9 | B25: Cartera de crédito y Captaciones de las Otras Sociedades de Depósito
A26: 2.10 | B26: Captaciones de las OSD por tipo de depósito
A27: 2.11 | B27: Cartera por vencer de las OSD por tipo de crédito
A28: 2.12 | B28: Saldos de Títulos del Gobierno Central adquiridos por el BCE
A29: 2.13 | B29: Colocación Total de Inversión Doméstica del BCE
A30: 2.14 | B30: Saldos de Inversión doméstica realizada por el BCE
A31: 2.15 | B31: Tasa de interés referenciales en sucres
A32: 2.16 | B32: Tasas de interés
A33: 2.17 | B33: Tasa de interés por segmento de crédito
A34: 2.18 | B34: Reservas de Liquidez y Reservas Mínimas de Liquidez del Sistema Financiero Nacional
... A37: 2.21 | B37: Evolución del Fondo de Liquidez

Sheet Gráfico 2.1
B1: Agregados Monetarios
B2: Millones de USD y porcentaje
A3: Período | B3: mes | C3: año | D3: Trimestre | E3: Especies monetarias en circulación EMC | F3: Moneda Fraccionaria | G3: Dinero Electrónico | H3: Depósitos a la vista | I3: Oferta monetaria M1 | J3: Depósitos a plazo o Cuasidinero | K3: Liquidez total M2 | L3: Reservas Bancarias (6) | M3: Caja BCE | N3: Caja OSD | O3: BASE MONETARIA BM (7) | P3: Multiplicador M1/BM (8) | Q3: Multiplicador M2/BM | R3: PIB Nominal | S3: M1/PIB | T3: M2/PIB | U3: EMC/PIB | V3: TVA_M1 | W3: TVA_M2 | X3: TVA_EMC | Y3: TVA_PIB NOMINAL
A4: 36526 | B4: =+MONTH(A4) -> 1 | C4: =+YEAR(A4) -> 2000 | D4: I. Trim | E4: 536.23 | F4: 0 | H4: 533.76 | I4: 1069.99 | J4: 2208.43 | K4: 3278.42 | L4: 158.56 | M4: 82.04 | N4: 96.54 | O4: 873.37 | P4: 1.225128 | Q4: 3.7537584 | R4: =+VLOOKUP(YEAR(A4),PIB!$A$1:$C$22,3,0) -> 18318.601 | S4: =+I4/R4 -> 0.058410028 | T4: =+K4/R4 -> 0.17896672 | U4: =+E4/R4 -> 0.029272432 | AA4: Período | AB4: (Varios elementos)
A5: 36557 | B5: =+MONTH(A5) -> 2 | C5: =+YEAR(A5) -> 2000 | D5: I. Trim | E5: 530.42 | F5: 0 | H5: 596.49 | I5: 1126.91 | J5: 2225.48 | K5: 3352.39 | L5: 124.58 | M5: 98.85 | N5: 85.54 | O5: 839.39 | P5: 1.3425345 | Q5: 3.9938408 | R5: =+VLOOKUP(YEAR(A5),PIB!$A$1:$C$22,3,0) -> 18318.601 | S5: =+I5/R5 -> 0.061517252 | T5: =+K5/R5 -> 0.1830047 | U5: =+E5/R5 -> 0.028955268
A6: 36586 | B6: =+MONTH(A6) -> 3 | C6: =+YEAR(A6) -> 2000 | D6: I. Trim | E6: 557.46 | F6: 0 | H6: 696.03 | I6: 1253.49 | J6: 2199.92 | K6: 3453.41 | L6: 206.19 | M6: 54.78 | N6: 102.57 | O6: 921 | P6: 1.3610098 | Q6: 3.7496308 | R6: =+VLOOKUP(YEAR(A6),PIB!$A$1:$C$22,3,0) -> 18318.601 | S6: =+I6/R6 -> 0.068427169 | T6: =+K6/R6 -> 0.18851931 | U6: =+E6/R6 -> 0.030431363 | AB6: Valores
A7: 36617 | B7: =+MONTH(A7) -> 4 | C7: =+YEAR(A7) -> 2000 | D7: II. Trim | E7: 567.96 | F7: 0 | H7: 697.88 | I7: 1265.84 | J7: 2380.72 | K7: 3646.56 | L7: 223.89 | M7: 96.78 | N7: 114.36 | O7: 1002.99 | P7: 1.2620664 | Q7: 3.6356893 | R7: =+VLOOKUP(YEAR(A7),PIB!$A$1:$C$22,3,0) -> 18318.601 | S7: =+I7/R7 -> 0.069101347 | T7: =+K7/R7 -> 0.19906324 | U7: =+E7/R7 -> 0.031004551 | AA7: Rótulos de fila | AB7: M2/PIB | AC7: M1/PIB | AD7: EMC/PIB
A8: 36647 | B8: =+MONTH(A8) -> 5 | C8: =+YEAR(A8) -> 2000 | D8: II. Trim | E8: 625.34 | F8: 0 | H8: 801.82 | I8: 1427.16 | J8: 2433.46 | K8: 3860.62 | L8: 201.98 | M8: 104.53 | N8: 125.77 | O8: 1057.62 | P8: 1.3494072 | Q8: 3.6502903 | R8: =+VLOOKUP(YEAR(A8),PIB!$A$1:$C$22,3,0) -> 18318.601 | S8: =+I8/R8 -> 0.077907696 | T8: =+K8/R8 -> 0.21074863 | U8: =+E8/R8 -> 0.034136886 | AA8: 2000 | AB8: 0.26610667 | AC8: 0.11421134 | AD8: 0.061153251
A9: 36678 | B9: =+MONTH(A9) -> 6 | C9: =+YEAR(A9) -> 2000 | D9: II. Trim | E9: 804.822 | F9: 0 | H9: 807.97 | I9: 1612.792 | J9: 2477.5 | K9: 4090.292 | L9: 212.19 | M9: 61.71 | N9: 102.63 | O9: 1181.352 | P9: 1.3652087 | Q9: 3.4623821 | R9: =+VLOOKUP(YEAR(A9),PIB!$A$1:$C$22,3,0) -> 18318.601 | S9: =+I9/R9 -> 0.088041221 | T9: =+K9/R9 -> 0.22328627 | U9: =+E9/R9 -> 0.043934687 | AA9: 2001 | AB9: 0.25163726 | AC9: 0.12116326 | AD9: 0.061772576
A10: 36708 | B10: =+MONTH(A10) -> 7 | C10: =+YEAR(A10) -> 2000 | D10: III. Trim | E10: 857.09 | F10: 0 | H10: 852.62 | I10: 1709.71 | J10: 2510.18 | K10: 4219.89 | L10: 204.33 | M10: 113.37 | N10: 102.76 | O10: 1277.55 | P10: 1.3382725 | Q10: 3.3031114 | R10: =+VLOOKUP(YEAR(A10),PIB!$A$1:$C$22,3,0) -> 18318.601 | S10: =+I10/R10 -> 0.093331909 | T10: =+K10/R10 -> 0.23036093 | U10: =+E10/R10 -> 0.046787962 | AA10: 2002 | AB10: 0.26104848 | AC10: 0.12970737 | AD10: 0.064443177
A11: 36739 | B11: =+MONTH(A11) -> 8 | C11: =+YEAR(A11) -> 2000 | D11: III. Trim | E11: 942.57 | F11: 0 | H11: 827.48 | I11: 1770.05 | J11: 2609.8 | K11: 4379.85 | L11: 222.93 | M11: 120.58 | N11: 100.82 | O11: 1386.9 | P11: 1.2762636 | Q11: 3.1580143 | R11: =+VLOOKUP(YEAR(A11),PIB!$A$1:$C$22,3,0) -> 18318.601 | S11: =+I11/R11 -> 0.096625829 | T11: =+K11/R11 -> 0.23909304 | U11: =+E11/R11 -> 0.051454257 | AA11: 2003 | AB11: 0.22127612 | AC11: 0.12136171 | AD11: 0.065405956
A12: 36770 | B12: =+MONTH(A12) -> 9 | C12: =+YEAR(A12) -> 2000 | D12: III. Trim | E12: 928.532 | F12: 7.46 | H12: 828.77 | I12: 1764.762 | J12: 2632.05 | K12: 4396.812 | L12: 246.35 | M12: 138.6 | N12: 96.91 | O12: 1417.852 | P12: 1.2446729 | Q12: 3.1010373 | R12: =+VLOOKUP(YEAR(A12),PIB!$A$1:$C$22,3,0) -> 18318.601 | S12: =+I12/R12 -> 0.09633716 | T12: =+K12/R12 -> 0.24001898 | U12: =+E12/R12 -> 0.050687932 | AA12: 2004 | AB12: 0.2371728 | AC12: 0.12534076 | AD12: 0.061633896
A13: 36800 | B13: =+MONTH(A13) -> 10 | C13: =+YEAR(A13) -> 2000 | D13: IV. Trim | E13: 934.782 | F13: 16.34 | H13: 870.22 | I13: 1821.342 | J13: 2663.08 | K13: 4484.422 | L13: 232.76 | M13: 162.78 | N13: 105.68 | O13: 1452.342 | P13: 1.2540724 | Q13: 3.0877176 | R13: =+VLOOKUP(YEAR(A13),PIB!$A$1:$C$22,3,0) -> 18318.601 | S13: =+I13/R13 -> 0.099425824 | T13: =+K13/R13 -> 0.24480155 | U13: =+E13/R13 -> 0.051029115 | AA13: 2005 | AB13: 0.25179796 | AC13: 0.1303623 | AD13: 0.064778241
A14: 36831 | B14: =+MONTH(A14) -> 11 | C14: =+YEAR(A14) -> 2000 | D14: IV. Trim | E14: 978.852 | F14: 20.76 | H14: 871.22 | I14: 1870.832 | J14: 2730.1 | K14: 4600.932 | L14: 242.5 | M14: 189.09 | N14: 104.3 | O14: 1535.502 | P14: 1.2183846 | Q14: 2.9963699 | R14: =+VLOOKUP(YEAR(A14),PIB!$A$1:$C$22,3,0) -> 18318.601 | S14: =+I14/R14 -> 0.10212745 | T14: =+K14/R14 -> 0.25116176 | U14: =+E14/R14 -> 0.053434867 | AA14: 2006 | AB14: 0.25818413 | AC14: 0.13375046 | AD14: 0.06474215
A15: 36861 | B15: =+MONTH(A15) -> 12 | C15: =+YEAR(A15) -> 2000 | D15: IV. Trim | E15: 1120.242 | F15: 23.49 | H15: 948.46 | I15: 2092.192 | J15: 2782.51 | K15: 4874.702 | L15: 225.92 | M15: 115.41 | N15: 121.47 | O15: 1606.532 | P15: 1.3023033 | Q15: 3.0343012 | R15: =+VLOOKUP(YEAR(A15),PIB!$A$1:$C$22,3,0) -> 18318.601 | S15: =+I15/R15 -> 0.11421134 | T15: =+K15/R15 -> 0.26610667 | U15: =+E15/R15 -> 0.061153251 | AA15: 2007 | AB15: 0.27472817 | AC15: 0.1374146 | AD15: 0.06429026
A16: 36892 | B16: =+MONTH(A16) -> 1 | C16: =+YEAR(A16) -> 2001 | D16: I. Trim | E16: 1022.74 | F16: 24.04 | H16: 1023.79 | I16: 2070.57 | J16: 2837.65 | K16: 4908.22 | L16: 131.67327 | M16: 243.51 | N16: 120.92 | O16: 1542.8833 | P16: 1.3420134 | Q16: 3.1811998 | R16: =+VLOOKUP(YEAR(A16),PIB!$A$1:$C$22,3,0) -> 24468.324 | S16: =+I16/R16 -> 0.084622469 | T16: =+K16/R16 -> 0.20059486 | U16: =+E16/R16 -> 0.041798531 | V16: =+I16/I4-1 -> 0.93513023 | W16: =+K16/K4-1 -> 0.49712971 | X16: =+E16/E4-1 -> 0.90727859 | AA16: 2008 | AB16: 0.27811736 | AC16: 0.14378129 | AD16: 0.066355006
A17: 36923 | B17: =+MONTH(A17) -> 2 | C17: =+YEAR(A17) -> 2001 | D17: I. Trim | E17: 1044.543 | F17: 25.517 | H17: 1078.31 | I17: 2148.37 | J17: 2861.97 | K17: 5010.34 | L17: 126.44386 | M17: 237.615 | N17: 136.72 | O17: 1570.8389 | P17: 1.3676578 | Q17: 3.1895952 | R17: =+VLOOKUP(YEAR(A17),PIB!$A$1:$C$22,3,0) -> 24468.324 | S17: =+I17/R17 -> 0.087802091 | T17: =+K17/R17 -> 0.20476842 | U17: =+E17/R17 -> 0.042689601 | V17: =+I17/I5-1 -> 0.90642554 | W17: =+K17/K5-1 -> 0.49455761 | X17: =+E17/E5-1 -> 0.96927529 | AA17: 2009 | AB17: 0.29732169 | AC17: 0.1473083 | AD17: 0.067660197
A18: 36951 | B18: =+MONTH(A18) -> 3 | C18: =+YEAR(A18) -> 2001 | D18: I. Trim | E18: 1067.7829 | F18: 27.32335 | H18: 1175.88 | I18: 2270.9862 | J18: 2912.9 | K18: 5183.8862 | L18: 169.9813 | M18: 246.44314 | N18: 104.35 | O18: 1615.8806 | P18: 1.405417 | Q18: 3.2080873 | R18: =+VLOOKUP(YEAR(A18),PIB!$A$1:$C$22,3,0) -> 24468.324 | S18: =+I18/R18 -> 0.092813313 | T18: =+K18/R18 -> 0.21186111 | U18: =+E18/R18 -> 0.043639395 | V18: =+I18/I6-1 -> 0.81173062 | W18: =+K18/K6-1 -> 0.50109202 | X18: =+E18/E6-1 -> 0.91544301 | AA18: 2010 | AB18: 0.31901732 | AC18: 0.15492905 | AD18: 0.065349148
A19: 36982 | B19: =+MONTH(A19) -> 4 | C19: =+YEAR(A19) -> 2001 | D19: II. Trim | E19: 1127.5969 | F19: 28.35594 | H19: 1189.93 | I19: 2345.8829 | J19: 2953.75 | K19: 5299.6329 | L19: 166.54016 | M19: 96.60906 | N19: 118.27 | O19: 1537.3721 | P19: 1.5259044 | Q19: 3.4472025 | R19: =+VLOOKUP(YEAR(A19),PIB!$A$1:$C$22,3,0) -> 24468.324 | S19: =+I19/R19 -> 0.095874277 | T19: =+K19/R19 -> 0.21659158 | U19: =+E19/R19 -> 0.046083947 | V19: =+I19/I7-1 -> 0.85322227 | W19: =+K19/K7-1 -> 0.45332392 | X19: =+E19/E7-1 -> 0.98534569 | AA19: 2011 | AB19: 0.33499111 | AC19: 0.15254132 | AD19: 0.066740692
A20: 37012 | B20: =+MONTH(A20) -> 5 | C20: =+YEAR(A20) -> 2001 | D20: II. Trim | E20: 1173.6827 | F20: 27.04451 | H20: 1266.12 | I20: 2466.8472 | J20: 2911.09 | K20: 5377.9372 | L20: 150.52872 | M20: 164.91331 | N20: 123.64 | O20: 1639.8092 | P20: 1.5043501 | Q20: 3.2796115 | R20: =+VLOOKUP(YEAR(A20),PIB!$A$1:$C$22,3,0) -> 24468.324 | S20: =+I20/R20 -> 0.10081799 | T20: =+K20/R20 -> 0.21979181 | U20: =+E20/R20 -> 0.047967433 | V20: =+I20/I8-1 -> 0.7285008 | W20: =+K20/K8-1 -> 0.39302423 | X20: =+E20/E8-1 -> 0.87687129 | AA20: 2012 | AB20: 0.35150031 | AC20: 0.16504635 | AD20: 0.071956447
A21: 37043 | B21: =+MONTH(A21) -> 6 | C21: =+YEAR(A21) -> 2001 | D21: II. Trim | E21: 1194.248 | F21: 25.72352 | H21: 1233.49 | I21: 2453.4615 | J21: 2949.94 | K21: 5403.4015 | L21: 143.70246 | M21: 159.72697 | N21: 106.37 | O21: 1629.771 | P21: 1.5054026 | Q21: 3.3154361 | R21: =+VLOOKUP(YEAR(A21),PIB!$A$1:$C$22,3,0) -> 24468.324 | S21: =+I21/R21 -> 0.10027093 | T21: =+K21/R21 -> 0.22083252 | U21: =+E21/R21 -> 0.048807921 | V21: =+I21/I9-1 -> 0.52125107 | W21: =+K21/K9-1 -> 0.32103076 | X21: =+E21/E9-1 -> 0.48386603 | AA21: 2013 | AB21: 0.36845645 | AC21: 0.17105524 | AD21: 0.077442264
A22: 37073 | B22: =+MONTH(A22) -> 7 | C22: =+YEAR(A22) -> 2001 | D22: III. Trim | E22: 1336.751 | F22: 25.49 | H22: 1084.83 | I22: 2447.071 | J22: 2999.41 | K22: 5446.481 | L22: 204.57269 | M22: 147.73 | N22: 139.94 | O22: 1854.4837 | P22: 1.319543 | Q22: 2.9369258 | R22: =+VLOOKUP(YEAR(A22),PIB!$A$1:$C$22,3,0) -> 24468.324 | S22: =+I22/R22 -> 0.10000975 | T22: =+K22/R22 -> 0.22259314 | U22: =+E22/R22 -> 0.054631899 | V22: =+I22/I10-1 -> 0.4312784 | W22: =+K22/K10-1 -> 0.29066895 | X22: =+E22/E10-1 -> 0.55963901 | AA22: 2014 | AB22: 0.39423782 | AC22: 0.18378051 | AD22: 0.093780014
A23: 37104 | B23: =+MONTH(A23) -> 8 | C23: =+YEAR(A23) -> 2001 | D23: III. Trim | E23: 1368.331 | F23: 25.28 | H23: 1225.19 | I23: 2618.801 | J23: 3025.77 | K23: 5644.571 | L23: 162.16203 | M23: 168.93 | N23: 103.78 | O23: 1828.483 | P23: 1.432226 | Q23: 3.087024 | R23: =+VLOOKUP(YEAR(A23),PIB!$A$1:$C$22,3,0) -> 24468.324 | S23: =+I23/R23 -> 0.10702821 | T23: =+K23/R23 -> 0.23068891 | U23: =+E23/R23 -> 0.055922547 | V23: =+I23/I11-1 -> 0.47950679 | W23: =+K23/K11-1 -> 0.28875898 | X23: =+E23/E11-1 -> 0.45170226 | AA23: 2015 | AB23: 0.39933982 | AC23: 0.19177742 | AD23: 0.11837672
A24: 37135 | B24: =+MONTH(A24) -> 9 | C24: =+YEAR(A24) -> 2001 | D24: III. Trim | E24: 1358.771 | F24: 25.76 | H24: 1259.7 | I24: 2644.231 | J24: 3091.87 | K24: 5736.101 | L24: 137.44185 | M24: 147.58 | N24: 111.03 | O24: 1780.5828 | P24: 1.4850368 | Q24: 3.2214738 | R24: =+VLOOKUP(YEAR(A24),PIB!$A$1:$C$22,3,0) -> 24468.324 | S24: =+I24/R24 -> 0.10806752 | T24: =+K24/R24 -> 0.23442967 | U24: =+E24/R24 -> 0.055531838 | V24: =+I24/I12-1 -> 0.49834992 | W24: =+K24/K12-1 -> 0.30460456 | X24: =+E24/E12-1 -> 0.46335398 | AA24: 2016 | AB24: 0.46217066 | AC24: 0.22648912 | AD24: 0.13269387
A25: 37165 | B25: =+MONTH(A25) -> 10 | C25: =+YEAR(A25) -> 2001 | D25: IV. Trim | E25: 1356.076 | F25: 26.32 | H25: 1337.71 | I25: 2720.106 | J25: 3121.15 | K25: 5841.256 | L25: 151.99268 | M25: 142.46 | N25: 117.62 | O25: 1794.4687 | P25: 1.5158281 | Q25: 3.2551451 | R25: =+VLOOKUP(YEAR(A25),PIB!$A$1:$C$22,3,0) -> 24468.324 | S25: =+I25/R25 -> 0.11116846 | T25: =+K25/R25 -> 0.23872726 | U25: =+E25/R25 -> 0.055421695 | V25: =+I25/I13-1 -> 0.49346251 | W25: =+K25/K13-1 -> 0.30256608 | X25: =+E25/E13-1 -> 0.4506869 | AA25: 2017 | AB25: 0.48698751 | AC25: 0.2352012 | AD25: 0.14246664
A26: 37196 | B26: =+MONTH(A26) -> 11 | C26: =+YEAR(A26) -> 2001 | D26: IV. Trim | E26: 1422.051 | F26: 26.313791 | H26: 1379.6 | I26: 2827.9648 | J26: 3201.67 | K26: 6029.6348 | L26: 199.48054 | M26: 123.38797 | N26: 116.63 | O26: 1887.8633 | P26: 1.4979712 | Q26: 3.1938937 | R26: =+VLOOKUP(YEAR(A26),PIB!$A$1:$C$22,3,0) -> 24468.324 | S26: =+I26/R26 -> 0.11557656 | T26: =+K26/R26 -> 0.24642615 | U26: =+E26/R26 -> 0.05811804 | V26: =+I26/I14-1 -> 0.51160811 | W26: =+K26/K14-1 -> 0.31052465 | X26: =+E26/E14-1 -> 0.4527743 | AA26: 2018 | AB26: 0.49891912 | AC26: 0.23484075 | AD26: 0.14796921
A27: 37226 | B27: =+MONTH(A27) -> 12 | C27: =+YEAR(A27) -> 2001 | D27: IV. Trim | E27: 1511.4714 | F27: 27.210505 | H27: 1425.98 | I27: 2964.6619 | J27: 3192.48 | K27: 6157.1419 | L27: 261.37105 | M27: 79.3956 | N27: 149.93 | O27: 2029.3786 | P27: 1.4608718 | Q27: 3.0340036 | R27: =+VLOOKUP(YEAR(A27),PIB!$A$1:$C$22,3,0) -> 24468.324 | S27: =+I27/R27 -> 0.12116326 | T27: =+K27/R27 -> 0.25163726 | U27: =+E27/R27 -> 0.061772576 | V27: =+I27/I15-1 -> 0.41701235 | W27: =+K27/K15-1 -> 0.26308068 | X27: =+E27/E15-1 -> 0.3492365 | Y27: =+R27/R4-1 -> 0.33570921 | AA27: 2019 | AB27: 0.53955761 | AC27: 0.24383654 | AD27: 0.15791991
A28: 37257 | B28: =+MONTH(A28) -> 1 | C28: =+YEAR(A28) -> 2002 | D28: I. Trim | E28: 1421.3603 | F28: 27.89379 | H28: 1550.17 | I28: 2999.4241 | J28: 3311.07 | K28: 6310.4941 | L28: 199.44533 | M28: 118.36368 | N28: 134.72 | O28: 1901.7831 | P28: 1.5771641 | Q28: 3.3181986 | R28: =+VLOOKUP(YEAR(A28),PIB!$A$1:$C$22,3,0) -> 28548.945 | S28: =+I28/R28 -> 0.10506252 | T28: =+K28/R28 -> 0.22104124 | U28: =+E28/R28 -> 0.04978679 | V28: =+I28/I16-1 -> 0.44859827 | W28: =+K28/K16-1 -> 0.28569912 | X28: =+E28/E16-1 -> 0.38975724 | Y28: =+R28/R5-1 -> 0.55846754 | AA28: 2020 (jun) | AB28: 0.61540242 | AC28: 0.28391216 | AD28: 0.18867921
A29: 37288 | B29: =+MONTH(A29) -> 2 | C29: =+YEAR(A29) -> 2002 | D29: I. Trim | E29: 1422.8859 | F29: 28.780721 | H29: 1530.78 | I29: 2982.4466 | J29: 3352.47 | K29: 6334.9166 | L29: 249.67325 | M29: 128.92813 | N29: 138.07 | O29: 1968.338 | P29: 1.5152106 | Q29: 3.218409 | R29: =+VLOOKUP(YEAR(A29),PIB!$A$1:$C$22,3,0) -> 28548.945 | S29: =+I29/R29 -> 0.10446784 | T29: =+K29/R29 -> 0.2218967 | U29: =+E29/R29 -> 0.049840226 | V29: =+I29/I17-1 -> 0.38823694 | W29: =+K29/K17-1 -> 0.2643686 | X29: =+E29/E17-1 -> 0.362209 | Y29: =+R29/R6-1 -> 0.55846754
A30: 37316 | B30: =+MONTH(A30) -> 3 | C30: =+YEAR(A30) -> 2002 | D30: I. Trim | E30: 1509.993 | F30: 29.884117 | H30: 1544.57 | I30: 3084.4472 | J30: 3393.36 | K30: 6477.8072 | L30: 209.94687 | M30: 83.402862 | N30: 131.19 | O30: 1964.4169 | P30: 1.5701592 | Q30: 3.2975725 | R30: =+VLOOKUP(YEAR(A30),PIB!$A$1:$C$22,3,0) -> 28548.945 | S30: =+I30/R30 -> 0.10804067 | T30: =+K30/R30 -> 0.22690181 | U30: =+E30/R30 -> 0.052891378 | V30: =+I30/I18-1 -> 0.35819722 | W30: =+K30/K18-1 -> 0.24960443 | X30: =+E30/E18-1 -> 0.41413867 | Y30: =+R30/R7-1 -> 0.55846754
A31: 37347 | B31: =+MONTH(A31) -> 4 | C31: =+YEAR(A31) -> 2002 | D31: II. Trim | E31: 1501.5725 | F31: 31.180929 | H31: 1613.42 | I31: 3146.1735 | J31: 3358.37 | K31: 6504.5435 | L31: 207.59884 | M31: 104.70837 | N31: 147.62 | O31: 1992.6807 | P31: 1.5788648 | Q31: 3.2642177 | R31: =+VLOOKUP(YEAR(A31),PIB!$A$1:$C$22,3,0) -> 28548.945 | S31: =+I31/R31 -> 0.11020279 | T31: =+K31/R31 -> 0.22783831 | U31: =+E31/R31 -> 0.052596428 | V31: =+I31/I19-1 -> 0.34114686 | W31: =+K31/K19-1 -> 0.22735737 | X31: =+E31/E19-1 -> 0.33165715 | Y31: =+R31/R8-1 -> 0.55846754
A32: 37377 | B32: =+MONTH(A32) -> 5 | C32: =+YEAR(A32) -> 2002 | D32: II. Trim | E32: 1535.8122 | F32: 32.804133 | H32: 1632.47 | I32: 3201.0863 | J32: 3424.53 | K32: 6625.6163 | L32: 215.31214 | M32: 116.82171 | N32: 131.03 | O32: 2031.7802 | P32: 1.5755082 | Q32: 3.2609907 | R32: =+VLOOKUP(YEAR(A32),PIB!$A$1:$C$22,3,0) -> 28548.945 | S32: =+I32/R32 -> 0.11212626 | T32: =+K32/R32 -> 0.2320792 | U32: =+E32/R32 -> 0.05379576 | V32: =+I32/I20-1 -> 0.29764272 | W32: =+K32/K20-1 -> 0.23199957 | X32: =+E32/E20-1 -> 0.30854123 | Y32: =+R32/R9-1 -> 0.55846754
A33: 37408 | B33: =+MONTH(A33) -> 6 | C33: =+YEAR(A33) -> 2002 | D33: II. Trim | E33: 1645.7582 | F33: 33.979494 | H33: 1609.82 | I33: 3289.5577 | J33: 3506.82 | K33: 6796.3777 | L33: 228.16584 | M33: 43.035689 | N33: 144.36 | O33: 2095.2992 | P33: 1.5699704 | Q33: 3.2436311 | R33: =+VLOOKUP(YEAR(A33),PIB!$A$1:$C$22,3,0) -> 28548.945 | S33: =+I33/R33 -> 0.11522519 | T33: =+K33/R33 -> 0.23806056 | U33: =+E33/R33 -> 0.057646901 | V33: =+I33/I21-1 -> 0.34078225 | W33: =+K33/K21-1 -> 0.25779616 | X33: =+E33/E21-1 -> 0.37807069 | Y33: =+R33/R10-1 -> 0.55846754
A34: 37438 | B34: =+MONTH(A34) -> 7 | C34: =+YEAR(A34) -> 2002 | D34: III. Trim | E34: 1604.1539 | F34: 35.16 | H34: 1660.94 | I34: 3300.2539 | J34: 3666.01 | K34: 6966.2639 | L34: 230.38112 | M34: 115.1 | N34: 160.38 | O34: 2145.175 | P34: 1.5384544 | Q34: 3.2474105 | R34: =+VLOOKUP(YEAR(A34),PIB!$A$1:$C$22,3,0) -> 28548.945 | S34: =+I34/R34 -> 0.11559985 | T34: =+K34/R34 -> 0.24401126 | U34: =+E34/R34 -> 0.056189604 | V34: =+I34/I22-1 -> 0.34865474 | W34: =+K34/K22-1 -> 0.27903942 | X34: =+E34/E22-1 -> 0.20003942 | Y34: =+R34/R11-1 -> 0.55846754
A35: 37469 | B35: =+MONTH(A35) -> 8 | C35: =+YEAR(A35) -> 2002 | D35: III. Trim | E35: 1651.3457 | F35: 35.753481 | H35: 1650.51 | I35: 3337.6092 | J35: 3728.51 | K35: 7066.1192 | L35: 260.88991 | M35: 88.141173 | N35: 134.77 | O35: 2170.9003 | P35: 1.5374309 | Q35: 3.2549257 | R35: =+VLOOKUP(YEAR(A35),PIB!$A$1:$C$22,3,0) -> 28548.945 | S35: =+I35/R35 -> 0.11690832 | T35: =+K35/R35 -> 0.24750894 | U35: =+E35/R35 -> 0.057842618 | V35: =+I35/I23-1 -> 0.27447989 | W35: =+K35/K23-1 -> 0.25184345 | X35: =+E35/E23-1 -> 0.20683207 | Y35: =+R35/R12-1 -> 0.55846754
A36: 37500 | B36: =+MONTH(A36) -> 9 | C36: =+YEAR(A36) -> 2002 | D36: III. Trim | E36: 1630.9469 | F36: 36.81 | H36: 1710.87 | I36: 3378.6269 | J36: 3724.51 | K36: 7103.1369 | L36: 187.81 | M36: 102.35 | N36: 158.42 | O36: 2116.3369 | P36: 1.5964504 | Q36: 3.3563356 | R36: =+VLOOKUP(YEAR(A36),PIB!$A$1:$C$22,3,0) -> 28548.945 | S36: =+I36/R36 -> 0.11834507 | T36: =+K36/R36 -> 0.24880558 | U36: =+E36/R36 -> 0.057128097 | V36: =+I36/I24-1 -> 0.27773515 | W36: =+K36/K24-1 -> 0.23832145 | X36: =+E36/E24-1 -> 0.20031035 | Y36: =+R36/R13-1 -> 0.55846754
A37: 37530 | B37: =+MONTH(A37) -> 10 | C37: =+YEAR(A37) -> 2002 | D37: IV. Trim | E37: 1726.9381 | F37: 36.785586 | H37: 1686.82 | I37: 3450.5437 | J37: 3747.89 | K37: 7198.4337 | L37: 214.59373 | M37: 43.598826 | N37: 131.53 | O37: 2153.4462 | P37: 1.6023357 | Q37: 3.3427506 | R37: =+VLOOKUP(YEAR(A37),PIB!$A$1:$C$22,3,0) -> 28548.945 | S37: =+I37/R37 -> 0.12086414 | T37: =+K37/R37 -> 0.2521436 | U37: =+E37/R37 -> 0.060490434 | V37: =+I37/I25-1 -> 0.26853279 | W37: =+K37/K25-1 -> 0.23234347 | X37: =+E37/E25-1 -> 0.27348178 | Y37: =+R37/R14-1 -> 0.55846754
A38: 37561 | B38: =+MONTH(A38) -> 11 | C38: =+YEAR(A38) -> 2002 | D38: IV. Trim | E38: 1711.3696 | F38: 38.251845 | H38: 1685.71 | I38: 3435.3314 | J38: 3725.16 | K38: 7160.4914 | L38: 248.60928 | M38: 98.843082 | N38: 151.34 | O38: 2248.4138 | P38: 1.5278911 | Q38: 3.1846858 | R38: =+VLOOKUP(YEAR(A38),PIB!$A$1:$C$22,3,0) -> 28548.945 | S38: =+I38/R38 -> 0.12033129 | T38: =+K38/R38 -> 0.25081457 | U38: =+E38/R38 -> 0.059945107 | V38: =+I38/I26-1 -> 0.21477162 | W38: =+K38/K26-1 -> 0.18754976 | X38: =+E38/E26-1 -> 0.20345158 | Y38: =+R38/R15-1 -> 0.55846754
A39: 37591 | B39: =+MONTH(A39) -> 12 | C39: =+YEAR(A39) -> 2002 | D39: IV. Trim | E39: 1839.7847 | F39: 39.633884 | H39: 1823.59 | I39: 3703.0086 | J39: 3749.65 | K39: 7452.6586 | L39: 264.08579 | M39: 81.982936 | N39: 206.4 | O39: 2431.8873 | P39: 1.5226892 | Q39: 3.0645575 | R39: =+VLOOKUP(YEAR(A39),PIB!$A$1:$C$22,3,0) -> 28548.945 | S39: =+I39/R39 -> 0.12970737 | T39: =+K39/R39 -> 0.26104848 | U39: =+E39/R39 -> 0.064443177 | V39: =+I39/I27-1 -> 0.2490492 | W39: =+K39/K27-1 -> 0.21040877 | X39: =+E39/E27-1 -> 0.21721437 | Y39: =+R39/R16-1 -> 0.16677158
A40: 37622 | B40: =+MONTH(A40) -> 1 | C40: =+YEAR(A40) -> 2003 | D40: I. Trim | E40: 1800.3638 | F40: 40.058401 | H40: 1703.96 | I40: 3544.3822 | J40: 3727.02 | K40: 7271.4022 | L40: 207.83974 | M40: 80.1878 | N40: 146.06 | O40: 2274.5098 | P40: 1.558306 | Q40: 3.1969096 | R40: =+VLOOKUP(YEAR(A40),PIB!$A$1:$C$22,3,0) -> 32432.858 | S40: =+I40/R40 -> 0.10928369 | T40: =+K40/R40 -> 0.22419863 | U40: =+E40/R40 -> 0.05551049 | V40: =+I40/I28-1 -> 0.18168759 | W40: =+K40/K28-1 -> 0.15227146 | X40: =+E40/E28-1 -> 0.26664845 | Y40: =+R40/R17-1 -> 0.32550386
... A50: 37926 | B50: =+MONTH(A50) -> 11 | C50: =+YEAR(A50) -> 2003 | D50: IV. Trim | E50: 1954.0525 | F50: 48.175237 | H50: 1700.71 | I50: 3702.9377 | J50: 3248.41 | K50: 6951.3477 | L50: 300.71541 | M50: 52.128164 | N50: 192.76 | O50: 2547.8313 | P50: 1.4533685 | Q50: 2.7283391 | R50: =+VLOOKUP(YEAR(A50),PIB!$A$1:$C$22,3,0) -> 32432.858 | S50: =+I50/R50 -> 0.11417241 | T50: =+K50/R50 -> 0.21433041 | U50: =+E50/R50 -> 0.060249161 | V50: =+I50/I38-1 -> 0.077898252 | W50: =+K50/K38-1 -> -0.029208008 | X50: =+E50/E38-1 -> 0.14180626 | Y50: =+R50/R27-1 -> 0.32550386
A51: 37956 | B51: =+MONTH(A51) -> 12 | C51: =+YEAR(A51) -> 2003 | D51: IV. Trim | E51: 2121.3021 | F51: 49.714886 | H51: 1765.09 | I51: 3936.107 | J51: 3240.51 | K51: 7176.617 | L51: 271.40952 | M51: 93.723562 | N51: 240.71 | O51: 2776.86 | P51: 1.4174668 | Q51: 2.584436 | R51: =+VLOOKUP(YEAR(A51),PIB!$A$1:$C$22,3,0) -> 32432.858 | S51: =+I51/R51 -> 0.12136171 | T51: =+K51/R51 -> 0.22127612 | U51: =+E51/R51 -> 0.065405956 | V51: =+I51/I39-1 -> 0.062948376 | W51: =+K51/K39-1 -> -0.037039349 | X51: =+E51/E39-1 -> 0.15301648 | Y51: =+R51/R28-1 -> 0.13604401 | AA51: Gráfico 2.1 Evolución de los agregados Monetarios % del PIB
A52: 37987 | B52: =+MONTH(A52) -> 1 | C52: =+YEAR(A52) -> 2004 | D52: I. Trim | E52: 2016.3946 | F52: 49.96 | H52: 1780.53 | I52: 3846.8846 | J52: 3323.74 | K52: 7170.6246 | L52: 303.72 | M52: 84.67 | N52: 193.89 | O52: 2648.6346 | P52: 1.4524029 | Q52: 2.707291 | R52: =+VLOOKUP(YEAR(A52),PIB!$A$1:$C$22,3,0) -> 36591.661 | S52: =+I52/R52 -> 0.10513009 | T52: =+K52/R52 -> 0.19596335 | U52: =+E52/R52 -> 0.055105305 | V52: =+I52/I40-1 -> 0.085347002 | W52: =+K52/K40-1 -> -0.013859445 | X52: =+E52/E40-1 -> 0.11999286 | Y52: =+R52/R29-1 -> 0.28171675
A53: 38018 | B53: =+MONTH(A53) -> 2 | C53: =+YEAR(A53) -> 2004 | D53: I. Trim | E53: 2007.8146 | F53: 51.1 | H53: 1808.44 | I53: 3867.3546 | J53: 3401.87 | K53: 7269.2246 | L53: 315.9 | M53: 78.43 | N53: 221.31 | O53: 2674.5546 | P53: 1.4459808 | Q53: 2.7179197 | R53: =+VLOOKUP(YEAR(A53),PIB!$A$1:$C$22,3,0) -> 36591.661 | S53: =+I53/R53 -> 0.10568951 | T53: =+K53/R53 -> 0.19865796 | U53: =+E53/R53 -> 0.054870825 | V53: =+I53/I41-1 -> 0.1493144 | W53: =+K53/K41-1 -> 0.19084669 | X53: =+E53/E41-1 -> 0.10366226 | Y53: =+R53/R30-1 -> 0.28171675
A54: 38047 | B54: =+MONTH(A54) -> 3 | C54: =+YEAR(A54) -> 2004 | D54: I. Trim | E54: 1953.4076 | F54: 52.67 | H54: 1925.67 | I54: 3931.7476 | J54: 3440.12 | K54: 7371.8676 | L54: 240.93 | M54: 87.69 | N54: 225.68 | O54: 2560.3776 | P54: 1.5356124 | Q54: 2.8792111 | R54: =+VLOOKUP(YEAR(A54),PIB!$A$1:$C$22,3,0) -> 36591.661 | S54: =+I54/R54 -> 0.10744928 | T54: =+K54/R54 -> 0.20146305 | U54: =+E54/R54 -> 0.053383957 | V54: =+I54/I42-1 -> 0.14664215 | W54: =+K54/K42-1 -> 0.18633698 | X54: =+E54/E42-1 -> 0.089203111 | Y54: =+R54/R31-1 -> 0.28171675
A55: 38078 | B55: =+MONTH(A55) -> 4 | C55: =+YEAR(A55) -> 2004 | D55: II. Trim | E55: 2032.1136 | F55: 53.4 | H55: 1851.59 | I55: 3937.1036 | J55: 3541.34 | K55: 7478.4436 | L55: 236.86 | M55: 57.84 | N55: 194.08 | O55: 2574.2936 | P55: 1.5293918 | Q55: 2.9050469 | R55: =+VLOOKUP(YEAR(A55),PIB!$A$1:$C$22,3,0) -> 36591.661 | S55: =+I55/R55 -> 0.10759565 | T55: =+K55/R55 -> 0.20437563 | U55: =+E55/R55 -> 0.055534884 | V55: =+I55/I43-1 -> 0.15156977 | W55: =+K55/K43-1 -> 0.19452096 | X55: =+E55/E43-1 -> 0.11602296 | Y55: =+R55/R32-1 -> 0.28171675
A56: 38108 | B56: =+MONTH(A56) -> 5 | C56: =+YEAR(A56) -> 2004 | D56: II. Trim | E56: 2018.5331 | F56: 54.137646 | H56: 1944.97 | I56: 4017.6407 | J56: 3536.06 | K56: 7553.7007 | L56: 270.8374 | M56: 108.09554 | N56: 214.15 | O56: 2665.7537 | P56: 1.5071313 | Q56: 2.8336079 | R56: =+VLOOKUP(YEAR(A56),PIB!$A$1:$C$22,3,0) -> 36591.661 | S56: =+I56/R56 -> 0.10979662 | T56: =+K56/R56 -> 0.2064323 | U56: =+E56/R56 -> 0.055163746 | V56: =+I56/I44-1 -> 0.13633029 | W56: =+K56/K44-1 -> 0.17473209 | X56: =+E56/E44-1 -> 0.062977512 | Y56: =+R56/R33-1 -> 0.28171675
A57: 38139 | B57: =+MONTH(A57) -> 6 | C57: =+YEAR(A57) -> 2004 | D57: II. Trim | E57: 2033.2658 | F57: 54.999548 | H57: 1954.41 | I57: 4042.6753 | J57: 3581.64 | K57: 7624.3153 | L57: 253.10473 | M57: 146.10685 | N57: 223.9 | O57: 2711.3769 | P57: 1.4910046 | Q57: 2.8119718 | R57: =+VLOOKUP(YEAR(A57),PIB!$A$1:$C$22,3,0) -> 36591.661 | S57: =+I57/R57 -> 0.11048078 | T57: =+K57/R57 -> 0.2083621 | U57: =+E57/R57 -> 0.05556637 | V57: =+I57/I45-1 -> 0.13925193 | W57: =+K57/K45-1 -> 0.18928399 | X57: =+E57/E45-1 -> 0.048890549 | Y57: =+R57/R34-1 -> 0.28171675
A58: 38169 | B58: =+MONTH(A58) -> 7 | C58: =+YEAR(A58) -> 2004 | D58: III. Trim | E58: 2072.9382 | F58: 55.478171 | H58: 1968.72 | I58: 4097.1364 | J58: 3655.11 | K58: 7752.2464 | L58: 229.83928 | M58: 120.82342 | N58: 193.64 | O58: 2672.7191 | P58: 1.5329469 | Q58: 2.9005092 | R58: =+VLOOKUP(YEAR(A58),PIB!$A$1:$C$22,3,0) -> 36591.661 | S58: =+I58/R58 -> 0.11196913 | T58: =+K58/R58 -> 0.21185828 | U58: =+E58/R58 -> 0.056650564 | V58: =+I58/I46-1 -> 0.14286191 | W58: =+K58/K46-1 -> 0.19228471 | X58: =+E58/E46-1 -> 0.073119533 | Y58: =+R58/R35-1 -> 0.28171675
A59: 38200 | B59: =+MONTH(A59) -> 8 | C59: =+YEAR(A59) -> 2004 | D59: III. Trim | E59: 2035.6882 | F59: 55.735737 | H59: 2035.93 | I59: 4127.354 | J59: 3725.93 | K59: 7853.284 | L59: 245.6244 | M59: 117.61541 | N59: 232.37 | O59: 2687.0338 | P59: 1.5360261 | Q59: 2.9226592 | R59: =+VLOOKUP(YEAR(A59),PIB!$A$1:$C$22,3,0) -> 36591.661 | S59: =+I59/R59 -> 0.11279493 | T59: =+K59/R59 -> 0.2146195 | U59: =+E59/R59 -> 0.055632572 | V59: =+I59/I47-1 -> 0.15100161 | W59: =+K59/K47-1 -> 0.19554858 | X59: =+E59/E47-1 -> 0.054209125 | Y59: =+R59/R36-1 -> 0.28171675
A60: 38231 | B60: =+MONTH(A60) -> 9 | C60: =+YEAR(A60) -> 2004 | D60: III. Trim | E60: 2124.9406 | F60: 54.364559 | H60: 2025.8 | I60: 4205.1052 | J60: 3702.29 | K60: 7907.3952 | L60: 339.27467 | M60: 333.02002 | N60: 258.42 | O60: 3110.0199 | P60: 1.3521152 | Q60: 2.5425546 | R60: =+VLOOKUP(YEAR(A60),PIB!$A$1:$C$22,3,0) -> 36591.661 | S60: =+I60/R60 -> 0.11491977 | T60: =+K60/R60 -> 0.21609828 | U60: =+E60/R60 -> 0.058071718 | V60: =+I60/I48-1 -> 0.18079119 | W60: =+K60/K48-1 -> 0.19583428 | X60: =+E60/E48-1 -> 0.12011086 | Y60: =+R60/R37-1 -> 0.28171675
A61: 38261 | B61: =+MONTH(A61) -> 10 | C61: =+YEAR(A61) -> 2004 | D61: IV. Trim | E61: 2179.9057 | F61: 55.137075 | H61: 1991.75 | I61: 4226.7928 | J61: 3834.03 | K61: 8060.8228 | L61: 343.97221 | M61: 120.05995 | N61: 238.74 | O61: 2937.8149 | P61: 1.4387539 | Q61: 2.7438157 | R61: =+VLOOKUP(YEAR(A61),PIB!$A$1:$C$22,3,0) -> 36591.661 | S61: =+I61/R61 -> 0.11551246 | T61: =+K61/R61 -> 0.22029125 | U61: =+E61/R61 -> 0.059573838 | V61: =+I61/I49-1 -> 0.15903818 | W61: =+K61/K49-1 -> 0.19357873 | X61: =+E61/E49-1 -> 0.11092679 | Y61: =+R61/R38-1 -> 0.28171675
A62: 38292 | B62: =+MONTH(A62) -> 11 | C62: =+YEAR(A62) -> 2004 | D62: IV. Trim | E62: 2098.0743 | F62: 56.172531 | H62: 2146.62 | I62: 4300.8668 | J62: 3883.41 | K62: 8184.2768 | L62: 281.00471 | M62: 141.12438 | N62: 249.22 | O62: 2825.5959 | P62: 1.5221097 | Q62: 2.8964782 | R62: =+VLOOKUP(YEAR(A62),PIB!$A$1:$C$22,3,0) -> 36591.661 | S62: =+I62/R62 -> 0.1175368 | T62: =+K62/R62 -> 0.22366508 | U62: =+E62/R62 -> 0.057337497 | V62: =+I62/I50-1 -> 0.16147425 | W62: =+K62/K50-1 -> 0.17736547 | X62: =+E62/E50-1 -> 0.073704155 | Y62: =+R62/R39-1 -> 0.28171675
A63: 38322 | B63: =+MONTH(A63) -> 12 | C63: =+YEAR(A63) -> 2004 | D63: IV. Trim | E63: 2255.2866 | F63: 58.1 | H63: 2273.04 | I63: 4586.4266 | J63: 4092.12 | K63: 8678.5466 | L63: 332.8 | M63: 191.37 | N63: 247.22 | O63: 3084.7766 | P63: 1.4867938 | Q63: 2.8133468 | R63: =+VLOOKUP(YEAR(A63),PIB!$A$1:$C$22,3,0) -> 36591.661 | S63: =+I63/R63 -> 0.12534076 | T63: =+K63/R63 -> 0.2371728 | U63: =+E63/R63 -> 0.061633896 | V63: =+I63/I51-1 -> 0.165219 | W63: =+K63/K51-1 -> 0.20928101 | X63: =+E63/E51-1 -> 0.063161472 | Y63: =+R63/R40-1 -> 0.12822808
... A66: 38412 | B66: =+MONTH(A66) -> 3 | C66: =+YEAR(A66) -> 2005 | D66: I. Trim | E66: 2116.8676 | F66: 58.33 | H66: 2421.3 | I66: 4596.4976 | J66: 4309.45 | K66: 8905.9476 | L66: 282.7 | M66: 174.2 | N66: 267.06 | O66: 2899.1576 | P66: 1.5854597 | Q66: 3.0719087 | R66: =+VLOOKUP(YEAR(A66),PIB!$A$1:$C$22,3,0) -> 41507.085 | S66: =+I66/R66 -> 0.11074007 | T66: =+K66/R66 -> 0.21456452 | U66: =+E66/R66 -> 0.051000152 | V66: =+I66/I54-1 -> 0.1690724 | W66: =+K66/K54-1 -> 0.20809923 | X66: =+E66/E54-1 -> 0.083679411 | Y66: =+R66/R43-1 -> 0.27978499
A67: 38443 | B67: =+MONTH(A67) -> 4 | C67: =+YEAR(A67) -> 2005 | D67: II. Trim | E67: 2219.3295 | F67: 59.348023 | H67: 2355.89 | I67: 4634.5675 | J67: 4309.23 | K67: 8943.7975 | L67: 369.18276 | M67: 217.56612 | N67: 258.57 | O67: 3123.9964 | P67: 1.483538 | Q67: 2.8629346 | R67: =+VLOOKUP(YEAR(A67),PIB!$A$1:$C$22,3,0) -> 41507.085 | S67: =+I67/R67 -> 0.11165726 | T67: =+K67/R67 -> 0.21547641 | U67: =+E67/R67 -> 0.053468692 | V67: =+I67/I55-1 -> 0.17715152 | W67: =+K67/K55-1 -> 0.1959437 | X67: =+E67/E55-1 -> 0.092128648 | Y67: =+R67/R44-1 -> 0.27978499 | AA67: Nota : Para 2020 se considera la previsión del PIB publicada en Junio 2020.
A68: 38473 | B68: =+MONTH(A68) -> 5 | C68: =+YEAR(A68) -> 2005 | D68: II. Trim | E68: 2262.9364 | F68: 59.742693 | H68: 2427.4 | I68: 4750.0791 | J68: 4357.43 | K68: 9107.5091 | L68: 266.29154 | M68: 129.30725 | N68: 284.03 | O68: 3002.3079 | P68: 1.5821426 | Q68: 3.0335027 | R68: =+VLOOKUP(YEAR(A68),PIB!$A$1:$C$22,3,0) -> 41507.085 | S68: =+I68/R68 -> 0.1144402 | T68: =+K68/R68 -> 0.21942059 | U68: =+E68/R68 -> 0.05451928 | V68: =+I68/I56-1 -> 0.18230558 | W68: =+K68/K56-1 -> 0.2057016 | X68: =+E68/E56-1 -> 0.12107966 | Y68: =+R68/R45-1 -> 0.27978499
A69: 38504 | B69: =+MONTH(A69) -> 6 | C69: =+YEAR(A69) -> 2005 | D69: II. Trim | E69: 2289.8497 | F69: 60.05898 | H69: 2472.85 | I69: 4822.7586 | J69: 4404.25 | K69: 9227.0086 | L69: 333.47011 | M69: 119.67199 | N69: 268.49 | O69: 3071.5407 | P69: 1.5701431 | Q69: 3.0040326 | R69: =+VLOOKUP(YEAR(A69),PIB!$A$1:$C$22,3,0) -> 41507.085 | S69: =+I69/R69 -> 0.11619121 | T69: =+K69/R69 -> 0.22229961 | U69: =+E69/R69 -> 0.055167682 | V69: =+I69/I57-1 -> 0.19296214 | W69: =+K69/K57-1 -> 0.21020816 | X69: =+E69/E57-1 -> 0.12619298 | Y69: =+R69/R46-1 -> 0.27978499
A70: 38534 | B70: =+MONTH(A70) -> 7 | C70: =+YEAR(A70) -> 2005 | D70: III. Trim | E70: 2353.2869 | F70: 60.108182 | H70: 2460.32 | I70: 4873.7151 | J70: 4463.83 | K70: 9337.5451 | L70: 368.79217 | M70: 108.5527 | N70: 256.27 | O70: 3147.01 | P70: 1.5486812 | Q70: 2.9671165 | R70: =+VLOOKUP(YEAR(A70),PIB!$A$1:$C$22,3,0) -> 41507.085 | S70: =+I70/R70 -> 0.11741887 | T70: =+K70/R70 -> 0.22496268 | U70: =+E70/R70 -> 0.05669603 | V70: =+I70/I58-1 -> 0.18954183 | W70: =+K70/K58-1 -> 0.2044954 | X70: =+E70/E58-1 -> 0.1352422 | Y70: =+R70/R47-1 -> 0.27978499
A71: 38565 | B71: =+MONTH(A71) -> 8 | C71: =+YEAR(A71) -> 2005 | D71: III. Trim | E71: 2324.1271 | F71: 60.105891 | H71: 2417.01 | I71: 4801.243 | J71: 4544.47 | K71: 9345.713 | L71: 322.57873 | M71: 123.21655 | N71: 282.03 | O71: 3112.0583 | P71: 1.542787 | Q71: 3.0030649 | R71: =+VLOOKUP(YEAR(A71),PIB!$A$1:$C$22,3,0) -> 41507.085 | S71: =+I71/R71 -> 0.11567285 | T71: =+K71/R71 -> 0.22515946 | U71: =+E71/R71 -> 0.055993503 | V71: =+I71/I59-1 -> 0.16327386 | W71: =+K71/K59-1 -> 0.19003885 | X71: =+E71/E59-1 -> 0.14169108 | Y71: =+R71/R48-1 -> 0.27978499
A72: 38596 | B72: =+MONTH(A72) -> 9 | C72: =+YEAR(A72) -> 2005 | D72: III. Trim | E72: 2440.4344 | F72: 60.447994 | H72: 2413.6 | I72: 4914.4824 | J72: 4775.34 | K72: 9689.8224 | L72: 343.17946 | M72: 74.899212 | N72: 259.27 | O72: 3178.2311 | P72: 1.5462949 | Q72: 3.0488099 | R72: =+VLOOKUP(YEAR(A72),PIB!$A$1:$C$22,3,0) -> 41507.085 | S72: =+I72/R72 -> 0.11840105 | T72: =+K72/R72 -> 0.23344984 | U72: =+E72/R72 -> 0.058795611 | V72: =+I72/I60-1 -> 0.16869429 | W72: =+K72/K60-1 -> 0.22541269 | X72: =+E72/E60-1 -> 0.14847182 | Y72: =+R72/R49-1 -> 0.27978499
A73: 38626 | B73: =+MONTH(A73) -> 10 | C73: =+YEAR(A73) -> 2005 | D73: IV. Trim | E73: 2441.9413 | F73: 59.671938 | H73: 2452.75 | I73: 4954.3633 | J73: 4800.44 | K73: 9754.8033 | L73: 314.28121 | M73: 103.77032 | N73: 298.86 | O73: 3218.5248 | P73: 1.5393274 | Q73: 3.0308306 | R73: =+VLOOKUP(YEAR(A73),PIB!$A$1:$C$22,3,0) -> 41507.085 | S73: =+I73/R73 -> 0.11936187 | T73: =+K73/R73 -> 0.23501538 | U73: =+E73/R73 -> 0.058831915 | V73: =+I73/I61-1 -> 0.17213299 | W73: =+K73/K61-1 -> 0.21014982 | X73: =+E73/E61-1 -> 0.12020503 | Y73: =+R73/R50-1 -> 0.27978499
A74: 38657 | B74: =+MONTH(A74) -> 11 | C74: =+YEAR(A74) -> 2005 | D74: IV. Trim | E74: 2451.1643 | F74: 60.992593 | H74: 2510.45 | I74: 5022.6069 | J74: 4837.19 | K74: 9859.7969 | L74: 345.63236 | M74: 118.88133 | N74: 300.98 | O74: 3277.6506 | P74: 1.5323802 | Q74: 3.0081904 | R74: =+VLOOKUP(YEAR(A74),PIB!$A$1:$C$22,3,0) -> 41507.085 | S74: =+I74/R74 -> 0.12100601 | T74: =+K74/R74 -> 0.23754491 | U74: =+E74/R74 -> 0.059054118 | V74: =+I74/I62-1 -> 0.16781271 | W74: =+K74/K62-1 -> 0.20472427 | X74: =+E74/E62-1 -> 0.16829245 | Y74: =+R74/R51-1 -> 0.27978499
A75: 38687 | B75: =+MONTH(A75) -> 12 | C75: =+YEAR(A75) -> 2005 | D75: IV. Trim | E75: 2688.756 | F75: 62.753294 | H75: 2659.45 | I75: 5410.9593 | J75: 5040.44 | K75: 10451.399 | L75: 493.45803 | M75: 123.69367 | N75: 282.39 | O75: 3651.051 | P75: 1.4820279 | Q75: 2.8625728 | R75: =+VLOOKUP(YEAR(A75),PIB!$A$1:$C$22,3,0) -> 41507.085 | S75: =+I75/R75 -> 0.1303623 | T75: =+K75/R75 -> 0.25179796 | U75: =+E75/R75 -> 0.064778241 | V75: =+I75/I63-1 -> 0.1797767 | W75: =+K75/K63-1 -> 0.2042799 | X75: =+E75/E63-1 -> 0.19220144 | Y75: =+R75/R52-1 -> 0.13433181
A76: 38718 | B76: =+MONTH(A76) -> 1 | C76: =+YEAR(A76) -> 2006 | D76: I. Trim | E76: 2539.4083 | F76: 62 | H76: 2687.78 | I76: 5289.1883 | J76: 5138.72 | K76: 10427.908 | L76: 347.58 | M76: 155.91 | N76: 306.95 | O76: 3411.8483 | P76: 1.5502414 | Q76: 3.056381 | R76: =+VLOOKUP(YEAR(A76),PIB!$A$1:$C$22,3,0) -> 46802.044 | S76: =+I76/R76 -> 0.11301191 | T76: =+K76/R76 -> 0.22280882 | U76: =+E76/R76 -> 0.054258491 | V76: =+I76/I64-1 -> 0.18848323 | W76: =+K76/K64-1 -> 0.21554274 | X76: =+E76/E64-1 -> 0.18437445 | Y76: =+R76/R53-1 -> 0.27903579
A77: 38749 | B77: =+MONTH(A77) -> 2 | C77: =+YEAR(A77) -> 2006 | D77: I. Trim | E77: 2591.8357 | F77: 60.435125 | H77: 2726.57 | I77: 5378.8409 | J77: 5269.73 | K77: 10648.571 | L77: 432.70186 | M77: 145.19391 | N77: 287.24 | O77: 3517.4066 | P77: 1.5292064 | Q77: 3.0273926 | R77: =+VLOOKUP(YEAR(A77),PIB!$A$1:$C$22,3,0) -> 46802.044 | S77: =+I77/R77 -> 0.11492748 | T77: =+K77/R77 -> 0.22752363 | U77: =+E77/R77 -> 0.055378687 | V77: =+I77/I65-1 -> 0.19842491 | W77: =+K77/K65-1 -> 0.22815524 | X77: =+E77/E65-1 -> 0.20869684 | Y77: =+R77/R54-1 -> 0.27903579
A78: 38777 | B78: =+MONTH(A78) -> 3 | C78: =+YEAR(A78) -> 2006 | D78: I. Trim | E78: 2561.643 | F78: 61.91 | H78: 2780.78 | I78: 5404.333 | J78: 5351.92 | K78: 10756.253 | L78: 423.23 | M78: 178.71 | N78: 270.59 | O78: 3496.083 | P78: 1.5458251 | Q78: 3.0766583 | R78: =+VLOOKUP(YEAR(A78),PIB!$A$1:$C$22,3,0) -> 46802.044 | S78: =+I78/R78 -> 0.11547216 | T78: =+K78/R78 -> 0.22982443 | U78: =+E78/R78 -> 0.054733572 | V78: =+I78/I66-1 -> 0.1757502 | W78: =+K78/K66-1 -> 0.20776064 | X78: =+E78/E66-1 -> 0.21011015 | Y78: =+R78/R55-1 -> 0.27903579
A79: 38808 | B79: =+MONTH(A79) -> 4 | C79: =+YEAR(A79) -> 2006 | D79: II. Trim | E79: 2636.7796 | F79: 61.18 | H79: 2836.2 | I79: 5534.1596 | J79: 5405.51 | K79: 10939.67 | L79: 453.46 | M79: 117.34 | N79: 284.46 | O79: 3553.2196 | P79: 1.5575056 | Q79: 3.0788048 | R79: =+VLOOKUP(YEAR(A79),PIB!$A$1:$C$22,3,0) -> 46802.044 | S79: =+I79/R79 -> 0.11824611 | T79: =+K79/R79 -> 0.23374342 | U79: =+E79/R79 -> 0.056338985 | V79: =+I79/I67-1 -> 0.19410486 | W79: =+K79/K67-1 -> 0.22315712 | X79: =+E79/E67-1 -> 0.1880974 | Y79: =+R79/R56-1 -> 0.27903579
... A180: 41883 | B180: =+MONTH(A180) -> 9 | C180: =+YEAR(A180) -> 2014 | D180: III. Trim | E180: 8398.1116 | F180: 87.560705 | H180: 8761.35 | I180: 17247.022 | J180: 20071.64 | K180: 37318.662 | L180: 3101.3821 | M180: 380.37764 | N180: 1009.84 | O180: 12977.272 | P180: 1.3290176 | Q180: 2.8756939 | R180: =+VLOOKUP(YEAR(A180),PIB!$A$1:$C$22,3,0) -> 101726.33 | S180: =+I180/R180 -> 0.16954334 | T180: =+K180/R180 -> 0.36685352 | U180: =+E180/R180 -> 0.082555928 | V180: =+I180/I168-1 -> 0.18142504 | W180: =+K180/K168-1 -> 0.16022937 | X180: =+E180/E168-1 -> 0.21327814 | Y180: =+R180/R157-1 -> 0.15697309
A181: 41913 | B181: =+MONTH(A181) -> 10 | C181: =+YEAR(A181) -> 2014 | D181: IV. Trim | E181: 8662.8477 | F181: 87.602667 | G181: 0.01 | H181: 8560.7 | I181: 17311.16 | J181: 20578.09 | K181: 37889.25 | L181: 3286.6041 | M181: 483.13193 | N181: 937.1 | O181: 13457.296 | P181: 1.2863773 | Q181: 2.8155173 | R181: =+VLOOKUP(YEAR(A181),PIB!$A$1:$C$22,3,0) -> 101726.33 | S181: =+I181/R181 -> 0.17017384 | T181: =+K181/R181 -> 0.37246257 | U181: =+E181/R181 -> 0.085158362 | V181: =+I181/I169-1 -> 0.17245793 | W181: =+K181/K169-1 -> 0.16210594 | X181: =+E181/E169-1 -> 0.23856193 | Y181: =+R181/R158-1 -> 0.15697309
A182: 41944 | B182: =+MONTH(A182) -> 11 | C182: =+YEAR(A182) -> 2014 | D182: IV. Trim | E182: 8796.4334 | F182: 88.084971 | G182: 0.075326 | H182: 8852.29 | I182: 17736.884 | J182: 20625.29 | K182: 38362.174 | L182: 3510.6101 | M182: 847.39022 | N182: 960.28 | O182: 14202.874 | P182: 1.2488236 | Q182: 2.7010149 | R182: =+VLOOKUP(YEAR(A182),PIB!$A$1:$C$22,3,0) -> 101726.33 | S182: =+I182/R182 -> 0.17435883 | T182: =+K182/R182 -> 0.37711154 | U182: =+E182/R182 -> 0.086471549 | V182: =+I182/I170-1 -> 0.18231643 | W182: =+K182/K170-1 -> 0.15775672 | X182: =+E182/E170-1 -> 0.27633881 | Y182: =+R182/R159-1 -> 0.15697309
A183: 41974 | B183: =+MONTH(A183) -> 12 | C183: =+YEAR(A183) -> 2014 | D183: IV. Trim | E183: 9539.8967 | F183: 86.581904 | G183: 0.07839 | H183: 9068.76 | I183: 18695.317 | J183: 21409.05 | K183: 40104.367 | L183: 3506.0468 | M183: 360.96491 | N183: 1237.52 | O183: 14731.089 | P183: 1.2691063 | Q183: 2.7224306 | R183: =+VLOOKUP(YEAR(A183),PIB!$A$1:$C$22,3,0) -> 101726.33 | S183: =+I183/R183 -> 0.18378051 | T183: =+K183/R183 -> 0.39423782 | U183: =+E183/R183 -> 0.093780014 | V183: =+I183/I171-1 -> 0.14889549 | W183: =+K183/K171-1 -> 0.14416739 | X183: =+E183/E171-1 -> 0.29494013 | Y183: =+R183/R160-1 -> 0.06934401
A184: 42005 | B184: =+MONTH(A184) -> 1 | C184: =+YEAR(A184) -> 2015 | D184: I. Trim | E184: 9267.4606 | F184: 87.412042 | G184: 0.075324 | H184: 8697.38 | I184: 18052.328 | J184: 21061.67 | K184: 39113.998 | L184: 2771.822 | M184: 695.371 | N184: 1105.55 | O184: 13927.691 | P184: 1.2961465 | Q184: 2.808362 | R184: =+VLOOKUP(YEAR(A184),PIB!$A$1:$C$22,3,0) -> 99290.381 | S184: =+I184/R184 -> 0.18181346 | T184: =+K184/R184 -> 0.39393542 | U184: =+E184/R184 -> 0.093336943 | V184: =+I184/I172-1 -> 0.16096553 | W184: =+K184/K172-1 -> 0.13800812 | X184: =+E184/E172-1 -> 0.30003126 | Y184: =+R184/R161-1 -> 0.04373738
A185: 42036 | B185: =+MONTH(A185) -> 2 | C185: =+YEAR(A185) -> 2015 | D185: I. Trim | E185: 9334.1931 | F185: 87.075282 | G185: 0.266955 | H185: 8426.37 | I185: 17847.905 | J185: 21210.15 | K185: 39058.055 | L185: 2620.975 | M185: 529.00852 | N185: 1093.98 | O185: 13665.499 | P185: 1.3060559 | Q185: 2.8581507 | R185: =+VLOOKUP(YEAR(A185),PIB!$A$1:$C$22,3,0) -> 99290.381 | S185: =+I185/R185 -> 0.17975463 | T185: =+K185/R185 -> 0.393372 | U185: =+E185/R185 -> 0.094009037 | V185: =+I185/I173-1 -> 0.14227798 | W185: =+K185/K173-1 -> 0.12665099 | X185: =+E185/E173-1 -> 0.27626875 | Y185: =+R185/R162-1 -> 0.04373738
A186: 42064 | B186: =+MONTH(A186) -> 3 | C186: =+YEAR(A186) -> 2015 | D186: I. Trim | E186: 9476.1044 | F186: 86.118815 | G186: 0.436181 | H186: 8720.31 | I186: 18282.969 | J186: 21277.91 | K186: 39560.879 | L186: 2915.1399 | M186: 429.67722 | N186: 1135.96 | O186: 14043.437 | P186: 1.3018871 | Q186: 2.8170369 | R186: =+VLOOKUP(YEAR(A186),PIB!$A$1:$C$22,3,0) -> 99290.381 | S186: =+I186/R186 -> 0.18413636 | T186: =+K186/R186 -> 0.39843617 | U186: =+E186/R186 -> 0.095438292 | V186: =+I186/I174-1 -> 0.15427207 | W186: =+K186/K174-1 -> 0.13423844 | X186: =+E186/E174-1 -> 0.27926445 | Y186: =+R186/R163-1 -> 0.04373738
A187: 42095 | B187: =+MONTH(A187) -> 4 | C187: =+YEAR(A187) -> 2015 | D187: II. Trim | E187: 10149.165 | F187: 86.17894 | G187: 0.521665 | H187: 7936.76 | I187: 18172.626 | J187: 21376.46 | K187: 39549.086 | L187: 2317.9476 | M187: 440.9242 | N187: 1154.24 | O187: 14148.978 | P187: 1.2843773 | Q187: 2.7951903 | R187: =+VLOOKUP(YEAR(A187),PIB!$A$1:$C$22,3,0) -> 99290.381 | S187: =+I187/R187 -> 0.18302504 | T187: =+K187/R187 -> 0.3983174 | U187: =+E187/R187 -> 0.10221701 | V187: =+I187/I175-1 -> 0.15236723 | W187: =+K187/K175-1 -> 0.12557059 | X187: =+E187/E175-1 -> 0.32701652 | Y187: =+R187/R164-1 -> 0.04373738
A188: 42125 | B188: =+MONTH(A188) -> 5 | C188: =+YEAR(A188) -> 2015 | D188: II. Trim | E188: 10064.449 | F188: 86.890769 | G188: 0.577299 | H188: 8006.02 | I188: 18157.937 | J188: 21408.74 | K188: 39566.677 | L188: 2910.5016 | M188: 564.00497 | N188: 1196.46 | O188: 14822.883 | P188: 1.2249936 | Q188: 2.6692969 | R188: =+VLOOKUP(YEAR(A188),PIB!$A$1:$C$22,3,0) -> 99290.381 | S188: =+I188/R188 -> 0.1828771 | T188: =+K188/R188 -> 0.39849456 | U188: =+E188/R188 -> 0.10136378 | V188: =+I188/I176-1 -> 0.14130741 | W188: =+K188/K176-1 -> 0.11569925 | X188: =+E188/E176-1 -> 0.30251314 | Y188: =+R188/R165-1 -> 0.04373738
A189: 42156 | B189: =+MONTH(A189) -> 6 | C189: =+YEAR(A189) -> 2015 | D189: II. Trim | E189: 10202.301 | F189: 86.785893 | G189: 0.610639 | H189: 7990.02 | I189: 18279.718 | J189: 21036.02 | K189: 39315.738 | L189: 2939.9067 | M189: 570.52244 | N189: 1252.09 | O189: 15052.217 | P189: 1.2144203 | Q189: 2.6119566 | R189: =+VLOOKUP(YEAR(A189),PIB!$A$1:$C$22,3,0) -> 99290.381 | S189: =+I189/R189 -> 0.18410361 | T189: =+K189/R189 -> 0.39596724 | U189: =+E189/R189 -> 0.10275216 | V189: =+I189/I177-1 -> 0.12310292 | W189: =+K189/K177-1 -> 0.093565428 | X189: =+E189/E177-1 -> 0.30311121 | Y189: =+R189/R166-1 -> 0.04373738
A190: 42186 | B190: =+MONTH(A190) -> 7 | C190: =+YEAR(A190) -> 2015 | D190: III. Trim | E190: 10577.856 | F190: 86.526715 | G190: 0.65264 | H190: 7936.84 | I190: 18601.875 | J190: 21119.98 | K190: 39721.855 | L190: 2845.476 | M190: 574.66362 | N190: 1169.77 | O190: 15254.945 | P190: 1.2193997 | Q190: 2.6038675 | R190: =+VLOOKUP(YEAR(A190),PIB!$A$1:$C$22,3,0) -> 99290.381 | S190: =+I190/R190 -> 0.18734821 | T190: =+K190/R190 -> 0.40005744 | U190: =+E190/R190 -> 0.10653455 | V190: =+I190/I178-1 -> 0.12954576 | W190: =+K190/K178-1 -> 0.093432609 | X190: =+E190/E178-1 -> 0.3197862 | Y190: =+R190/R167-1 -> 0.04373738
A191: 42217 | B191: =+MONTH(A191) -> 8 | C191: =+YEAR(A191) -> 2015 | D191: III. Trim | E191: 10837.207 | F191: 86.155542 | G191: 0.752214 | H191: 7848.07 | I191: 18772.185 | J191: 20768.43 | K191: 39540.615 | L191: 2665.3452 | M191: 582.06882 | N191: 1193.03 | O191: 15364.559 | P191: 1.2217848 | Q191: 2.573495 | R191: =+VLOOKUP(YEAR(A191),PIB!$A$1:$C$22,3,0) -> 99290.381 | S191: =+I191/R191 -> 0.18906348 | T191: =+K191/R191 -> 0.39823208 | U191: =+E191/R191 -> 0.10914659 | V191: =+I191/I179-1 -> 0.10541671 | W191: =+K191/K179-1 -> 0.065524607 | X191: =+E191/E179-1 -> 0.30141126 | Y191: =+R191/R168-1 -> 0.04373738
A192: 42248 | B192: =+MONTH(A192) -> 9 | C192: =+YEAR(A192) -> 2015 | D192: III. Trim | E192: 10840.87 | F192: 87.190649 | G192: 0.757164 | H192: 7500.49 | I192: 18429.308 | J192: 20575.06 | K192: 39004.368 | L192: 2493.1739 | M192: 644.43585 | N192: 1234.6 | O192: 15301.027 | P192: 1.204449 | Q192: 2.5491339 | R192: =+VLOOKUP(YEAR(A192),PIB!$A$1:$C$22,3,0) -> 99290.381 | S192: =+I192/R192 -> 0.1856102 | T192: =+K192/R192 -> 0.39283128 | U192: =+E192/R192 -> 0.10918348 | V192: =+I192/I180-1 -> 0.068550108 | W192: =+K192/K180-1 -> 0.04517057 | X192: =+E192/E180-1 -> 0.29086993 | Y192: =+R192/R169-1 -> 0.04373738
... A249: 43983 | B249: =+MONTH(A249) -> 6 | C249: =+YEAR(A249) -> 2020 | D249: II. Trim | E249: 18209.894 | F249: 80.086129 | G249: 0 | H249: 9111.08 | I249: 27401.06 | J249: 31992.94 | K249: 59394 | L249: 5531.5635 | M249: 412.02778 | N249: 1904.73 | O249: 25776.475 | P249: 1.0630259 | Q249: 2.3041941 | R249: =+VLOOKUP(YEAR(A249),PIB!$A$1:$C$22,3,0) -> 96512.458 | S249: =+I249/R249 -> 0.28391216 | T249: =+K249/R249 -> 0.61540242 | U249: =+E249/R249 -> 0.18867921 | V249: =+I249/I237-1 -> 0.108433 | W249: =+K249/K237-1 -> 0.094390831 | X249: =+E249/E237-1 -> 0.14923494 | Y249: =+R249/R226-1 -> -0.10272726
A251: Nota : Para 2020 se considera la previsión del PIB publicada en Junio 2020.

Sheet Gráfico 2.2
A1: Índice | B1: Agregados Monetarios
B2: Millones de USD y porcentaje
A3: Período | B3: mes | C3: año | D3: Trimestre | E3: Especies monetarias en circulación EMC | F3: Moneda Fraccionaria | G3: Dinero Electrónico | H3: Depósitos a la vista | I3: Oferta monetaria M1 | J3: Depósitos a plazo o Cuasidinero | K3: Liquidez total M2 | L3: Reservas Bancarias (6) | M3: Caja BCE | N3: Caja OSD | O3: BASE MONETARIA BM (7) | P3: Multiplicador M1/BM (8) | Q3: Multiplicador M2/BM | R3: PIB | S3: M1/PIB | T3: M2/PIB | U3: EMC/PIB | V3: TVA_M1 | W3: TVA_M2 | X3: TVA_EMC | Y3: TVA_PIB NOMINAL
A4: 36526 | B4: =+MONTH(A4) -> 1 | C4: =+YEAR(A4) -> 2000 | D4: I. Trim | E4: 536.23 | F4: 0 | H4: 533.76 | I4: 1069.99 | J4: 2208.43 | K4: 3278.42 | L4: 158.56 | M4: 82.04 | N4: 96.54 | O4: 873.37 | P4: 1.225128 | Q4: 3.7537584 | R4: =+VLOOKUP(YEAR(A4),PIB!$A$1:$C$22,3,0) -> 18318.601 | S4: =+I4/R4 -> 0.058410028 | T4: =+K4/R4 -> 0.17896672 | U4: =+E4/R4 -> 0.029272432 | AB4: Período | AC4: (Varios elementos)
A5: 36557 | B5: =+MONTH(A5) -> 2 | C5: =+YEAR(A5) -> 2000 | D5: I. Trim | E5: 530.42 | F5: 0 | H5: 596.49 | I5: 1126.91 | J5: 2225.48 | K5: 3352.39 | L5: 124.58 | M5: 98.85 | N5: 85.54 | O5: 839.39 | P5: 1.3425345 | Q5: 3.9938408 | R5: =+VLOOKUP(YEAR(A5),PIB!$A$1:$C$22,3,0) -> 18318.601 | S5: =+I5/R5 -> 0.061517252 | T5: =+K5/R5 -> 0.1830047 | U5: =+E5/R5 -> 0.028955268
A6: 36586 | B6: =+MONTH(A6) -> 3 | C6: =+YEAR(A6) -> 2000 | D6: I. Trim | E6: 557.46 | F6: 0 | H6: 696.03 | I6: 1253.49 | J6: 2199.92 | K6: 3453.41 | L6: 206.19 | M6: 54.78 | N6: 102.57 | O6: 921 | P6: 1.3610098 | Q6: 3.7496308 | R6: =+VLOOKUP(YEAR(A6),PIB!$A$1:$C$22,3,0) -> 18318.601 | S6: =+I6/R6 -> 0.068427169 | T6: =+K6/R6 -> 0.18851931 | U6: =+E6/R6 -> 0.030431363 | AC6: Valores
A7: 36617 | B7: =+MONTH(A7) -> 4 | C7: =+YEAR(A7) -> 2000 | D7: II. Trim | E7: 567.96 | F7: 0 | H7: 697.88 | I7: 1265.84 | J7: 2380.72 | K7: 3646.56 | L7: 223.89 | M7: 96.78 | N7: 114.36 | O7: 1002.99 | P7: 1.2620664 | Q7: 3.6356893 | R7: =+VLOOKUP(YEAR(A7),PIB!$A$1:$C$22,3,0) -> 18318.601 | S7: =+I7/R7 -> 0.069101347 | T7: =+K7/R7 -> 0.19906324 | U7: =+E7/R7 -> 0.031004551 | AB7: Etiquetas de fila | AC7: M2 | AD7: M1 | AE7: EMC | AF7: PIB Nominal
A8: 36647 | B8: =+MONTH(A8) -> 5 | C8: =+YEAR(A8) -> 2000 | D8: II. Trim | E8: 625.34 | F8: 0 | H8: 801.82 | I8: 1427.16 | J8: 2433.46 | K8: 3860.62 | L8: 201.98 | M8: 104.53 | N8: 125.77 | O8: 1057.62 | P8: 1.3494072 | Q8: 3.6502903 | R8: =+VLOOKUP(YEAR(A8),PIB!$A$1:$C$22,3,0) -> 18318.601 | S8: =+I8/R8 -> 0.077907696 | T8: =+K8/R8 -> 0.21074863 | U8: =+E8/R8 -> 0.034136886 | AB8: 2001 | AC8: 0.26308068 | AD8: 0.41701235 | AE8: 0.3492365 | AF8: 0.33570921
A9: 36678 | B9: =+MONTH(A9) -> 6 | C9: =+YEAR(A9) -> 2000 | D9: II. Trim | E9: 804.822 | F9: 0 | H9: 807.97 | I9: 1612.792 | J9: 2477.5 | K9: 4090.292 | L9: 212.19 | M9: 61.71 | N9: 102.63 | O9: 1181.352 | P9: 1.3652087 | Q9: 3.4623821 | R9: =+VLOOKUP(YEAR(A9),PIB!$A$1:$C$22,3,0) -> 18318.601 | S9: =+I9/R9 -> 0.088041221 | T9: =+K9/R9 -> 0.22328627 | U9: =+E9/R9 -> 0.043934687 | AB9: 2002 | AC9: 0.21040877 | AD9: 0.2490492 | AE9: 0.21721437 | AF9: 0.16677158
A10: 36708 | B10: =+MONTH(A10) -> 7 | C10: =+YEAR(A10) -> 2000 | D10: III. Trim | E10: 857.09 | F10: 0 | H10: 852.62 | I10: 1709.71 | J10: 2510.18 | K10: 4219.89 | L10: 204.33 | M10: 113.37 | N10: 102.76 | O10: 1277.55 | P10: 1.3382725 | Q10: 3.3031114 | R10: =+VLOOKUP(YEAR(A10),PIB!$A$1:$C$22,3,0) -> 18318.601 | S10: =+I10/R10 -> 0.093331909 | T10: =+K10/R10 -> 0.23036093 | U10: =+E10/R10 -> 0.046787962 | AB10: 2003 | AC10: -0.037039349 | AD10: 0.062948376 | AE10: 0.15301648 | AF10: 0.13604401
A11: 36739 | B11: =+MONTH(A11) -> 8 | C11: =+YEAR(A11) -> 2000 | D11: III. Trim | E11: 942.57 | F11: 0 | H11: 827.48 | I11: 1770.05 | J11: 2609.8 | K11: 4379.85 | L11: 222.93 | M11: 120.58 | N11: 100.82 | O11: 1386.9 | P11: 1.2762636 | Q11: 3.1580143 | R11: =+VLOOKUP(YEAR(A11),PIB!$A$1:$C$22,3,0) -> 18318.601 | S11: =+I11/R11 -> 0.096625829 | T11: =+K11/R11 -> 0.23909304 | U11: =+E11/R11 -> 0.051454257 | AB11: 2004 | AC11: 0.20928101 | AD11: 0.165219 | AE11: 0.063161472 | AF11: 0.12822808
A12: 36770 | B12: =+MONTH(A12) -> 9 | C12: =+YEAR(A12) -> 2000 | D12: III. Trim | E12: 928.532 | F12: 7.46 | H12: 828.77 | I12: 1764.762 | J12: 2632.05 | K12: 4396.812 | L12: 246.35 | M12: 138.6 | N12: 96.91 | O12: 1417.852 | P12: 1.2446729 | Q12: 3.1010373 | R12: =+VLOOKUP(YEAR(A12),PIB!$A$1:$C$22,3,0) -> 18318.601 | S12: =+I12/R12 -> 0.09633716 | T12: =+K12/R12 -> 0.24001898 | U12: =+E12/R12 -> 0.050687932 | AB12: 2005 | AC12: 0.2042799 | AD12: 0.1797767 | AE12: 0.19220144 | AF12: 0.13433181
A13: 36800 | B13: =+MONTH(A13) -> 10 | C13: =+YEAR(A13) -> 2000 | D13: IV. Trim | E13: 934.782 | F13: 16.34 | H13: 870.22 | I13: 1821.342 | J13: 2663.08 | K13: 4484.422 | L13: 232.76 | M13: 162.78 | N13: 105.68 | O13: 1452.342 | P13: 1.2540724 | Q13: 3.0877176 | R13: =+VLOOKUP(YEAR(A13),PIB!$A$1:$C$22,3,0) -> 18318.601 | S13: =+I13/R13 -> 0.099425824 | T13: =+K13/R13 -> 0.24480155 | U13: =+E13/R13 -> 0.051029115 | AB13: 2006 | AC13: 0.15616528 | AD13: 0.15687342 | AE13: 0.12693936 | AF13: 0.12756759
A14: 36831 | B14: =+MONTH(A14) -> 11 | C14: =+YEAR(A14) -> 2000 | D14: IV. Trim | E14: 978.852 | F14: 20.76 | H14: 871.22 | I14: 1870.832 | J14: 2730.1 | K14: 4600.932 | L14: 242.5 | M14: 189.09 | N14: 104.3 | O14: 1535.502 | P14: 1.2183846 | Q14: 2.9963699 | R14: =+VLOOKUP(YEAR(A14),PIB!$A$1:$C$22,3,0) -> 18318.601 | S14: =+I14/R14 -> 0.10212745 | T14: =+K14/R14 -> 0.25116176 | U14: =+E14/R14 -> 0.053434867 | AB14: 2007 | AC14: 0.15969885 | AD14: 0.1197193 | AE14: 0.082255098 | AF14: 0.089862165
A15: 36861 | B15: =+MONTH(A15) -> 12 | C15: =+YEAR(A15) -> 2000 | D15: IV. Trim | E15: 1120.242 | F15: 23.49 | H15: 948.46 | I15: 2092.192 | J15: 2782.51 | K15: 4874.702 | L15: 225.92 | M15: 115.41 | N15: 121.47 | O15: 1606.532 | P15: 1.3023033 | Q15: 3.0343012 | R15: =+VLOOKUP(YEAR(A15),PIB!$A$1:$C$22,3,0) -> 18318.601 | S15: =+I15/R15 -> 0.11421134 | T15: =+K15/R15 -> 0.26610667 | U15: =+E15/R15 -> 0.061153251 | AB15: 2008 | AC15: 0.22578508 | AD15: 0.26694836 | AE15: 0.24973499 | AF15: 0.21084742
A16: 36892 | B16: =+MONTH(A16) -> 1 | C16: =+YEAR(A16) -> 2001 | D16: I. Trim | E16: 1022.74 | F16: 24.04 | H16: 1023.79 | I16: 2070.57 | J16: 2837.65 | K16: 4908.22 | L16: 131.67327 | M16: 243.51 | N16: 120.92 | O16: 1542.8833 | P16: 1.3420134 | Q16: 3.1811998 | R16: =+VLOOKUP(YEAR(A16),PIB!$A$1:$C$22,3,0) -> 24468.324 | S16: =+I16/R16 -> 0.084622469 | T16: =+K16/R16 -> 0.20059486 | U16: =+E16/R16 -> 0.041798531 | V16: =+I16/I4-1 -> 0.93513023 | W16: =+K16/K4-1 -> 0.49712971 | X16: =+E16/E4-1 -> 0.90727859 | AB16: 2009 | AC16: 0.082154989 | AD16: 0.037088531 | AE16: 0.032168346 | AF16: 0.012257427
A17: 36923 | B17: =+MONTH(A17) -> 2 | C17: =+YEAR(A17) -> 2001 | D17: I. Trim | E17: 1044.543 | F17: 25.517 | H17: 1078.31 | I17: 2148.37 | J17: 2861.97 | K17: 5010.34 | L17: 126.44386 | M17: 237.615 | N17: 136.72 | O17: 1570.8389 | P17: 1.3676578 | Q17: 3.1895952 | R17: =+VLOOKUP(YEAR(A17),PIB!$A$1:$C$22,3,0) -> 24468.324 | S17: =+I17/R17 -> 0.087802091 | T17: =+K17/R17 -> 0.20476842 | U17: =+E17/R17 -> 0.042689601 | V17: =+I17/I5-1 -> 0.90642554 | W17: =+K17/K5-1 -> 0.49455761 | X17: =+E17/E5-1 -> 0.96927529 | AB17: 2010 | AC17: 0.1937174 | AD17: 0.17009058 | AE17: 0.074534924 | AF17: 0.11253545
A18: 36951 | B18: =+MONTH(A18) -> 3 | C18: =+YEAR(A18) -> 2001 | D18: I. Trim | E18: 1067.7829 | F18: 27.32335 | H18: 1175.88 | I18: 2270.9862 | J18: 2912.9 | K18: 5183.8862 | L18: 169.9813 | M18: 246.44314 | N18: 104.35 | O18: 1615.8806 | P18: 1.405417 | Q18: 3.2080873 | R18: =+VLOOKUP(YEAR(A18),PIB!$A$1:$C$22,3,0) -> 24468.324 | S18: =+I18/R18 -> 0.092813313 | T18: =+K18/R18 -> 0.21186111 | U18: =+E18/R18 -> 0.043639395 | V18: =+I18/I6-1 -> 0.81173062 | W18: =+K18/K6-1 -> 0.50109202 | X18: =+E18/E6-1 -> 0.91544301 | AB18: 2011 | AC18: 0.19683349 | AD18: 0.12219771 | AE18: 0.16403354 | AF18: 0.13976343
A19: 36982 | B19: =+MONTH(A19) -> 4 | C19: =+YEAR(A19) -> 2001 | D19: II. Trim | E19: 1127.5969 | F19: 28.35594 | H19: 1189.93 | I19: 2345.8829 | J19: 2953.75 | K19: 5299.6329 | L19: 166.54016 | M19: 96.60906 | N19: 118.27 | O19: 1537.3721 | P19: 1.5259044 | Q19: 3.4472025 | R19: =+VLOOKUP(YEAR(A19),PIB!$A$1:$C$22,3,0) -> 24468.324 | S19: =+I19/R19 -> 0.095874277 | T19: =+K19/R19 -> 0.21659158 | U19: =+E19/R19 -> 0.046083947 | V19: =+I19/I7-1 -> 0.85322227 | W19: =+K19/K7-1 -> 0.45332392 | X19: =+E19/E7-1 -> 0.98534569 | AB19: 2012 | AC19: 0.16374331 | AD19: 0.20000529 | AE19: 0.19575929 | AF19: 0.10908481
A20: 37012 | B20: =+MONTH(A20) -> 5 | C20: =+YEAR(A20) -> 2001 | D20: II. Trim | E20: 1173.6827 | F20: 27.04451 | H20: 1266.12 | I20: 2466.8472 | J20: 2911.09 | K20: 5377.9372 | L20: 150.52872 | M20: 164.91331 | N20: 123.64 | O20: 1639.8092 | P20: 1.5043501 | Q20: 3.2796115 | R20: =+VLOOKUP(YEAR(A20),PIB!$A$1:$C$22,3,0) -> 24468.324 | S20: =+I20/R20 -> 0.10081799 | T20: =+K20/R20 -> 0.21979181 | U20: =+E20/R20 -> 0.047967433 | V20: =+I20/I8-1 -> 0.7285008 | W20: =+K20/K8-1 -> 0.39302423 | X20: =+E20/E8-1 -> 0.87687129 | AB20: 2013 | AC20: 0.13413893 | AD20: 0.12133731 | AE20: 0.16443204 | AF20: 0.081946572
A21: 37043 | B21: =+MONTH(A21) -> 6 | C21: =+YEAR(A21) -> 2001 | D21: II. Trim | E21: 1194.248 | F21: 25.72352 | H21: 1233.49 | I21: 2453.4615 | J21: 2949.94 | K21: 5403.4015 | L21: 143.70246 | M21: 159.72697 | N21: 106.37 | O21: 1629.771 | P21: 1.5054026 | Q21: 3.3154361 | R21: =+VLOOKUP(YEAR(A21),PIB!$A$1:$C$22,3,0) -> 24468.324 | S21: =+I21/R21 -> 0.10027093 | T21: =+K21/R21 -> 0.22083252 | U21: =+E21/R21 -> 0.048807921 | V21: =+I21/I9-1 -> 0.52125107 | W21: =+K21/K9-1 -> 0.32103076 | X21: =+E21/E9-1 -> 0.48386603 | AB21: 2014 | AC21: 0.14416739 | AD21: 0.14889549 | AE21: 0.29494013 | AF21: 0.06934401
A22: 37073 | B22: =+MONTH(A22) -> 7 | C22: =+YEAR(A22) -> 2001 | D22: III. Trim | E22: 1336.751 | F22: 25.49 | H22: 1084.83 | I22: 2447.071 | J22: 2999.41 | K22: 5446.481 | L22: 204.57269 | M22: 147.73 | N22: 139.94 | O22: 1854.4837 | P22: 1.319543 | Q22: 2.9369258 | R22: =+VLOOKUP(YEAR(A22),PIB!$A$1:$C$22,3,0) -> 24468.324 | S22: =+I22/R22 -> 0.10000975 | T22: =+K22/R22 -> 0.22259314 | U22: =+E22/R22 -> 0.054631899 | V22: =+I22/I10-1 -> 0.4312784 | W22: =+K22/K10-1 -> 0.29066895 | X22: =+E22/E10-1 -> 0.55963901 | AB22: 2015 | AC22: -0.011314576 | AD22: 0.018525286 | AE22: 0.23205416 | AF22: -0.023946111
A23: 37104 | B23: =+MONTH(A23) -> 8 | C23: =+YEAR(A23) -> 2001 | D23: III. Trim | E23: 1368.331 | F23: 25.28 | H23: 1225.19 | I23: 2618.801 | J23: 3025.77 | K23: 5644.571 | L23: 162.16203 | M23: 168.93 | N23: 103.78 | O23: 1828.483 | P23: 1.432226 | Q23: 3.087024 | R23: =+VLOOKUP(YEAR(A23),PIB!$A$1:$C$22,3,0) -> 24468.324 | S23: =+I23/R23 -> 0.10702821 | T23: =+K23/R23 -> 0.23068891 | U23: =+E23/R23 -> 0.055922547 | V23: =+I23/I11-1 -> 0.47950679 | W23: =+K23/K11-1 -> 0.28875898 | X23: =+E23/E11-1 -> 0.45170226 | AB23: 2016 | AC23: 0.16488193 | AD23: 0.18869936 | AE23: 0.12825357 | AF23: 0.006519413
A24: 37135 | B24: =+MONTH(A24) -> 9 | C24: =+YEAR(A24) -> 2001 | D24: III. Trim | E24: 1358.771 | F24: 25.76 | H24: 1259.7 | I24: 2644.231 | J24: 3091.87 | K24: 5736.101 | L24: 137.44185 | M24: 147.58 | N24: 111.03 | O24: 1780.5828 | P24: 1.4850368 | Q24: 3.2214738 | R24: =+VLOOKUP(YEAR(A24),PIB!$A$1:$C$22,3,0) -> 24468.324 | S24: =+I24/R24 -> 0.10806752 | T24: =+K24/R24 -> 0.23442967 | U24: =+E24/R24 -> 0.055531838 | V24: =+I24/I12-1 -> 0.49834992 | W24: =+K24/K12-1 -> 0.30460456 | X24: =+E24/E12-1 -> 0.46335398 | AB24: 2017 | AC24: 0.099646744 | AD24: 0.083752043 | AE24: 0.12046958 | AF24: 0.04360883
A25: 37165 | B25: =+MONTH(A25) -> 10 | C25: =+YEAR(A25) -> 2001 | D25: IV. Trim | E25: 1356.076 | F25: 26.32 | H25: 1337.71 | I25: 2720.106 | J25: 3121.15 | K25: 5841.256 | L25: 151.99268 | M25: 142.46 | N25: 117.62 | O25: 1794.4687 | P25: 1.5158281 | Q25: 3.2551451 | R25: =+VLOOKUP(YEAR(A25),PIB!$A$1:$C$22,3,0) -> 24468.324 | S25: =+I25/R25 -> 0.11116846 | T25: =+K25/R25 -> 0.23872726 | U25: =+E25/R25 -> 0.055421695 | V25: =+I25/I13-1 -> 0.49346251 | W25: =+K25/K13-1 -> 0.30256608 | X25: =+E25/E13-1 -> 0.4506869 | AB25: 2018 | AC25: 0.056584297 | AD25: 0.029735649 | AE25: 0.071149313 | AF25: 0.031316161
A26: 37196 | B26: =+MONTH(A26) -> 11 | C26: =+YEAR(A26) -> 2001 | D26: IV. Trim | E26: 1422.051 | F26: 26.313791 | H26: 1379.6 | I26: 2827.9648 | J26: 3201.67 | K26: 6029.6348 | L26: 199.48054 | M26: 123.38797 | N26: 116.63 | O26: 1887.8633 | P26: 1.4979712 | Q26: 3.1938937 | R26: =+VLOOKUP(YEAR(A26),PIB!$A$1:$C$22,3,0) -> 24468.324 | S26: =+I26/R26 -> 0.11557656 | T26: =+K26/R26 -> 0.24642615 | U26: =+E26/R26 -> 0.05811804 | V26: =+I26/I14-1 -> 0.51160811 | W26: =+K26/K14-1 -> 0.31052465 | X26: =+E26/E14-1 -> 0.4527743 | AB26: 2019 | AC26: 0.080182781 | AD26: 0.037086318 | AE26: 0.065994851 | AF26: -0.0011746062
A27: 37226 | B27: =+MONTH(A27) -> 12 | C27: =+YEAR(A27) -> 2001 | D27: IV. Trim | E27: 1511.4714 | F27: 27.210505 | H27: 1425.98 | I27: 2964.6619 | J27: 3192.48 | K27: 6157.1419 | L27: 261.37105 | M27: 79.3956 | N27: 149.93 | O27: 2029.3786 | P27: 1.4608718 | Q27: 3.0340036 | R27: =+VLOOKUP(YEAR(A27),PIB!$A$1:$C$22,3,0) -> 24468.324 | S27: =+I27/R27 -> 0.12116326 | T27: =+K27/R27 -> 0.25163726 | U27: =+E27/R27 -> 0.061772576 | V27: =+I27/I15-1 -> 0.41701235 | W27: =+K27/K15-1 -> 0.26308068 | X27: =+E27/E15-1 -> 0.3492365 | Y27: =+R27/R15-1 -> 0.33570921 | AB27: 2020 (jun) | AC27: 0.094390831 | AD27: 0.108433 | AE27: 0.14923494 | AF27: -0.10272726
A28: 37257 | B28: =+MONTH(A28) -> 1 | C28: =+YEAR(A28) -> 2002 | D28: I. Trim | E28: 1421.3603 | F28: 27.89379 | H28: 1550.17 | I28: 2999.4241 | J28: 3311.07 | K28: 6310.4941 | L28: 199.44533 | M28: 118.36368 | N28: 134.72 | O28: 1901.7831 | P28: 1.5771641 | Q28: 3.3181986 | R28: =+VLOOKUP(YEAR(A28),PIB!$A$1:$C$22,3,0) -> 28548.945 | S28: =+I28/R28 -> 0.10506252 | T28: =+K28/R28 -> 0.22104124 | U28: =+E28/R28 -> 0.04978679 | V28: =+I28/I16-1 -> 0.44859827 | W28: =+K28/K16-1 -> 0.28569912 | X28: =+E28/E16-1 -> 0.38975724 | Y28: =+R28/R16-1 -> 0.16677158
A29: 37288 | B29: =+MONTH(A29) -> 2 | C29: =+YEAR(A29) -> 2002 | D29: I. Trim | E29: 1422.8859 | F29: 28.780721 | H29: 1530.78 | I29: 2982.4466 | J29: 3352.47 | K29: 6334.9166 | L29: 249.67325 | M29: 128.92813 | N29: 138.07 | O29: 1968.338 | P29: 1.5152106 | Q29: 3.218409 | R29: =+VLOOKUP(YEAR(A29),PIB!$A$1:$C$22,3,0) -> 28548.945 | S29: =+I29/R29 -> 0.10446784 | T29: =+K29/R29 -> 0.2218967 | U29: =+E29/R29 -> 0.049840226 | V29: =+I29/I17-1 -> 0.38823694 | W29: =+K29/K17-1 -> 0.2643686 | X29: =+E29/E17-1 -> 0.362209 | Y29: =+R29/R17-1 -> 0.16677158
A30: 37316 | B30: =+MONTH(A30) -> 3 | C30: =+YEAR(A30) -> 2002 | D30: I. Trim | E30: 1509.993 | F30: 29.884117 | H30: 1544.57 | I30: 3084.4472 | J30: 3393.36 | K30: 6477.8072 | L30: 209.94687 | M30: 83.402862 | N30: 131.19 | O30: 1964.4169 | P30: 1.5701592 | Q30: 3.2975725 | R30: =+VLOOKUP(YEAR(A30),PIB!$A$1:$C$22,3,0) -> 28548.945 | S30: =+I30/R30 -> 0.10804067 | T30: =+K30/R30 -> 0.22690181 | U30: =+E30/R30 -> 0.052891378 | V30: =+I30/I18-1 -> 0.35819722 | W30: =+K30/K18-1 -> 0.24960443 | X30: =+E30/E18-1 -> 0.41413867 | Y30: =+R30/R18-1 -> 0.16677158
A31: 37347 | B31: =+MONTH(A31) -> 4 | C31: =+YEAR(A31) -> 2002 | D31: II. Trim | E31: 1501.5725 | F31: 31.180929 | H31: 1613.42 | I31: 3146.1735 | J31: 3358.37 | K31: 6504.5435 | L31: 207.59884 | M31: 104.70837 | N31: 147.62 | O31: 1992.6807 | P31: 1.5788648 | Q31: 3.2642177 | R31: =+VLOOKUP(YEAR(A31),PIB!$A$1:$C$22,3,0) -> 28548.945 | S31: =+I31/R31 -> 0.11020279 | T31: =+K31/R31 -> 0.22783831 | U31: =+E31/R31 -> 0.052596428 | V31: =+I31/I19-1 -> 0.34114686 | W31: =+K31/K19-1 -> 0.22735737 | X31: =+E31/E19-1 -> 0.33165715 | Y31: =+R31/R19-1 -> 0.16677158 | AB31: Gráfico 2.2 Evolución de los Agregados Monetarios vs PIB Nominal
A32: 37377 | B32: =+MONTH(A32) -> 5 | C32: =+YEAR(A32) -> 2002 | D32: II. Trim | E32: 1535.8122 | F32: 32.804133 | H32: 1632.47 | I32: 3201.0863 | J32: 3424.53 | K32: 6625.6163 | L32: 215.31214 | M32: 116.82171 | N32: 131.03 | O32: 2031.7802 | P32: 1.5755082 | Q32: 3.2609907 | R32: =+VLOOKUP(YEAR(A32),PIB!$A$1:$C$22,3,0) -> 28548.945 | S32: =+I32/R32 -> 0.11212626 | T32: =+K32/R32 -> 0.2320792 | U32: =+E32/R32 -> 0.05379576 | V32: =+I32/I20-1 -> 0.29764272 | W32: =+K32/K20-1 -> 0.23199957 | X32: =+E32/E20-1 -> 0.30854123 | Y32: =+R32/R20-1 -> 0.16677158
A33: 37408 | B33: =+MONTH(A33) -> 6 | C33: =+YEAR(A33) -> 2002 | D33: II. Trim | E33: 1645.7582 | F33: 33.979494 | H33: 1609.82 | I33: 3289.5577 | J33: 3506.82 | K33: 6796.3777 | L33: 228.16584 | M33: 43.035689 | N33: 144.36 | O33: 2095.2992 | P33: 1.5699704 | Q33: 3.2436311 | R33: =+VLOOKUP(YEAR(A33),PIB!$A$1:$C$22,3,0) -> 28548.945 | S33: =+I33/R33 -> 0.11522519 | T33: =+K33/R33 -> 0.23806056 | U33: =+E33/R33 -> 0.057646901 | V33: =+I33/I21-1 -> 0.34078225 | W33: =+K33/K21-1 -> 0.25779616 | X33: =+E33/E21-1 -> 0.37807069 | Y33: =+R33/R21-1 -> 0.16677158
A34: 37438 | B34: =+MONTH(A34) -> 7 | C34: =+YEAR(A34) -> 2002 | D34: III. Trim | E34: 1604.1539 | F34: 35.16 | H34: 1660.94 | I34: 3300.2539 | J34: 3666.01 | K34: 6966.2639 | L34: 230.38112 | M34: 115.1 | N34: 160.38 | O34: 2145.175 | P34: 1.5384544 | Q34: 3.2474105 | R34: =+VLOOKUP(YEAR(A34),PIB!$A$1:$C$22,3,0) -> 28548.945 | S34: =+I34/R34 -> 0.11559985 | T34: =+K34/R34 -> 0.24401126 | U34: =+E34/R34 -> 0.056189604 | V34: =+I34/I22-1 -> 0.34865474 | W34: =+K34/K22-1 -> 0.27903942 | X34: =+E34/E22-1 -> 0.20003942 | Y34: =+R34/R22-1 -> 0.16677158
A35: 37469 | B35: =+MONTH(A35) -> 8 | C35: =+YEAR(A35) -> 2002 | D35: III. Trim | E35: 1651.3457 | F35: 35.753481 | H35: 1650.51 | I35: 3337.6092 | J35: 3728.51 | K35: 7066.1192 | L35: 260.88991 | M35: 88.141173 | N35: 134.77 | O35: 2170.9003 | P35: 1.5374309 | Q35: 3.2549257 | R35: =+VLOOKUP(YEAR(A35),PIB!$A$1:$C$22,3,0) -> 28548.945 | S35: =+I35/R35 -> 0.11690832 | T35: =+K35/R35 -> 0.24750894 | U35: =+E35/R35 -> 0.057842618 | V35: =+I35/I23-1 -> 0.27447989 | W35: =+K35/K23-1 -> 0.25184345 | X35: =+E35/E23-1 -> 0.20683207 | Y35: =+R35/R23-1 -> 0.16677158
A36: 37500 | B36: =+MONTH(A36) -> 9 | C36: =+YEAR(A36) -> 2002 | D36: III. Trim | E36: 1630.9469 | F36: 36.81 | H36: 1710.87 | I36: 3378.6269 | J36: 3724.51 | K36: 7103.1369 | L36: 187.81 | M36: 102.35 | N36: 158.42 | O36: 2116.3369 | P36: 1.5964504 | Q36: 3.3563356 | R36: =+VLOOKUP(YEAR(A36),PIB!$A$1:$C$22,3,0) -> 28548.945 | S36: =+I36/R36 -> 0.11834507 | T36: =+K36/R36 -> 0.24880558 | U36: =+E36/R36 -> 0.057128097 | V36: =+I36/I24-1 -> 0.27773515 | W36: =+K36/K24-1 -> 0.23832145 | X36: =+E36/E24-1 -> 0.20031035 | Y36: =+R36/R24-1 -> 0.16677158
A37: 37530 | B37: =+MONTH(A37) -> 10 | C37: =+YEAR(A37) -> 2002 | D37: IV. Trim | E37: 1726.9381 | F37: 36.785586 | H37: 1686.82 | I37: 3450.5437 | J37: 3747.89 | K37: 7198.4337 | L37: 214.59373 | M37: 43.598826 | N37: 131.53 | O37: 2153.4462 | P37: 1.6023357 | Q37: 3.3427506 | R37: =+VLOOKUP(YEAR(A37),PIB!$A$1:$C$22,3,0) -> 28548.945 | S37: =+I37/R37 -> 0.12086414 | T37: =+K37/R37 -> 0.2521436 | U37: =+E37/R37 -> 0.060490434 | V37: =+I37/I25-1 -> 0.26853279 | W37: =+K37/K25-1 -> 0.23234347 | X37: =+E37/E25-1 -> 0.27348178 | Y37: =+R37/R25-1 -> 0.16677158
A38: 37561 | B38: =+MONTH(A38) -> 11 | C38: =+YEAR(A38) -> 2002 | D38: IV. Trim | E38: 1711.3696 | F38: 38.251845 | H38: 1685.71 | I38: 3435.3314 | J38: 3725.16 | K38: 7160.4914 | L38: 248.60928 | M38: 98.843082 | N38: 151.34 | O38: 2248.4138 | P38: 1.5278911 | Q38: 3.1846858 | R38: =+VLOOKUP(YEAR(A38),PIB!$A$1:$C$22,3,0) -> 28548.945 | S38: =+I38/R38 -> 0.12033129 | T38: =+K38/R38 -> 0.25081457 | U38: =+E38/R38 -> 0.059945107 | V38: =+I38/I26-1 -> 0.21477162 | W38: =+K38/K26-1 -> 0.18754976 | X38: =+E38/E26-1 -> 0.20345158 | Y38: =+R38/R26-1 -> 0.16677158
A39: 37591 | B39: =+MONTH(A39) -> 12 | C39: =+YEAR(A39) -> 2002 | D39: IV. Trim | E39: 1839.7847 | F39: 39.633884 | H39: 1823.59 | I39: 3703.0086 | J39: 3749.65 | K39: 7452.6586 | L39: 264.08579 | M39: 81.982936 | N39: 206.4 | O39: 2431.8873 | P39: 1.5226892 | Q39: 3.0645575 | R39: =+VLOOKUP(YEAR(A39),PIB!$A$1:$C$22,3,0) -> 28548.945 | S39: =+I39/R39 -> 0.12970737 | T39: =+K39/R39 -> 0.26104848 | U39: =+E39/R39 -> 0.064443177 | V39: =+I39/I27-1 -> 0.2490492 | W39: =+K39/K27-1 -> 0.21040877 | X39: =+E39/E27-1 -> 0.21721437 | Y39: =+R39/R27-1 -> 0.16677158
A40: 37622 | B40: =+MONTH(A40) -> 1 | C40: =+YEAR(A40) -> 2003 | D40: I. Trim | E40: 1800.3638 | F40: 40.058401 | H40: 1703.96 | I40: 3544.3822 | J40: 3727.02 | K40: 7271.4022 | L40: 207.83974 | M40: 80.1878 | N40: 146.06 | O40: 2274.5098 | P40: 1.558306 | Q40: 3.1969096 | R40: =+VLOOKUP(YEAR(A40),PIB!$A$1:$C$22,3,0) -> 32432.858 | S40: =+I40/R40 -> 0.10928369 | T40: =+K40/R40 -> 0.22419863 | U40: =+E40/R40 -> 0.05551049 | V40: =+I40/I28-1 -> 0.18168759 | W40: =+K40/K28-1 -> 0.15227146 | X40: =+E40/E28-1 -> 0.26664845 | Y40: =+R40/R28-1 -> 0.13604401
A41: 37653 | B41: =+MONTH(A41) -> 2 | C41: =+YEAR(A41) -> 2003 | D41: I. Trim | E41: 1819.2292 | F41: 40.52476 | H41: 1505.1692 | I41: 3364.9232 | J41: 2739.3258 | K41: 6104.249 | L41: 233.8403 | M41: 62.193147 | N41: 167.06927 | O41: 2322.8567 | P41: 1.4486142 | Q41: 2.627906 | R41: =+VLOOKUP(YEAR(A41),PIB!$A$1:$C$22,3,0) -> 32432.858 | S41: =+I41/R41 -> 0.10375044 | T41: =+K41/R41 -> 0.18821187 | U41: =+E41/R41 -> 0.056092165 | V41: =+I41/I29-1 -> 0.12824256 | W41: =+K41/K29-1 -> -0.036412103 | X41: =+E41/E29-1 -> 0.27854894 | Y41: =+R41/R29-1 -> 0.13604401
A42: 37681 | B42: =+MONTH(A42) -> 3 | C42: =+YEAR(A42) -> 2003 | D42: I. Trim | E42: 1793.4283 | F42: 41.348624 | H42: 1594.1461 | I42: 3428.923 | J42: 2785.0514 | K42: 6213.9744 | L42: 199.68068 | M42: 60.096311 | N42: 179.95607 | O42: 2274.5099 | P42: 1.5075436 | Q42: 2.7320058 | R42: =+VLOOKUP(YEAR(A42),PIB!$A$1:$C$22,3,0) -> 32432.858 | S42: =+I42/R42 -> 0.10572374 | T42: =+K42/R42 -> 0.19159503 | U42: =+E42/R42 -> 0.055296646 | V42: =+I42/I30-1 -> 0.11168155 | W42: =+K42/K30-1 -> -0.040728711 | X42: =+E42/E30-1 -> 0.18770631 | Y42: =+R42/R30-1 -> 0.13604401
A43: 37712 | B43: =+MONTH(A43) -> 4 | C43: =+YEAR(A43) -> 2003 | D43: II. Trim | E43: 1820.8529 | F43: 43.228642 | H43: 1554.82 | I43: 3418.9015 | J43: 2841.72 | K43: 6260.6215 | L43: 222.62166 | M43: 81.789749 | N43: 188.57 | O43: 2357.0629 | P43: 1.4504922 | Q43: 2.6561113 | R43: =+VLOOKUP(YEAR(A43),PIB!$A$1:$C$22,3,0) -> 32432.858 | S43: =+I43/R43 -> 0.10541475 | T43: =+K43/R43 -> 0.1930333 | U43: =+E43/R43 -> 0.056142228 | V43: =+I43/I31-1 -> 0.086685645 | W43: =+K43/K31-1 -> -0.037500237 | X43: =+E43/E31-1 -> 0.21263066 | Y43: =+R43/R31-1 -> 0.13604401
... A46: 37803 | B46: =+MONTH(A46) -> 7 | C46: =+YEAR(A46) -> 2003 | D46: III. Trim | E46: 1931.6937 | F46: 45.475694 | H46: 1607.81 | I46: 3584.9794 | J46: 2917.03 | K46: 6502.0094 | L46: 254.50777 | M46: 59.938962 | N46: 205.98 | O46: 2497.5961 | P46: 1.4353719 | Q46: 2.603307 | R46: =+VLOOKUP(YEAR(A46),PIB!$A$1:$C$22,3,0) -> 32432.858 | S46: =+I46/R46 -> 0.11053541 | T46: =+K46/R46 -> 0.20047599 | U46: =+E46/R46 -> 0.059559774 | V46: =+I46/I34-1 -> 0.086273809 | W46: =+K46/K34-1 -> -0.066643259 | X46: =+E46/E34-1 -> 0.20418227 | Y46: =+R46/R34-1 -> 0.13604401
A47: 37834 | B47: =+MONTH(A47) -> 8 | C47: =+YEAR(A47) -> 2003 | D47: III. Trim | E47: 1931.0099 | F47: 46.070387 | H47: 1608.8 | I47: 3585.8803 | J47: 2982.89 | K47: 6568.7703 | L47: 293.20639 | M47: 85.832765 | N47: 187.71 | O47: 2543.8294 | P47: 1.4096386 | Q47: 2.5822369 | R47: =+VLOOKUP(YEAR(A47),PIB!$A$1:$C$22,3,0) -> 32432.858 | S47: =+I47/R47 -> 0.11056319 | T47: =+K47/R47 -> 0.20253443 | U47: =+E47/R47 -> 0.05953869 | V47: =+I47/I35-1 -> 0.074385897 | W47: =+K47/K35-1 -> -0.07038502 | X47: =+E47/E35-1 -> 0.1693553 | Y47: =+R47/R35-1 -> 0.13604401 | AB47: Nota : Para 2020 se considera la previsión del PIB publicada en Junio 2020.
A48: 37865 | B48: =+MONTH(A48) -> 9 | C48: =+YEAR(A48) -> 2003 | D48: III. Trim | E48: 1897.0806 | F48: 46.44 | H48: 1617.74 | I48: 3561.2606 | J48: 3051.19 | K48: 6612.4506 | L48: 247.87 | M48: 113 | N48: 212.18 | O48: 2516.5706 | P48: 1.4151244 | Q48: 2.6275641 | R48: =+VLOOKUP(YEAR(A48),PIB!$A$1:$C$22,3,0) -> 32432.858 | S48: =+I48/R48 -> 0.1098041 | T48: =+K48/R48 -> 0.20388122 | U48: =+E48/R48 -> 0.058492552 | V48: =+I48/I36-1 -> 0.054055611 | W48: =+K48/K36-1 -> -0.06908022 | X48: =+E48/E36-1 -> 0.16317744 | Y48: =+R48/R36-1 -> 0.13604401
A49: 37895 | B49: =+MONTH(A49) -> 10 | C49: =+YEAR(A49) -> 2003 | D49: IV. Trim | E49: 1962.2406 | F49: 47.1 | H49: 1637.47 | I49: 3646.8106 | J49: 3106.68 | K49: 6753.4906 | L49: 225.35 | M49: 89.67 | N49: 172.42 | O49: 2496.7806 | P49: 1.4606051 | Q49: 2.7048794 | R49: =+VLOOKUP(YEAR(A49),PIB!$A$1:$C$22,3,0) -> 32432.858 | S49: =+I49/R49 -> 0.11244185 | T49: =+K49/R49 -> 0.2082299 | U49: =+E49/R49 -> 0.060501626 | V49: =+I49/I37-1 -> 0.056880017 | W49: =+K49/K37-1 -> -0.061811088 | X49: =+E49/E37-1 -> 0.1362542 | Y49: =+R49/R37-1 -> 0.13604401
A50: 37926 | B50: =+MONTH(A50) -> 11 | C50: =+YEAR(A50) -> 2003 | D50: IV. Trim | E50: 1954.0525 | F50: 48.175237 | H50: 1700.71 | I50: 3702.9377 | J50: 3248.41 | K50: 6951.3477 | L50: 300.71541 | M50: 52.128164 | N50: 192.76 | O50: 2547.8313 | P50: 1.4533685 | Q50: 2.7283391 | R50: =+VLOOKUP(YEAR(A50),PIB!$A$1:$C$22,3,0) -> 32432.858 | S50: =+I50/R50 -> 0.11417241 | T50: =+K50/R50 -> 0.21433041 | U50: =+E50/R50 -> 0.060249161 | V50: =+I50/I38-1 -> 0.077898252 | W50: =+K50/K38-1 -> -0.029208008 | X50: =+E50/E38-1 -> 0.14180626 | Y50: =+R50/R38-1 -> 0.13604401
A51: 37956 | B51: =+MONTH(A51) -> 12 | C51: =+YEAR(A51) -> 2003 | D51: IV. Trim | E51: 2121.3021 | F51: 49.714886 | H51: 1765.09 | I51: 3936.107 | J51: 3240.51 | K51: 7176.617 | L51: 271.40952 | M51: 93.723562 | N51: 240.71 | O51: 2776.86 | P51: 1.4174668 | Q51: 2.584436 | R51: =+VLOOKUP(YEAR(A51),PIB!$A$1:$C$22,3,0) -> 32432.858 | S51: =+I51/R51 -> 0.12136171 | T51: =+K51/R51 -> 0.22127612 | U51: =+E51/R51 -> 0.065405956 | V51: =+I51/I39-1 -> 0.062948376 | W51: =+K51/K39-1 -> -0.037039349 | X51: =+E51/E39-1 -> 0.15301648 | Y51: =+R51/R39-1 -> 0.13604401
A52: 37987 | B52: =+MONTH(A52) -> 1 | C52: =+YEAR(A52) -> 2004 | D52: I. Trim | E52: 2016.3946 | F52: 49.96 | H52: 1780.53 | I52: 3846.8846 | J52: 3323.74 | K52: 7170.6246 | L52: 303.72 | M52: 84.67 | N52: 193.89 | O52: 2648.6346 | P52: 1.4524029 | Q52: 2.707291 | R52: =+VLOOKUP(YEAR(A52),PIB!$A$1:$C$22,3,0) -> 36591.661 | S52: =+I52/R52 -> 0.10513009 | T52: =+K52/R52 -> 0.19596335 | U52: =+E52/R52 -> 0.055105305 | V52: =+I52/I40-1 -> 0.085347002 | W52: =+K52/K40-1 -> -0.013859445 | X52: =+E52/E40-1 -> 0.11999286 | Y52: =+R52/R40-1 -> 0.12822808
A53: 38018 | B53: =+MONTH(A53) -> 2 | C53: =+YEAR(A53) -> 2004 | D53: I. Trim | E53: 2007.8146 | F53: 51.1 | H53: 1808.44 | I53: 3867.3546 | J53: 3401.87 | K53: 7269.2246 | L53: 315.9 | M53: 78.43 | N53: 221.31 | O53: 2674.5546 | P53: 1.4459808 | Q53: 2.7179197 | R53: =+VLOOKUP(YEAR(A53),PIB!$A$1:$C$22,3,0) -> 36591.661 | S53: =+I53/R53 -> 0.10568951 | T53: =+K53/R53 -> 0.19865796 | U53: =+E53/R53 -> 0.054870825 | V53: =+I53/I41-1 -> 0.1493144 | W53: =+K53/K41-1 -> 0.19084669 | X53: =+E53/E41-1 -> 0.10366226 | Y53: =+R53/R41-1 -> 0.12822808
A54: 38047 | B54: =+MONTH(A54) -> 3 | C54: =+YEAR(A54) -> 2004 | D54: I. Trim | E54: 1953.4076 | F54: 52.67 | H54: 1925.67 | I54: 3931.7476 | J54: 3440.12 | K54: 7371.8676 | L54: 240.93 | M54: 87.69 | N54: 225.68 | O54: 2560.3776 | P54: 1.5356124 | Q54: 2.8792111 | R54: =+VLOOKUP(YEAR(A54),PIB!$A$1:$C$22,3,0) -> 36591.661 | S54: =+I54/R54 -> 0.10744928 | T54: =+K54/R54 -> 0.20146305 | U54: =+E54/R54 -> 0.053383957 | V54: =+I54/I42-1 -> 0.14664215 | W54: =+K54/K42-1 -> 0.18633698 | X54: =+E54/E42-1 -> 0.089203111 | Y54: =+R54/R42-1 -> 0.12822808
A55: 38078 | B55: =+MONTH(A55) -> 4 | C55: =+YEAR(A55) -> 2004 | D55: II. Trim | E55: 2032.1136 | F55: 53.4 | H55: 1851.59 | I55: 3937.1036 | J55: 3541.34 | K55: 7478.4436 | L55: 236.86 | M55: 57.84 | N55: 194.08 | O55: 2574.2936 | P55: 1.5293918 | Q55: 2.9050469 | R55: =+VLOOKUP(YEAR(A55),PIB!$A$1:$C$22,3,0) -> 36591.661 | S55: =+I55/R55 -> 0.10759565 | T55: =+K55/R55 -> 0.20437563 | U55: =+E55/R55 -> 0.055534884 | V55: =+I55/I43-1 -> 0.15156977 | W55: =+K55/K43-1 -> 0.19452096 | X55: =+E55/E43-1 -> 0.11602296 | Y55: =+R55/R43-1 -> 0.12822808
A56: 38108 | B56: =+MONTH(A56) -> 5 | C56: =+YEAR(A56) -> 2004 | D56: II. Trim | E56: 2018.5331 | F56: 54.137646 | H56: 1944.97 | I56: 4017.6407 | J56: 3536.06 | K56: 7553.7007 | L56: 270.8374 | M56: 108.09554 | N56: 214.15 | O56: 2665.7537 | P56: 1.5071313 | Q56: 2.8336079 | R56: =+VLOOKUP(YEAR(A56),PIB!$A$1:$C$22,3,0) -> 36591.661 | S56: =+I56/R56 -> 0.10979662 | T56: =+K56/R56 -> 0.2064323 | U56: =+E56/R56 -> 0.055163746 | V56: =+I56/I44-1 -> 0.13633029 | W56: =+K56/K44-1 -> 0.17473209 | X56: =+E56/E44-1 -> 0.062977512 | Y56: =+R56/R44-1 -> 0.12822808
A57: 38139 | B57: =+MONTH(A57) -> 6 | C57: =+YEAR(A57) -> 2004 | D57: II. Trim | E57: 2033.2658 | F57: 54.999548 | H57: 1954.41 | I57: 4042.6753 | J57: 3581.64 | K57: 7624.3153 | L57: 253.10473 | M57: 146.10685 | N57: 223.9 | O57: 2711.3769 | P57: 1.4910046 | Q57: 2.8119718 | R57: =+VLOOKUP(YEAR(A57),PIB!$A$1:$C$22,3,0) -> 36591.661 | S57: =+I57/R57 -> 0.11048078 | T57: =+K57/R57 -> 0.2083621 | U57: =+E57/R57 -> 0.05556637 | V57: =+I57/I45-1 -> 0.13925193 | W57: =+K57/K45-1 -> 0.18928399 | X57: =+E57/E45-1 -> 0.048890549 | Y57: =+R57/R45-1 -> 0.12822808
A58: 38169 | B58: =+MONTH(A58) -> 7 | C58: =+YEAR(A58) -> 2004 | D58: III. Trim | E58: 2072.9382 | F58: 55.478171 | H58: 1968.72 | I58: 4097.1364 | J58: 3655.11 | K58: 7752.2464 | L58: 229.83928 | M58: 120.82342 | N58: 193.64 | O58: 2672.7191 | P58: 1.5329469 | Q58: 2.9005092 | R58: =+VLOOKUP(YEAR(A58),PIB!$A$1:$C$22,3,0) -> 36591.661 | S58: =+I58/R58 -> 0.11196913 | T58: =+K58/R58 -> 0.21185828 | U58: =+E58/R58 -> 0.056650564 | V58: =+I58/I46-1 -> 0.14286191 | W58: =+K58/K46-1 -> 0.19228471 | X58: =+E58/E46-1 -> 0.073119533 | Y58: =+R58/R46-1 -> 0.12822808
A59: 38200 | B59: =+MONTH(A59) -> 8 | C59: =+YEAR(A59) -> 2004 | D59: III. Trim | E59: 2035.6882 | F59: 55.735737 | H59: 2035.93 | I59: 4127.354 | J59: 3725.93 | K59: 7853.284 | L59: 245.6244 | M59: 117.61541 | N59: 232.37 | O59: 2687.0338 | P59: 1.5360261 | Q59: 2.9226592 | R59: =+VLOOKUP(YEAR(A59),PIB!$A$1:$C$22,3,0) -> 36591.661 | S59: =+I59/R59 -> 0.11279493 | T59: =+K59/R59 -> 0.2146195 | U59: =+E59/R59 -> 0.055632572 | V59: =+I59/I47-1 -> 0.15100161 | W59: =+K59/K47-1 -> 0.19554858 | X59: =+E59/E47-1 -> 0.054209125 | Y59: =+R59/R47-1 -> 0.12822808
... A180: 41883 | B180: =+MONTH(A180) -> 9 | C180: =+YEAR(A180) -> 2014 | D180: III. Trim | E180: 8398.1116 | F180: 87.560705 | H180: 8761.35 | I180: 17247.022 | J180: 20071.64 | K180: 37318.662 | L180: 3101.3821 | M180: 380.37764 | N180: 1009.84 | O180: 12977.272 | P180: 1.3290176 | Q180: 2.8756939 | R180: =+VLOOKUP(YEAR(A180),PIB!$A$1:$C$22,3,0) -> 101726.33 | S180: =+I180/R180 -> 0.16954334 | T180: =+K180/R180 -> 0.36685352 | U180: =+E180/R180 -> 0.082555928 | V180: =+I180/I168-1 -> 0.18142504 | W180: =+K180/K168-1 -> 0.16022937 | X180: =+E180/E168-1 -> 0.21327814 | Y180: =+R180/R168-1 -> 0.06934401
A181: 41913 | B181: =+MONTH(A181) -> 10 | C181: =+YEAR(A181) -> 2014 | D181: IV. Trim | E181: 8662.8477 | F181: 87.602667 | G181: 0.01 | H181: 8560.7 | I181: 17311.16 | J181: 20578.09 | K181: 37889.25 | L181: 3286.6041 | M181: 483.13193 | N181: 937.1 | O181: 13457.296 | P181: 1.2863773 | Q181: 2.8155173 | R181: =+VLOOKUP(YEAR(A181),PIB!$A$1:$C$22,3,0) -> 101726.33 | S181: =+I181/R181 -> 0.17017384 | T181: =+K181/R181 -> 0.37246257 | U181: =+E181/R181 -> 0.085158362 | V181: =+I181/I169-1 -> 0.17245793 | W181: =+K181/K169-1 -> 0.16210594 | X181: =+E181/E169-1 -> 0.23856193 | Y181: =+R181/R169-1 -> 0.06934401
A182: 41944 | B182: =+MONTH(A182) -> 11 | C182: =+YEAR(A182) -> 2014 | D182: IV. Trim | E182: 8796.4334 | F182: 88.084971 | G182: 0.075326 | H182: 8852.29 | I182: 17736.884 | J182: 20625.29 | K182: 38362.174 | L182: 3510.6101 | M182: 847.39022 | N182: 960.28 | O182: 14202.874 | P182: 1.2488236 | Q182: 2.7010149 | R182: =+VLOOKUP(YEAR(A182),PIB!$A$1:$C$22,3,0) -> 101726.33 | S182: =+I182/R182 -> 0.17435883 | T182: =+K182/R182 -> 0.37711154 | U182: =+E182/R182 -> 0.086471549 | V182: =+I182/I170-1 -> 0.18231643 | W182: =+K182/K170-1 -> 0.15775672 | X182: =+E182/E170-1 -> 0.27633881 | Y182: =+R182/R170-1 -> 0.06934401
A183: 41974 | B183: =+MONTH(A183) -> 12 | C183: =+YEAR(A183) -> 2014 | D183: IV. Trim | E183: 9539.8967 | F183: 86.581904 | G183: 0.07839 | H183: 9068.76 | I183: 18695.317 | J183: 21409.05 | K183: 40104.367 | L183: 3506.0468 | M183: 360.96491 | N183: 1237.52 | O183: 14731.089 | P183: 1.2691063 | Q183: 2.7224306 | R183: =+VLOOKUP(YEAR(A183),PIB!$A$1:$C$22,3,0) -> 101726.33 | S183: =+I183/R183 -> 0.18378051 | T183: =+K183/R183 -> 0.39423782 | U183: =+E183/R183 -> 0.093780014 | V183: =+I183/I171-1 -> 0.14889549 | W183: =+K183/K171-1 -> 0.14416739 | X183: =+E183/E171-1 -> 0.29494013 | Y183: =+R183/R171-1 -> 0.06934401
A184: 42005 | B184: =+MONTH(A184) -> 1 | C184: =+YEAR(A184) -> 2015 | D184: I. Trim | E184: 9267.4606 | F184: 87.412042 | G184: 0.075324 | H184: 8697.38 | I184: 18052.328 | J184: 21061.67 | K184: 39113.998 | L184: 2771.822 | M184: 695.371 | N184: 1105.55 | O184: 13927.691 | P184: 1.2961465 | Q184: 2.808362 | R184: =+VLOOKUP(YEAR(A184),PIB!$A$1:$C$22,3,0) -> 99290.381 | S184: =+I184/R184 -> 0.18181346 | T184: =+K184/R184 -> 0.39393542 | U184: =+E184/R184 -> 0.093336943 | V184: =+I184/I172-1 -> 0.16096553 | W184: =+K184/K172-1 -> 0.13800812 | X184: =+E184/E172-1 -> 0.30003126 | Y184: =+R184/R172-1 -> -0.023946111
A185: 42036 | B185: =+MONTH(A185) -> 2 | C185: =+YEAR(A185) -> 2015 | D185: I. Trim | E185: 9334.1931 | F185: 87.075282 | G185: 0.266955 | H185: 8426.37 | I185: 17847.905 | J185: 21210.15 | K185: 39058.055 | L185: 2620.975 | M185: 529.00852 | N185: 1093.98 | O185: 13665.499 | P185: 1.3060559 | Q185: 2.8581507 | R185: =+VLOOKUP(YEAR(A185),PIB!$A$1:$C$22,3,0) -> 99290.381 | S185: =+I185/R185 -> 0.17975463 | T185: =+K185/R185 -> 0.393372 | U185: =+E185/R185 -> 0.094009037 | V185: =+I185/I173-1 -> 0.14227798 | W185: =+K185/K173-1 -> 0.12665099 | X185: =+E185/E173-1 -> 0.27626875 | Y185: =+R185/R173-1 -> -0.023946111
A186: 42064 | B186: =+MONTH(A186) -> 3 | C186: =+YEAR(A186) -> 2015 | D186: I. Trim | E186: 9476.1044 | F186: 86.118815 | G186: 0.436181 | H186: 8720.31 | I186: 18282.969 | J186: 21277.91 | K186: 39560.879 | L186: 2915.1399 | M186: 429.67722 | N186: 1135.96 | O186: 14043.437 | P186: 1.3018871 | Q186: 2.8170369 | R186: =+VLOOKUP(YEAR(A186),PIB!$A$1:$C$22,3,0) -> 99290.381 | S186: =+I186/R186 -> 0.18413636 | T186: =+K186/R186 -> 0.39843617 | U186: =+E186/R186 -> 0.095438292 | V186: =+I186/I174-1 -> 0.15427207 | W186: =+K186/K174-1 -> 0.13423844 | X186: =+E186/E174-1 -> 0.27926445 | Y186: =+R186/R174-1 -> -0.023946111
A187: 42095 | B187: =+MONTH(A187) -> 4 | C187: =+YEAR(A187) -> 2015 | D187: II. Trim | E187: 10149.165 | F187: 86.17894 | G187: 0.521665 | H187: 7936.76 | I187: 18172.626 | J187: 21376.46 | K187: 39549.086 | L187: 2317.9476 | M187: 440.9242 | N187: 1154.24 | O187: 14148.978 | P187: 1.2843773 | Q187: 2.7951903 | R187: =+VLOOKUP(YEAR(A187),PIB!$A$1:$C$22,3,0) -> 99290.381 | S187: =+I187/R187 -> 0.18302504 | T187: =+K187/R187 -> 0.3983174 | U187: =+E187/R187 -> 0.10221701 | V187: =+I187/I175-1 -> 0.15236723 | W187: =+K187/K175-1 -> 0.12557059 | X187: =+E187/E175-1 -> 0.32701652 | Y187: =+R187/R175-1 -> -0.023946111
A188: 42125 | B188: =+MONTH(A188) -> 5 | C188: =+YEAR(A188) -> 2015 | D188: II. Trim | E188: 10064.449 | F188: 86.890769 | G188: 0.577299 | H188: 8006.02 | I188: 18157.937 | J188: 21408.74 | K188: 39566.677 | L188: 2910.5016 | M188: 564.00497 | N188: 1196.46 | O188: 14822.883 | P188: 1.2249936 | Q188: 2.6692969 | R188: =+VLOOKUP(YEAR(A188),PIB!$A$1:$C$22,3,0) -> 99290.381 | S188: =+I188/R188 -> 0.1828771 | T188: =+K188/R188 -> 0.39849456 | U188: =+E188/R188 -> 0.10136378 | V188: =+I188/I176-1 -> 0.14130741 | W188: =+K188/K176-1 -> 0.11569925 | X188: =+E188/E176-1 -> 0.30251314 | Y188: =+R188/R176-1 -> -0.023946111
A189: 42156 | B189: =+MONTH(A189) -> 6 | C189: =+YEAR(A189) -> 2015 | D189: II. Trim | E189: 10202.301 | F189: 86.785893 | G189: 0.610639 | H189: 7990.02 | I189: 18279.718 | J189: 21036.02 | K189: 39315.738 | L189: 2939.9067 | M189: 570.52244 | N189: 1252.09 | O189: 15052.217 | P189: 1.2144203 | Q189: 2.6119566 | R189: =+VLOOKUP(YEAR(A189),PIB!$A$1:$C$22,3,0) -> 99290.381 | S189: =+I189/R189 -> 0.18410361 | T189: =+K189/R189 -> 0.39596724 | U189: =+E189/R189 -> 0.10275216 | V189: =+I189/I177-1 -> 0.12310292 | W189: =+K189/K177-1 -> 0.093565428 | X189: =+E189/E177-1 -> 0.30311121 | Y189: =+R189/R177-1 -> -0.023946111
A190: 42186 | B190: =+MONTH(A190) -> 7 | C190: =+YEAR(A190) -> 2015 | D190: III. Trim | E190: 10577.856 | F190: 86.526715 | G190: 0.65264 | H190: 7936.84 | I190: 18601.875 | J190: 21119.98 | K190: 39721.855 | L190: 2845.476 | M190: 574.66362 | N190: 1169.77 | O190: 15254.945 | P190: 1.2193997 | Q190: 2.6038675 | R190: =+VLOOKUP(YEAR(A190),PIB!$A$1:$C$22,3,0) -> 99290.381 | S190: =+I190/R190 -> 0.18734821 | T190: =+K190/R190 -> 0.40005744 | U190: =+E190/R190 -> 0.10653455 | V190: =+I190/I178-1 -> 0.12954576 | W190: =+K190/K178-1 -> 0.093432609 | X190: =+E190/E178-1 -> 0.3197862 | Y190: =+R190/R178-1 -> -0.023946111
A191: 42217 | B191: =+MONTH(A191) -> 8 | C191: =+YEAR(A191) -> 2015 | D191: III. Trim | E191: 10837.207 | F191: 86.155542 | G191: 0.752214 | H191: 7848.07 | I191: 18772.185 | J191: 20768.43 | K191: 39540.615 | L191: 2665.3452 | M191: 582.06882 | N191: 1193.03 | O191: 15364.559 | P191: 1.2217848 | Q191: 2.573495 | R191: =+VLOOKUP(YEAR(A191),PIB!$A$1:$C$22,3,0) -> 99290.381 | S191: =+I191/R191 -> 0.18906348 | T191: =+K191/R191 -> 0.39823208 | U191: =+E191/R191 -> 0.10914659 | V191: =+I191/I179-1 -> 0.10541671 | W191: =+K191/K179-1 -> 0.065524607 | X191: =+E191/E179-1 -> 0.30141126 | Y191: =+R191/R179-1 -> -0.023946111
A192: 42248 | B192: =+MONTH(A192) -> 9 | C192: =+YEAR(A192) -> 2015 | D192: III. Trim | E192: 10840.87 | F192: 87.190649 | G192: 0.757164 | H192: 7500.49 | I192: 18429.308 | J192: 20575.06 | K192: 39004.368 | L192: 2493.1739 | M192: 644.43585 | N192: 1234.6 | O192: 15301.027 | P192: 1.204449 | Q192: 2.5491339 | R192: =+VLOOKUP(YEAR(A192),PIB!$A$1:$C$22,3,0) -> 99290.381 | S192: =+I192/R192 -> 0.1856102 | T192: =+K192/R192 -> 0.39283128 | U192: =+E192/R192 -> 0.10918348 | V192: =+I192/I180-1 -> 0.068550108 | W192: =+K192/K180-1 -> 0.04517057 | X192: =+E192/E180-1 -> 0.29086993 | Y192: =+R192/R180-1 -> -0.023946111
... A249: 43983 | B249: =+MONTH(A249) -> 6 | C249: =+YEAR(A249) -> 2020 | D249: II. Trim | E249: 18209.894 | F249: 80.086129 | G249: 0 | H249: 9111.08 | I249: 27401.06 | J249: 31992.94 | K249: 59394 | L249: 5531.5635 | M249: 412.02778 | N249: 1904.73 | O249: 25776.475 | P249: 1.0630259 | Q249: 2.3041941 | R249: =+VLOOKUP(YEAR(A249),PIB!$A$1:$C$22,3,0) -> 96512.458 | S249: =+I249/R249 -> 0.28391216 | T249: =+K249/R249 -> 0.61540242 | U249: =+E249/R249 -> 0.18867921 | V249: =+I249/I237-1 -> 0.108433 | W249: =+K249/K237-1 -> 0.094390831 | X249: =+E249/E237-1 -> 0.14923494 | Y249: =+R249/R237-1 -> -0.10167208
A251: Nota : Para 2020 se considera la previsión del PIB publicada en Junio 2020.

Sheet Gráfico 2.3 
A1: Evolución de la RMI, RILD y RI
A2: Millones de USD y Porcentaje
A6: Período | B6: Mes | C6: Año | D6: Trimestre | E6: RMI_RILD_RI | F6: PIB | G6: RMI_RILD_RI/PIB | H6: RMI | I6: RILD | J6: RI
A7: 1990 | B7: 12 | C7: 1990 | D7: IV. Trim | E7: 603.27476 | F7: =+VLOOKUP(A7,[20]PIB!$F$1:$G$93,2,0) -> 15231.973 | G7: =+H7/F7 -> 0.039605819 | H7: 603.27476
A8: 1991 | B8: 12 | C8: 1991 | D8: IV. Trim | E8: 760.44699 | F8: =+VLOOKUP(A8,[20]PIB!$F$1:$G$93,2,0) -> 16980.041 | G8: =+H8/F8 -> 0.044784756 | H8: 760.44699
A9: 1992 | B9: 12 | C9: 1992 | D9: IV. Trim | E9: 781.85757 | F9: =+VLOOKUP(A9,[20]PIB!$F$1:$G$93,2,0) -> 18085.191 | G9: =+H9/F9 -> 0.043231922 | H9: 781.85757
A10: 1993 | B10: 12 | C10: 1993 | D10: IV. Trim | E10: 1253.8031 | F10: =+VLOOKUP(A10,[20]PIB!$F$1:$G$93,2,0) -> 18929.248 | G10: =+H10/F10 -> 0.066236285 | H10: 1253.8031
A11: 1994 | B11: 12 | C11: 1994 | D11: IV. Trim | E11: 1711.7385 | F11: =+VLOOKUP(A11,[20]PIB!$F$1:$G$93,2,0) -> 22697.319 | G11: =+H11/F11 -> 0.075415891 | H11: 1711.7385
A12: 1995 | B12: 12 | C12: 1995 | D12: IV. Trim | E12: 1556.6145 | F12: =+VLOOKUP(A12,[20]PIB!$F$1:$G$93,2,0) -> 24420.668 | G12: =+H12/F12 -> 0.063741683 | H12: 1556.6145
A13: 1996 | B13: 12 | C13: 1996 | D13: IV. Trim | E13: 1831.461 | F13: =+VLOOKUP(A13,[20]PIB!$F$1:$G$93,2,0) -> 25213.78 | G13: =+H13/F13 -> 0.072637304 | H13: 1831.461
A14: 1997 | B14: 12 | C14: 1997 | D14: IV. Trim | E14: 2093.3697 | F14: =+VLOOKUP(A14,[20]PIB!$F$1:$G$93,2,0) -> 28147.972 | G14: =+H14/F14 -> 0.07437018 | H14: 2093.3697
A15: 1998 | B15: 12 | C15: 1998 | D15: IV. Trim | E15: 1698.3155 | F15: =+VLOOKUP(A15,[20]PIB!$F$1:$G$93,2,0) -> 27967.906 | G15: =+H15/F15 -> 0.060723728 | H15: 1698.3155
A16: 1999 | B16: 12 | C16: 1999 | D16: IV. Trim | E16: 1276 | F16: =+VLOOKUP(A16,[20]PIB!$F$1:$G$93,2,0) -> 19635.45 | G16: =+H16/F16 -> 0.064984505 | H16: 1276
A17: 36861 | B17: =+MONTH(A17) -> 12 | C17: =+YEAR(A17) -> 2000 | D17: IV. Trim | E17: 1179.69 | F17: =+VLOOKUP(YEAR(A17),[20]PIB!$F$1:$G$93,2,0) -> 18318.601 | G17: =+E17/F17 -> 0.064398477 | I17: 1179.69
A18: 37226 | B18: =+MONTH(A18) -> 12 | C18: =+YEAR(A18) -> 2001 | D18: IV. Trim | E18: 1073.8066 | F18: =+VLOOKUP(YEAR(A18),[20]PIB!$F$1:$G$93,2,0) -> 24468.324 | G18: =+E18/F18 -> 0.043885582 | I18: 1073.8066
A19: 37591 | B19: =+MONTH(A19) -> 12 | C19: =+YEAR(A19) -> 2002 | D19: IV. Trim | E19: 1007.9872 | F19: =+VLOOKUP(YEAR(A19),[20]PIB!$F$1:$G$93,2,0) -> 28548.945 | G19: =+E19/F19 -> 0.035307336 | I19: 1007.9872
A20: 37956 | B20: =+MONTH(A20) -> 12 | C20: =+YEAR(A20) -> 2003 | D20: IV. Trim | E20: 1160.4025 | F20: =+VLOOKUP(YEAR(A20),[20]PIB!$F$1:$G$93,2,0) -> 32432.858 | G20: =+E20/F20 -> 0.035778607 | I20: 1160.4025
A21: 38322 | B21: =+MONTH(A21) -> 12 | C21: =+YEAR(A21) -> 2004 | D21: IV. Trim | E21: 1437.32 | F21: =+VLOOKUP(YEAR(A21),[20]PIB!$F$1:$G$93,2,0) -> 36591.661 | G21: =+E21/F21 -> 0.039279988 | I21: 1437.32
A22: 38687 | B22: =+MONTH(A22) -> 12 | C22: =+YEAR(A22) -> 2005 | D22: IV. Trim | E22: 2146.8974 | F22: =+VLOOKUP(YEAR(A22),[20]PIB!$F$1:$G$93,2,0) -> 41507.085 | G22: =+E22/F22 -> 0.051723637 | I22: 2146.8974
A23: 39052 | B23: =+MONTH(A23) -> 12 | C23: =+YEAR(A23) -> 2006 | D23: IV. Trim | E23: 2023.34 | F23: =+VLOOKUP(YEAR(A23),[20]PIB!$F$1:$G$93,2,0) -> 46802.044 | G23: =+E23/F23 -> 0.043231873 | I23: 2023.34
A24: 39417 | B24: =+MONTH(A24) -> 12 | C24: =+YEAR(A24) -> 2007 | D24: IV. Trim | E24: 3520.84 | F24: =+VLOOKUP(YEAR(A24),[20]PIB!$F$1:$G$93,2,0) -> 51007.777 | G24: =+E24/F24 -> 0.069025553 | I24: 3520.84
A25: 39783 | B25: =+MONTH(A25) -> 12 | C25: =+YEAR(A25) -> 2008 | D25: IV. Trim | E25: 4473.069 | F25: =+VLOOKUP(YEAR(A25),[20]PIB!$F$1:$G$93,2,0) -> 61762.635 | G25: =+E25/F25 -> 0.072423546 | I25: 4473.069
A26: 40148 | B26: =+MONTH(A26) -> 12 | C26: =+YEAR(A26) -> 2009 | D26: IV. Trim | E26: 3792.0509 | F26: =+VLOOKUP(YEAR(A26),[20]PIB!$F$1:$G$93,2,0) -> 62519.686 | G26: =+E26/F26 -> 0.060653711 | I26: 3792.0509
A27: 40513 | B27: =+MONTH(A27) -> 12 | C27: =+YEAR(A27) -> 2010 | D27: IV. Trim | E27: 2622.0537 | F27: =+VLOOKUP(YEAR(A27),[20]PIB!$F$1:$G$93,2,0) -> 69555.367 | G27: =+E27/F27 -> 0.03769736 | I27: 2622.0537
A28: 40878 | B28: =+MONTH(A28) -> 12 | C28: =+YEAR(A28) -> 2011 | D28: IV. Trim | E28: 2957.6203 | F28: =+VLOOKUP(YEAR(A28),[20]PIB!$F$1:$G$93,2,0) -> 79276.664 | G28: =+E28/F28 -> 0.037307577 | I28: 2957.6203
... A30: 41609 | B30: =+MONTH(A30) -> 12 | C30: =+YEAR(A30) -> 2013 | D30: IV. Trim | E30: 4360.5217 | F30: =+VLOOKUP(YEAR(A30),[20]PIB!$F$1:$G$93,2,0) -> 95129.659 | G30: =+E30/F30 -> 0.045837667 | I30: 4360.5217
A31: 41974 | B31: =+MONTH(A31) -> 12 | C31: =+YEAR(A31) -> 2014 | D31: IV. Trim | E31: 3949.0696 | F31: =+VLOOKUP(YEAR(A31),[20]PIB!$F$1:$G$93,2,0) -> 101726.33 | G31: =+E31/F31 -> 0.038820525 | J31: 3949.0696
A32: 42339 | B32: =+MONTH(A32) -> 12 | C32: =+YEAR(A32) -> 2015 | D32: IV. Trim | E32: 2495.9566 | F32: =+VLOOKUP(YEAR(A32),[20]PIB!$F$1:$G$93,2,0) -> 99290.381 | G32: =+E32/F32 -> 0.02513795 | J32: 2495.9566
A33: 42705 | B33: =+MONTH(A33) -> 12 | C33: =+YEAR(A33) -> 2016 | D33: IV. Trim | E33: 4258.8499 | F33: =+VLOOKUP(YEAR(A33),[20]PIB!$F$1:$G$93,2,0) -> 99937.696 | G33: =+E33/F33 -> 0.04261505 | J33: 4258.8499
A34: 43070 | B34: =+MONTH(A34) -> 12 | C34: =+YEAR(A34) -> 2017 | D34: IV. Trim | E34: 2451.0658 | F34: =+VLOOKUP(YEAR(A34),[20]PIB!$F$1:$G$93,2,0) -> 104295.86 | G34: =+E34/F34 -> 0.023501084 | J34: 2451.0658
A35: 43435 | B35: =+MONTH(A35) -> 12 | C35: =+YEAR(A35) -> 2018 | D35: IV. Trim | E35: 2676.525 | F35: =+VLOOKUP(YEAR(A35),[20]PIB!$F$1:$G$93,2,0) -> 107562.01 | G35: =+E35/F35 -> 0.024883553 | J35: 2676.525
A36: 43800 | B36: =+MONTH(A36) -> 12 | C36: =+YEAR(A36) -> 2019 | D36: IV. Trim | E36: 3397.1086 | F36: =+VLOOKUP(C36,[20]PIB!$A$1:$C$22,3,0) -> 107435.66 | G36: =+E36/F36 -> 0.031619934 | J36: 3397.1086
A37: 43983 | B37: =+MONTH(A37) -> 6 | C37: 2020 | D37: II. Trim | E37: 2665.6085 | F37: =+VLOOKUP(C37,[20]PIB!$A$1:$C$22,3,0) -> 96512.458 | G37: =+E37/F37 -> 0.027619321 | J37: 2665.6085

Sheet Gráfico 2.4
A2: Relación existente entre Balanza de Pagos y Reserva Internacional
A3: Millones de USD- Porcentaje
A5: Año | B5: Resultado Global BP (eje der.) | C5: Reserva Internacional (eje izq.) | D5: PIB Nominal(Millones de USD) | E5: BOP (% del PIB) | F5: RI (% del PIB) | G5: Variación Anual de RI (eje der.) | O5: Gráfico 2.4 Evolución de las Reservas Internacionales,
A6: 2000 | B6: -5707.28 | C6: 946.98 | D6: 18318.601 | E6: =+B6/D6 -> -0.31155654 | F6: =+C6/D6 -> 0.051694996 | O6: y Resultado Global de la Balanza de Pagos
A7: 2001 | B7: -230.14035 | C7: 839.99 | D7: 24468.324 | E7: =+B7/D7 -> -0.0094056444 | F7: =+C7/D7 -> 0.034329691 | G7: =+C7-C6 -> -106.99 | O7: Millones de USD
A8: 2002 | B8: -127.47846 | C8: 1008 | D8: 28548.945 | E8: =+B8/D8 -> -0.0044652598 | F8: =+C8/D8 -> 0.035307785 | G8: =+C8-C7 -> 168.01 | M8: Periodo 2000-2019
A9: 2003 | B9: 135.74729 | C9: 1160 | D9: 32432.858 | E9: =+B9/D9 -> 0.0041854865 | F9: =+C9/D9 -> 0.035766197 | G9: =+C9-C8 -> 152
A10: 2004 | B10: 281.03052 | C10: 1437 | D10: 36591.661 | E10: =+B10/D10 -> 0.0076801794 | F10: =+C10/D10 -> 0.039271243 | G10: =+C10-C9 -> 277
A11: 2005 | B11: 666.12738 | C11: 2147 | D11: 41507.085 | E11: =+B11/D11 -> 0.016048522 | F11: =+C11/D11 -> 0.051726109 | G11: =+C11-C10 -> 710
A12: 2006 | B12: -130.61336 | C12: 2023 | D12: 46802.044 | E12: =+B12/D12 -> -0.0027907618 | F12: =+C12/D12 -> 0.043224608 | G12: =+C12-C11 -> -124
A13: 2007 | B13: 1386.6078 | C13: 3520.8 | D13: 51007.777 | E13: =+B13/D13 -> 0.027184243 | F13: =+C13/D13 -> 0.069024769 | G13: =+C13-C12 -> 1497.8
A14: 2008 | B14: 933.94821 | C14: 4473.1 | D14: 61762.635 | E14: =+B14/D14 -> 0.015121573 | F14: =+C14/D14 -> 0.072424047 | G14: =+C14-C13 -> 952.3
A15: 2009 | B15: -2647.1711 | C15: 3792.1 | D15: 62519.686 | E15: =+B15/D15 -> -0.042341401 | F15: =+C15/D15 -> 0.060654495 | G15: =+C15-C14 -> -681
A16: 2010 | B16: -1212.2622 | C16: 2619.8 | D16: 69555.367 | E16: =+B16/D16 -> -0.017428738 | F16: =+C16/D16 -> 0.037664958 | G16: =+C16-C15 -> -1172.3
A17: 2011 | B17: 271.99558 | C17: 3113.8 | D17: 79276.664 | E17: =+B17/D17 -> 0.0034309665 | F17: =+C17/D17 -> 0.039277637 | G17: =+C17-C16 -> 494
A18: 2012 | B18: -581.92821 | C18: 2482.5 | D18: 87924.544 | E18: =+B18/D18 -> -0.0066184957 | F18: =+C18/D18 -> 0.028234437 | G18: =+C18-C17 -> -631.3
A19: 2013 | B19: 1845.9416 | C19: 4360.5 | D19: 95129.659 | E19: =+B19/D19 -> 0.01940448 | F19: =+C19/D19 -> 0.04583744 | G19: =+C19-C18 -> 1878
A20: 2014 | B20: -424.46908 | C20: 3949.1 | D20: 101726.33 | E20: =+B20/D20 -> -0.0041726569 | F20: =+C20/D20 -> 0.038820824 | G20: =+C20-C19 -> -411.4
... A25: 2019 | B25: 1529.5565 | C25: 3397.1086 | D25: 107435.66 | E25: =+B25/D25 -> 0.014236952 | F25: =+C25/D25 -> 0.031619934 | G25: =+C25-C24 -> 720.58363
A27: Nota (*): Los datos de Balanza de Pagos en 2019 corresponden a los valores al tercer trimestre de 2019. Versión 5 del Manual de Balanza de Pagos

Sheet Gráfico 2.5 
A2: Relación existente entre Balanza de Pagos y Reserva Internacional
A3: Millones de USD- Porcentaje
A5: Año | B5: Resultado Global BP (eje der.) | C5: Reserva Internacional (eje izq.) | D5: PIB (Millones de USD) | E5: BOP (% del PIB) | F5: RI (% del PIB) | G5: Variación Anual de RI (eje der.)
A6: 2000 | B6: -5707.28 | C6: 946.98 | D6: =+VLOOKUP(A6,PIB!A1:C212,3,0) -> 18318.601 | E6: =+B6/D6 -> -0.31155654 | F6: =+C6/D6 -> 0.051694996
A7: 2001 | B7: -230.14035 | C7: 839.99 | D7: =+VLOOKUP(A7,PIB!A2:C213,3,0) -> 24468.324 | E7: =+B7/D7 -> -0.0094056444 | F7: =+C7/D7 -> 0.034329691 | G7: =+C7-C6 -> -106.99
A8: 2002 | B8: -127.47846 | C8: 1008 | D8: =+VLOOKUP(A8,PIB!A3:C214,3,0) -> 28548.945 | E8: =+B8/D8 -> -0.0044652598 | F8: =+C8/D8 -> 0.035307785 | G8: =+C8-C7 -> 168.01
A9: 2003 | B9: 135.74729 | C9: 1160 | D9: =+VLOOKUP(A9,PIB!A4:C215,3,0) -> 32432.858 | E9: =+B9/D9 -> 0.0041854865 | F9: =+C9/D9 -> 0.035766197 | G9: =+C9-C8 -> 152
A10: 2004 | B10: 281.03052 | C10: 1437 | D10: =+VLOOKUP(A10,PIB!A5:C216,3,0) -> 36591.661 | E10: =+B10/D10 -> 0.0076801794 | F10: =+C10/D10 -> 0.039271243 | G10: =+C10-C9 -> 277
A11: 2005 | B11: 666.12738 | C11: 2147 | D11: =+VLOOKUP(A11,PIB!A6:C217,3,0) -> 41507.085 | E11: =+B11/D11 -> 0.016048522 | F11: =+C11/D11 -> 0.051726109 | G11: =+C11-C10 -> 710
A12: 2006 | B12: -130.61336 | C12: 2023 | D12: =+VLOOKUP(A12,PIB!A7:C218,3,0) -> 46802.044 | E12: =+B12/D12 -> -0.0027907618 | F12: =+C12/D12 -> 0.043224608 | G12: =+C12-C11 -> -124
A13: 2007 | B13: 1386.6078 | C13: 3520.8 | D13: =+VLOOKUP(A13,PIB!A8:C219,3,0) -> 51007.777 | E13: =+B13/D13 -> 0.027184243 | F13: =+C13/D13 -> 0.069024769 | G13: =+C13-C12 -> 1497.8
A14: 2008 | B14: 933.94821 | C14: 4473.1 | D14: =+VLOOKUP(A14,PIB!A9:C220,3,0) -> 61762.635 | E14: =+B14/D14 -> 0.015121573 | F14: =+C14/D14 -> 0.072424047 | G14: =+C14-C13 -> 952.3
A15: 2009 | B15: -2647.1711 | C15: 3792.1 | D15: =+VLOOKUP(A15,PIB!A10:C221,3,0) -> 62519.686 | E15: =+B15/D15 -> -0.042341401 | F15: =+C15/D15 -> 0.060654495 | G15: =+C15-C14 -> -681
A16: 2010 | B16: -1212.2622 | C16: 2619.8 | D16: =+VLOOKUP(A16,PIB!A11:C222,3,0) -> 69555.367 | E16: =+B16/D16 -> -0.017428738 | F16: =+C16/D16 -> 0.037664958 | G16: =+C16-C15 -> -1172.3
A17: 2011 | B17: 271.99558 | C17: 3113.8 | D17: =+VLOOKUP(A17,PIB!A12:C223,3,0) -> 79276.664 | E17: =+B17/D17 -> 0.0034309665 | F17: =+C17/D17 -> 0.039277637 | G17: =+C17-C16 -> 494
A18: 2012 | B18: -581.92821 | C18: 2482.5 | D18: =+VLOOKUP(A18,PIB!A13:C224,3,0) -> 87924.544 | E18: =+B18/D18 -> -0.0066184957 | F18: =+C18/D18 -> 0.028234437 | G18: =+C18-C17 -> -631.3
... A25: 2019 | B25: 1529.5565 | C25: 3397.1086 | D25: =+VLOOKUP(A25,PIB!A20:C231,3,0) -> 107435.66 | E25: =+B25/D25 -> 0.014236952 | F25: =+C25/D25 -> 0.031619934 | G25: =+C25-C24 -> 720.58363
A27: Nota (*): Los datos de Balanza de Pagos en 2019 corresponden a los valores al tercer trimestre de 2019. Versión 5 del Manual de Balanza de Pagos
O28: Evolución de las Reservas Internacionales,
O29: y Resultado Global de la Balanza de Pagos
O30: % del PIB
O31: Periodo 2001-2019

Sheet Gráfico 2.6 
A1: Profundización financiera | D1: Volver al Índice | E1: Volver al Índice
A2: En Porcentaje del PIB
A3: Año | B3: Captaciones Totales OSD | C3: Cartera Total OSD
A4: =+'Gráfico 2.8'!$A$5 -> 1990 | B4: 0.088604837 | C4: 0.056962731
A5: 1991 | B5: 0.08912354 | C5: 0.059372691
A6: 1992 | B6: 0.09256096 | C6: 0.06213749
A7: 1993 | B7: 0.12421601 | C7: 0.099745865
A8: =+A7+1 -> 1994 | B8: 0.14703159 | C8: 0.14118375
A9: =+A8+1 -> 1995 | B9: 0.15048384 | C9: 0.16294643 | I9: Gráfico 2.6 Profundización financiera
A10: =+A9+1 -> 1996 | B10: 0.1722865 | C10: 0.16376276 | I10: Porcentaje del PIB, Periodo 2000-2019
A11: =+A10+1 -> 1997 | B11: 0.17207119 | C11: 0.17925263
A12: =+A11+1 -> 1998 | B12: 0.15757569 | C12: 0.1713062
A13: =+A12+1 -> 1999 | B13: 0.14473822 | C13: 0.18279897
A14: =+A13+1 -> 2000 | B14: 0.19143001 | C14: 0.19565905
A15: =+A14+1 -> 2001 | B15: 0.18875261 | C15: 0.19489238
A16: =+A15+1 -> 2002 | B16: 0.19521702 | C16: 0.16095971
A17: =+A16+1 -> 2003 | B17: 0.15433731 | C17: 0.13322045
A18: =+A17+1 -> 2004 | B18: 0.17395111 | C18: 0.15391212
A19: =+A18+1 -> 2005 | B19: 0.18550785 | C19: 0.17129991
A20: =+A19+1 -> 2006 | B20: 0.19203285 | C20: 0.18713926
A21: =+A20+1 -> 2007 | B21: 0.20903773 | C21: 0.19739931
A22: =+A21+1 -> 2008 | B22: 0.21051045 | C22: 0.20610099
... A29: =+A28+1 -> 2015 | B29: 0.28008655 | C29: 0.25876565
A30: =+A29+1 -> 2016 | B30: 0.328553 | C30: 0.27103477 | G30: Nota : Para 2020 se considera la previsión del PIB publicada en Junio 2020.
A31: =+A30+1 -> 2017 | B31: 0.34361776 | C31: 0.30768507
A32: =+A31+1 -> 2018 | B32: 0.35017308 | C32: 0.34617976
A33: =+A32+1 -> 2019 | B33: 0.38088823 | C33: 0.38675211
A34: 2020 (jun) | B34: 0.42589341 | C34: 0.42674677
A37: Nota: Hasta febrero 2017 las OSD comprendían: bancos privados, sociedades financieras, mutualistas, cooperativas, tarjetas de crédito, BNF (hasta el 06 de mayo de 2016), y BanEcuador (a partir del 13 de mayo de 2016). A partir de marzo 2017, en cumplimiento a lo dispuesto en el Código Orgánico Monetario y Financiero (Registro Oficial 332 de 12 de septiembre de 2014), las OSD comprenden bancos privados, sociedades financieras, mutualistas, cooperativas, BanEcuador. Se excluye la información de la Banca Cerrada

Sheet Gráfico 2.7 
A1: Índice
A2: Captaciones de las Otras Sociedades de Depósito,
A3: Millones de USD y porcentaje
A4: Año | C4: Captaciones Totales OSD | D4: Tasa de variación anual | E4: PIB | F4: Captaciones Totales % PIB (der)
A5: 1990 | C5: 1349.6265 | E5: 15231.973 | F5: =(C5/E5)*100 -> 8.8604837
A6: 1991 | C6: 1513.3214 | D6: =+C6/C5-1 -> 0.12128902 | E6: 16980.041 | F6: =(C6/E6)*100 -> 8.912354 | L6: Gráfico 2.7 Captaciones de las Otras Sociedades de Depósito,
A7: 1992 | C7: 1673.9826 | D7: =+C7/C6-1 -> 0.10616468 | E7: 18085.191 | F7: =(C7/E7)*100 -> 9.256096 | L7: Millones de USD y Porcentaje
A8: 1993 | C8: 2351.3156 | D8: =+C8/C7-1 -> 0.40462367 | E8: 18929.248 | F8: =(C8/E8)*100 -> 12.421601 | L8: Periodo 2000-2019
A9: 1994 | C9: 3337.223 | D9: =+C9/C8-1 -> 0.4193003 | E9: 22697.319 | F9: =(C9/E9)*100 -> 14.703159
A10: 1995 | C10: 3674.9159 | D10: =+C10/C9-1 -> 0.10118979 | E10: 24420.668 | F10: =(C10/E10)*100 -> 15.048384
A11: 1996 | C11: 4343.9939 | D11: =+C11/C10-1 -> 0.18206623 | E11: 25213.78 | F11: =(C11/E11)*100 -> 17.22865
A12: 1997 | C12: 4843.4551 | D12: =+C12/C11-1 -> 0.11497742 | E12: 28147.972 | F12: =(C12/E12)*100 -> 17.207119
A13: 1998 | C13: 4407.062 | D13: =+C13/C12-1 -> -0.090099557 | E13: 27967.906 | F13: =(C13/E13)*100 -> 15.757569
A14: 1999 | C14: 2842 | D14: =+C14/C13-1 -> -0.35512593 | E14: 19635.45 | F14: =(C14/E14)*100 -> 14.473822
A15: 2000 | C15: 3506.73 | D15: =+C15/C14-1 -> 0.23389514 | E15: 18318.601 | F15: =(C15/E15)*100 -> 19.143001
A16: 2001 | C16: 4618.46 | D16: =+C16/C15-1 -> 0.31702754 | E16: 24468.324 | F16: =(C16/E16)*100 -> 18.875261
A17: 2002 | C17: 5573.24 | D17: =+C17/C16-1 -> 0.20673125 | E17: 28548.945 | F17: =(C17/E17)*100 -> 19.521702
A18: 2003 | C18: 5005.6 | D18: =+C18/C17-1 -> -0.10185099 | E18: 32432.858 | F18: =(C18/E18)*100 -> 15.433731
A19: 2004 | C19: 6365.16 | D19: =+C19/C18-1 -> 0.2716078 | E19: 36591.661 | F19: =(C19/E19)*100 -> 17.395111
A20: 2005 | C20: 7699.89 | D20: =+C20/C19-1 -> 0.20969308 | E20: 41507.085 | F20: =(C20/E20)*100 -> 18.550785
... A29: 2014 | C29: 30477.81 | D29: =+C29/C28-1 -> 0.10439853 | E29: 101726.33 | F29: =(C29/E29)*100 -> 29.960591
A30: 2015 | C30: 27809.9 | D30: =+C30/C29-1 -> -0.087536145 | E30: 99290.381 | F30: =(C30/E30)*100 -> 28.008655 | J30: Nota : Para 2020 se considera la previsión del PIB publicada en Junio 2020.
A31: 2016 | C31: 32834.83 | D31: =+C31/C30-1 -> 0.18068853 | E31: 99937.696 | F31: =(C31/E31)*100 -> 32.8553
A32: 2017 | C32: 35837.91 | D32: =+C32/C31-1 -> 0.091460196 | E32: 104295.86 | F32: =(C32/E32)*100 -> 34.361776
A33: 2018 | C33: 37665.32 | D33: =+C33/C32-1 -> 0.050990976 | E33: 107562.01 | F33: =(C33/E33)*100 -> 35.017308
A34: 2019 | C34: 40920.98 | D34: =+C34/C33-1 -> 0.086436542 | E34: 107435.66 | F34: =(C34/E34)*100 -> 38.088823
A35: 2020 (jun) | C35: 41104.02 | D35: =(C35/38345.3)-1 -> 0.07194415 | E35: 96512.458 | F35: =(C35/E35)*100 -> 42.589341
A37: Nota: Hasta febrero 2017 las OSD comprendían: bancos privados, sociedades financieras, mutualistas, cooperativas, tarjetas de crédito, BNF (hasta el 06 de mayo de 2016), y BanEcuador (a partir del 13 de mayo de 2016). A partir de marzo 2017, en cumplimiento a lo dispuesto en el Código Orgánico Monetario y Financiero (Registro Oficial 332 de 12 de septiembre de 2014), las OSD comprenden bancos privados, sociedades financieras, mutualistas, cooperativas, BanEcuador. Se excluye la información de la Banca Cerrada

Sheet Gráfico 2.8
G1: Volver al Índice
A2: Cartera de crédito de las Otras Sociedades de Depósito | G2: Volver al Índice
A3: Millones de USD y porcentaje
A4: Año | B4: Cartera Total OSD | C4: Tasa de variación anual | D4: PIB | E4: Cartera Total % PIB (der)
A5: 1990 | B5: 867.65478 | D5: 15231.973 | E5: =(B5/D5)*100 -> 5.6962731
A6: 1991 | B6: 1008.1507 | C6: =+B6/B5-1 -> 0.16192608 | D6: 16980.041 | E6: =(B6/D6)*100 -> 5.9372691
A7: 1992 | B7: 1123.7684 | C7: =+B7/B6-1 -> 0.1146829 | D7: 18085.191 | E7: =(B7/D7)*100 -> 6.213749
A8: 1993 | B8: 1888.1142 | C8: =+B8/B7-1 -> 0.68016315 | D8: 18929.248 | E8: =(B8/D8)*100 -> 9.9745865
A9: 1994 | B9: 3204.4927 | C9: =+B9/B8-1 -> 0.69719219 | D9: 22697.319 | E9: =(B9/D9)*100 -> 14.118375 | N9: Gráfico 2.8 Cartera de crédito de las Otras Sociedades de Depósito
A10: 1995 | B10: 3979.2606 | C10: =+B10/B9-1 -> 0.24177552 | D10: 24420.668 | E10: =(B10/D10)*100 -> 16.294643 | P10: Millones de USD y Porcentaje
A11: 1996 | B11: 4129.0782 | C11: =+B11/B10-1 -> 0.037649599 | D11: 25213.78 | E11: =(B11/D11)*100 -> 16.376276
A12: 1997 | B12: 5045.598 | C12: =+B12/B11-1 -> 0.22196718 | D12: 28147.972 | E12: =(B12/D12)*100 -> 17.925263
A13: 1998 | B13: 4791.0758 | C13: =+B13/B12-1 -> -0.050444401 | D13: 27967.906 | E13: =(B13/D13)*100 -> 17.13062
A14: 1999 | B14: 3589.34 | C14: =+B14/B13-1 -> -0.25082797 | D14: 19635.45 | E14: =(B14/D14)*100 -> 18.279897
A15: 2000 | B15: 3584.2 | C15: =+B15/B14-1 -> -0.0014320181 | D15: 18318.601 | E15: =(B15/D15)*100 -> 19.565905
A16: 2001 | B16: 4768.69 | C16: =+B16/B15-1 -> 0.33047542 | D16: 24468.324 | E16: =(B16/D16)*100 -> 19.489238
A17: 2002 | B17: 4595.23 | C17: =+B17/B16-1 -> -0.03637477 | D17: 28548.945 | E17: =(B17/D17)*100 -> 16.095971
A18: 2003 | B18: 4320.72 | C18: =+B18/B17-1 -> -0.059738033 | D18: 32432.858 | E18: =(B18/D18)*100 -> 13.322045
A19: 2004 | B19: 5631.9 | C19: =+B19/B18-1 -> 0.30346331 | D19: 36591.661 | E19: =(B19/D19)*100 -> 15.391212
A20: 2005 | B20: 7110.16 | C20: =+B20/B19-1 -> 0.2624798 | D20: 41507.085 | E20: =(B20/D20)*100 -> 17.129991
A21: 2006 | B21: 8758.5 | C21: =+B21/B20-1 -> 0.23182882 | D21: 46802.044 | E21: =(B21/D21)*100 -> 18.713926
A22: 2007 | B22: 10068.9 | C22: =+B22/B21-1 -> 0.14961466 | D22: 51007.777 | E22: =(B22/D22)*100 -> 19.739931
... A32: 2017 | B32: 32090.28 | C32: =+B32/B31-1 -> 0.18472942 | D32: 104295.86 | E32: =(B32/D32)*100 -> 30.768507
A33: 2018 | B33: 37235.79 | C33: =+B33/B32-1 -> 0.16034481 | D33: 107562.01 | E33: =(B33/D33)*100 -> 34.617976 | L33: Nota : Para 2020 se considera la previsión del PIB publicada en Junio 2020.
A34: 2019 | B34: 41550.97 | C34: =+B34/B33-1 -> 0.11588797 | D34: 107435.66 | E34: =(B34/D34)*100 -> 38.675211
A35: 2020 (jun) | B35: 41186.38 | C35: =(B35/38969.56)-1 -> 0.056885939 | D35: 96512.458 | E35: =(B35/D35)*100 -> 42.674677
A37: Nota: Hasta febrero 2017 las OSD comprendían: bancos privados, sociedades financieras, mutualistas, cooperativas, tarjetas de crédito, BNF (hasta el 06 de mayo de 2016), y BanEcuador (a partir del 13 de mayo de 2016). A partir de marzo 2017, en cumplimiento a lo dispuesto en el Código Orgánico Monetario y Financiero (Registro Oficial 332 de 12 de septiembre de 2014), las OSD comprenden bancos privados, sociedades financieras, mutualistas, cooperativas, BanEcuador. Se excluye la información de la Banca Cerrada

Sheet Gráfico 2.9 
A2: Cartera de crédito y Captaciones de las Otras Sociedades de Depósito- Tasa de variación anual
A3: En porcentaje
A4: Año | B4: Captaciones | C4: =+'Gráfico 2.8'!$B$4 -> Cartera Total OSD
A5: 2000 | B5: =+'Gráfico 2.7 '!D15 -> 0.23389514 | C5: =+'Gráfico 2.8'!$C15 -> -0.0014320181
A6: 2001 | B6: =+'Gráfico 2.7 '!D16 -> 0.31702754 | C6: =+'Gráfico 2.8'!$C16 -> 0.33047542 | G6: Gráfico 2.9 Cartera de crédito y Captaciones de las Otras Sociedades de Depósito
A7: 2002 | B7: =+'Gráfico 2.7 '!D17 -> 0.20673125 | C7: =+'Gráfico 2.8'!$C17 -> -0.03637477 | I7: Tasa de variación anual
A8: 2003 | B8: =+'Gráfico 2.7 '!D18 -> -0.10185099 | C8: =+'Gráfico 2.8'!$C18 -> -0.059738033
A9: 2004 | B9: =+'Gráfico 2.7 '!D19 -> 0.2716078 | C9: =+'Gráfico 2.8'!$C19 -> 0.30346331
A10: 2005 | B10: =+'Gráfico 2.7 '!D20 -> 0.20969308 | C10: =+'Gráfico 2.8'!$C20 -> 0.2624798
A11: 2006 | B11: =+'Gráfico 2.7 '!D21 -> 0.16722836 | C11: =+'Gráfico 2.8'!$C21 -> 0.23182882
A12: 2007 | B12: =+'Gráfico 2.7 '!D22 -> 0.18637156 | C12: =+'Gráfico 2.8'!$C22 -> 0.14961466
A13: 2008 | B13: =+'Gráfico 2.7 '!D23 -> 0.2193781 | C13: =+'Gráfico 2.8'!$C23 -> 0.2642235
A14: 2009 | B14: =+'Gráfico 2.7 '!D24 -> 0.098396515 | C14: =+'Gráfico 2.8'!$C24 -> -0.0055454564
A15: 2010 | B15: =+'Gráfico 2.7 '!D25 -> 0.22971431 | C15: =+'Gráfico 2.8'!$C25 -> 0.2342206
A16: 2011 | B16: =+'Gráfico 2.7 '!D26 -> 0.20620332 | C16: =+'Gráfico 2.8'!$C26 -> 0.21308282
A17: 2012 | B17: =+'Gráfico 2.7 '!D27 -> 0.1563273 | C17: =+'Gráfico 2.8'!$C27 -> 0.14041491
A18: 2013 | B18: =+'Gráfico 2.7 '!D28 -> 0.12666238 | C18: =+'Gráfico 2.8'!$C28 -> 0.10846675
A19: 2014 | B19: =+'Gráfico 2.7 '!D29 -> 0.10439853 | C19: =+'Gráfico 2.8'!$C29 -> 0.11220402
... A24: 2019 | B24: =+'Gráfico 2.7 '!D34 -> 0.086436542 | C24: =+'Gráfico 2.8'!$C34 -> 0.11588797
A25: 2020 (jun) | B25: 0.07194415 | C25: 0.07194415
A27: Nota: Hasta febrero 2017 las OSD comprendían: bancos privados, sociedades financieras, mutualistas, cooperativas, tarjetas de crédito, BNF (hasta el 06 de mayo de 2016), y BanEcuador (a partir del 13 de mayo de 2016). A partir de marzo 2017, en cumplimiento a lo dispuesto en el Código Orgánico Monetario y Financiero (Registro Oficial 332 de 12 de septiembre de 2014), las OSD comprenden bancos privados, sociedades financieras, mutualistas, cooperativas, BanEcuador. Se excluye la información de la Banca Cerrada

Sheet Gráfico 2.10
A1: Captaciones de las Otras Sociedades de Depósito, Tasa de variación anual
A2: En porcentaje
A3: Fecha | B3: Depósitos a la Vista Totales OSD | C3: Cuasidinero OSD | D3: Depósitos de Ahorro_OSD | E3: Depósitos a Plazo Fijo_OSD | F3: Captaciones Totales
A4: 42005 | B4: 0.043525732 | C4: 0.11904148 | D4: 0.10727616 | E4: 0.10684298 | F4: 0.095864306
A5: 42036 | B5: 0.02454122 | C5: 0.11382871 | D5: 0.099128252 | E5: 0.089375742 | F5: 0.086897062
A6: 42064 | B6: 0.044972984 | C6: 0.11757192 | D6: 0.092790651 | E6: 0.11182576 | F6: 0.095448434
A7: 42095 | B7: -0.012252324 | C7: 0.10375121 | D7: 0.057905295 | E7: 0.11355647 | F7: 0.069735362
A8: 42125 | B8: -0.011088479 | C8: 0.094863403 | D8: 0.053743214 | E8: 0.094027205 | F8: 0.06384073
A9: 42156 | B9: -0.044233116 | C9: 0.069131624 | D9: 0.032092624 | E9: 0.05788786 | F9: 0.03532794
A10: 42186 | B10: -0.051357076 | C10: 0.063485406 | D10: 0.013639963 | E10: 0.067582564 | F10: 0.029444411
A11: 42217 | B11: -0.084021167 | C11: 0.031866055 | D11: -0.032503572 | E11: 0.043935248 | F11: -0.0027363633
A12: 42248 | B12: -0.14391161 | C12: 0.025081159 | D12: -0.032514234 | E12: 0.031149512 | F12: -0.026269908
A13: 42278 | B13: -0.15403413 | C13: 0.0019010511 | D13: -0.056432464 | E13: 0.0070669347 | F13: -0.043911226
A14: 42309 | B14: -0.17647637 | C14: -0.012869637 | D14: -0.080192057 | E14: -0.0007589715 | F14: -0.062001698
A15: 42339 | B15: -0.2059609 | C15: -0.037372046 | D15: -0.11072785 | E15: -0.0035068458 | F15: -0.087536145
... A71: 44074 | B71: 0.049013115 | C71: 0.081552374 | D71: 0.043765539 | E71: 0.12271462 | F71: 0.07422406
A73: Nota: Hasta febrero 2017 las OSD comprendían: bancos privados, sociedades financieras, mutualistas, cooperativas, tarjetas de crédito, BNF (hasta el 06 de mayo de 2016), y BanEcuador (a partir del 13 de mayo de 2016). A partir de marzo 2017, en cumplimiento a lo dispuesto en el Código Orgánico Monetario y Financiero (Registro Oficial 332 de 12 de septiembre de 2014), las OSD comprenden bancos privados, sociedades financieras, mutualistas, cooperativas, BanEcuador. Se excluye la información de la Banca Cerrada

Sheet Gráfico 2.11
A1: Cartera por vencer de las OSD por tipo de crédito
A2: En Porcentaje
A4: Fecha | B4: TVA _Comercial Productivo | C4: TVA _Microcrédito | D4: TVA _Consumo | E4: TVA _Vivienda | F4: TVA _Educativo
A5: 42766 | B5: 0.084215561 | C5: 0.054127574 | D5: 0.068515409 | E5: 0.10322161 | F5: 0.0058712778
A6: 42794 | B6: 0.10028254 | C6: 0.078150423 | D6: 0.094768478 | E6: 0.10015326 | F6: 0.001979904
A7: 42825 | B7: 0.10908795 | C7: 0.10574993 | D7: 0.11437571 | E7: 0.13103208 | F7: 0.0035149385
A8: 42855 | B8: 0.13777454 | C8: 0.12042361 | D8: 0.14493788 | E8: 0.14272922 | F8: 0.001310454
A9: 42886 | B9: 0.16608812 | C9: 0.16064106 | D9: 0.17029589 | E9: 0.16020228 | F9: 0.0015409852
A10: 42916 | B10: 0.15961704 | C10: 0.16712699 | D10: 0.17407066 | E10: 0.14814145 | F10: 0.0078957956
A11: 42947 | B11: 0.1590906 | C11: 0.1592721 | D11: 0.18556762 | E11: 0.13157532 | F11: 0.0025436962
A12: 42978 | B12: 0.18402643 | C12: 0.17470328 | D12: 0.14779051 | E12: 0.11775638 | F12: 0.0073939
A13: 43008 | B13: 0.21516829 | C13: 0.18214928 | D13: 0.15752682 | E13: 0.13140312 | F13: 0.00031904972
A14: 43039 | B14: 0.20859667 | C14: 0.20387662 | D14: 0.17043406 | E14: 0.15750005 | F14: 0.0099589348
A15: 43069 | B15: 0.23370722 | C15: 0.21322573 | D15: 0.18456547 | E15: 0.16557598 | F15: 0.012724977
A16: 43100 | B16: 0.21339387 | C16: 0.22934476 | D16: 0.18948248 | E16: 0.15068119 | F16: 0.0072833924
... A25: 43373 | B25: 0.14779197 | C25: 0.22406874 | D25: 0.23223386 | E25: 0.11488438 | F25: -0.011653868
A26: 43404 | B26: 0.1279612 | C26: 0.21303939 | D26: 0.22460911 | E26: 0.12078781 | F26: -0.027317881 | H26: Cartera por vencer de las OSD por tipo de crédito
A27: 43434 | B27: 0.15464766 | C27: 0.20865642 | D27: 0.21292774 | E27: 0.11806099 | F27: -0.02957929
A28: 43465 | B28: 0.13394403 | C28: 0.1908555 | D28: 0.20263929 | E28: 0.13457129 | F28: -0.034042656
A29: 43496 | B29: 0.10135092 | C29: 0.1866442 | D29: 0.19993253 | E29: 0.14142927 | F29: -0.035304995
A30: 43524 | B30: 0.11182016 | C30: 0.19838158 | D30: 0.19307269 | E30: 0.14687573 | F30: -0.02248102
A31: 43555 | B31: 0.12103274 | C31: 0.18703989 | D31: 0.17499075 | E31: 0.15015256 | F31: -0.035438129
A32: 43585 | B32: 0.099472518 | C32: 0.18211027 | D32: 0.16830269 | E32: 0.1547319 | F32: -0.0017364083
A33: 43616 | B33: 0.087640719 | C33: 0.17629016 | D33: 0.16314536 | E33: 0.15294416 | F33: -0.0017278404
A34: 43646 | B34: 0.085005655 | C34: 0.17087437 | D34: 0.16003031 | E34: 0.14257157 | F34: -0.005590185
A35: 43677 | B35: 0.073034948 | C35: 0.16501451 | D35: 0.16061998 | E35: 0.14357241 | F35: -0.0011742954
A36: 43708 | B36: 0.07468387 | C36: 0.18143598 | D36: 0.1635938 | E36: 0.14065056 | F36: 0.013693524
A37: 43738 | B37: 0.081265529 | C37: 0.18260164 | D37: 0.16302671 | E37: 0.13682037 | F37: 0.018170986
A38: 43769 | B38: 0.096103916 | C38: 0.16772659 | D38: 0.15326351 | E38: 0.12030863 | F38: 0.029637046
... A42: 43890 | B42: 0.043403365 | C42: 0.14779273 | D42: 0.16537064 | E42: 0.092021032 | F42: 0.0086713919
A43: 43921 | B43: 0.037685082 | C43: 0.11802261 | D43: 0.15809495 | E43: 0.064198888 | F43: 0.0056040007 | H43: Nota: Hasta febrero 2017 las OSD comprendían: bancos privados, sociedades financieras, mutualistas, cooperativas, tarjetas de crédito, BNF (hasta el 06 de mayo de 2016), y BanEcuador (a partir del 13 de mayo de 2016). A partir de marzo 2017, en cumplimiento a lo dispuesto en el Código Orgánico Monetario y Financiero (Registro Oficial 332 de 12 de septiembre de 2014), las OSD comprenden bancos privados, sociedades financieras, mutualistas, cooperativas, BanEcuador. Se excluye la información de la Banca Cerrada
A44: 43951 | B44: 0.015064534 | C44: 0.085965799 | D44: 0.12373596 | E44: 0.024631157 | F44: -0.031505708
A45: 43982 | B45: 0.037361352 | C45: 0.08271756 | D45: 0.088088012 | E45: 0.010402623 | F45: -0.049922113
A46: 44012 | B46: 0.043789014 | C46: 0.078993868 | D46: 0.065093717 | E46: 0.010428993 | F46: -0.047584697

Sheet Gráfico 2.12
A2: Saldos de Títulos del Gobierno Central adquiridos por el BCE
A3: En millones de dólares
A4: fecha | B4: Bonos del Estado | C4: Cetes | D4: Total
A5: 42035 | B5: 880.76609 | C5: 0 | D5: =+C5+B5 -> 880.76609
A6: 42063 | B6: 881.00474 | C6: 0 | D6: =+C6+B6 -> 881.00474
A7: 42094 | B7: 712.38454 | C7: 324.86499 | D7: =+C7+B7 -> 1037.2495
A8: 42124 | B8: 581.38814 | C8: 300.20476 | D8: =+C8+B8 -> 881.5929
A9: 42155 | B9: 581.5586 | C9: 300.45886 | D9: =+C9+B9 -> 882.01747
A10: 42185 | B10: 380 | C10: 201.65004 | D10: =+C10+B10 -> 581.65004
A11: 42216 | B11: 380 | C11: 101.7294 | D11: =+C11+B11 -> 481.7294
A12: 42247 | B12: 380 | C12: 101.81696 | D12: =+C12+B12 -> 481.81696
A13: 42277 | B13: 380 | C13: 101.90177 | D13: =+C13+B13 -> 481.90177
A14: 42308 | B14: 380 | C14: 401.90177 | D14: =+C14+B14 -> 781.90177
A15: 42338 | B15: 680 | C15: 402.29617 | D15: =+C15+B15 -> 1082.2962
A16: 42369 | B16: 810.13148 | C16: 484.11484 | D16: =+C16+B16 -> 1294.2463
... A36: 42978 | B36: 3556.7434 | C36: 48.899887 | D36: =+C36+B36 -> 3605.6433
A37: 43008 | B37: 3541.9776 | C37: 67.986485 | D37: =+C37+B37 -> 3609.9641 | I37: Gráfico 2.12 Saldos de Títulos del Gobierno Central adquiridos por el BCE
A38: 43039 | B38: 2891.9776 | C38: 168.91562 | D38: =+C38+B38 -> 3060.8932 | I38: Millones de USD
A39: 43069 | B39: 2891.9776 | C39: 168.91562 | D39: =+C39+B39 -> 3060.8932
A40: 43100 | B40: 2891.9776 | C40: 98.855652 | D40: =+C40+B40 -> 2990.8332
A41: 43131 | B41: 2891.9776 | C41: 88.628578 | D41: =+C41+B41 -> 2980.6062
A42: 43159 | B42: 2891.9776 | C42: 52.071269 | D42: =+C42+B42 -> 2944.0489
A43: 43190 | B43: 2891.9776 | C43: 63.46389 | D43: =+C43+B43 -> 2955.4415
A44: 43220 | B44: 2891.9776 | C44: 63.345771 | D44: =+C44+B44 -> 2955.3234
A45: 43251 | B45: 2891.9776 | C45: 60.376702 | D45: =+C45+B45 -> 2952.3543
A46: 43281 | B46: 2891.9776 | C46: 60.376702 | D46: =+C46+B46 -> 2952.3543
A47: 43312 | B47: 2891.9776 | C47: 60.376702 | D47: =+C47+B47 -> 2952.3543
A48: 43343 | B48: 2891.9776 | C48: 60.362419 | D48: =+C48+B48 -> 2952.34
A49: 43373 | B49: 2891.9776 | C49: 60.019296 | D49: =+C49+B49 -> 2951.9969
A50: 43404 | B50: 2891.9776 | C50: 11.973969 | D50: =+C50+B50 -> 2903.9516
... A69: 43982 | B69: 2891.9776 | C69: 0 | D69: =+C69+B69 -> 2891.9776

Sheet Gráfico 2.13
A2: Colocación Total Inversión Doméstica 2009-2019
A3: En millones de dólares
A4: Entidad | B4: Valor nominal
A5: BNF / BANECUADOR | B5: 2113.9786 | F5: Gráfico 2.13 Colocación Total Inversión Doméstica 2009-2019
A6: BDE | B6: 1995.8861 | F6: Millones de USD
A7: CFN | B7: 3961.793
A8: BANCO DEL PACIFICO | B8: 175
A9: BEV | B9: 268.38095
A10: CONAFIPS | B10: 582.7649
A11: Total general | B11: =SUM(B5:B10) -> 9097.8036

Sheet Gráfico 2.14
A2: Saldos y Compras de Inversión doméstica realizada por el BCE
A3: En millones de dólares
A4: Período | B4: Compras - Inv. Doméstica | C4: Saldos - Inv. Doméstica
A5: 2009 | B5: 520 | C5: 520
A6: 2010 | B6: 525.5 | C6: 879.91667 | F6: Gráfico 2.12 Saldos de Inversión doméstica realizada por el BCE
A7: 2011 | B7: 905.75 | C7: 1053.9787 | G7: Millones de USD
A8: 2012 | B8: 1538.0881 | C8: 2051.3711
A9: 2013 | B9: 980.57423 | C9: 2679.4409
A10: 2014 | B10: 620 | C10: 2484.0621
A11: 2015 | B11: 1147 | C11: 2123.2331
A12: 2016 | B12: 811.49585 | C12: 2050.7164
A13: 2017 | B13: 674.69537 | C13: 2022.265
A14: 2018 | B14: 1024.7 | C14: 1967.9167
A15: 2019 | B15: 350 | C15: 1484.2509
A16: 2020 (jun) | C16: 1321.8243
A17: TOTAL | B17: =SUM(B5:B16) -> 9097.8036

Sheet Gráfico 2.15
A2: Tasa de interés referenciales en sucres
A3: En porcentaje
A4: Fecha | B4: Tasa Activa | C4: Tasa Pasiva | D4: Tasa Legal
A5: 33970 | B5: 46.89 | C5: 36.89 | D5: 49
A6: 34001 | B6: 33.87 | C6: 23.87 | D6: 46.89
A7: 34029 | B7: 31.13 | C7: 21.13 | D7: 33.87
A8: 34060 | B8: 36.33 | C8: 26.33 | D8: 31.13
A9: 34090 | B9: 53.76 | C9: 39.94 | D9: 36.33
A10: 34121 | B10: 58.83 | C10: 45.72 | D10: 53.76 | F10: Gráfico 2.15 Tasa de interés referenciales en sucres
A11: 34151 | B11: 54.06 | C11: 40.72 | D11: 58.83 | G11: Periodo ene.93- dic.99
A12: 34182 | B12: 52.47 | C12: 39.74 | D12: 54.06 | G12: En porcentaje (%)
A13: 34213 | B13: 41.64 | C13: 33.7 | D13: 52.47
A14: 34243 | B14: 35.25 | C14: 27.1 | D14: 41.64
A15: 34274 | B15: 33.57 | C15: 23.12 | D15: 35.25
A16: 34304 | B16: 36.03 | C16: 29.58 | D16: 33.57
A17: 34335 | B17: 46.11 | C17: 35.13 | D17: 36.03
A18: 34366 | B18: 49.27 | C18: 40.54 | D18: 46.11
A19: 34394 | B19: 35.98 | C19: 28.01 | D19: 49.27
A20: 34425 | B20: 35.75 | C20: 27.26 | D20: 35.98
A21: 34455 | B21: 40.15 | C21: 32.31 | D21: 35.75
A22: 34486 | B22: 43.2 | C22: 34.17 | D22: 40.15
A23: 34516 | B23: 45.61 | C23: 37.7 | D23: 43.2
A24: 34547 | B24: 44.73 | C24: 35.16 | D24: 45.61
... A88: 36495 | B88: 72.63 | C88: 46.9 | D88: 64.38

Sheet Gráfico 2.16
A2: fecha | B2: Tasa Activa | C2: Tasa Pasiva | D2: Tasa Legal | E2: Tasa Máxima Convencional
A3: 36617 | B3: 16.31 | C3: 8.79 | D3: 15.87 | E3: 24
A4: 36647 | B4: 14.19 | C4: 8.76 | D4: 16.31 | E4: 22
A5: 36678 | B5: 15.37 | C5: 7.92 | D5: 14.19 | E5: 20
A6: 36708 | B6: 15.75 | C6: 7.54 | D6: 15.37 | E6: 20
A7: 36739 | B7: 16.74 | C7: 8.41 | D7: 15.75 | E7: 20
A8: 36770 | B8: 15.56 | C8: 7.76 | D8: 16.74 | E8: 25.11
A9: 36800 | B9: 14.27 | C9: 7.66 | D9: 15.56 | E9: 23.34
A10: 36831 | B10: 13.16 | C10: 7.55 | D10: 14.27 | E10: 21.41
A11: 36861 | B11: 14.52 | C11: 7.7 | D11: 13.16 | E11: 19.74
A12: 36892 | B12: 16.42 | C12: 7.12 | D12: 14.52 | E12: 21.78
A13: 36923 | B13: 16.64 | C13: 7.02 | D13: 16.42 | E13: 24.63
A14: 36951 | B14: 15.27 | C14: 7.17 | D14: 16.64 | E14: 24.96
... A221: 43252 | B221: 7.33 | C221: 5.11 | D221: 7.33 | E221: 9.33
A222: 43282 | B222: 7.48 | C222: 5.14 | D222: 7.48 | E222: 9.33 | L222: Gráfico 2.16 Tasa de interés
A223: 43313 | B223: 7.63 | C223: 5.25 | D223: 7.63 | E223: 9.33 | L223: En porcentaje (%)
A224: 43344 | B224: 8.01 | C224: 5.08 | D224: 8.01 | E224: 9.33
A225: 43374 | B225: 8.34 | C225: 5.27 | D225: 8.34 | E225: 9.33
A226: 43405 | B226: 8.47 | C226: 5.32 | D226: 8.47 | E226: 9.33
A227: 43435 | B227: 8.69 | C227: 5.43 | D227: 8.69 | E227: 9.33
A228: 43466 | B228: 7.99 | C228: 5.62 | D228: 7.99 | E228: 9.33
A229: 43497 | B229: 8.82 | C229: 5.7 | D229: 8.82 | E229: 9.33
A230: 43525 | B230: 8.75 | C230: 5.67 | D230: 8.75 | E230: 9.33
A231: 43556 | B231: 8.62 | C231: 5.84 | D231: 8.62 | E231: 9.33
A232: 43586 | B232: 8.62 | C232: 5.61 | D232: 8.62 | E232: 9.33
A233: 43617 | B233: 8.02 | C233: 5.89 | D233: 8.02 | E233: 9.33
A234: 43647 | B234: 8.26 | C234: 5.93 | D234: 8.26 | E234: 9.33
A235: 43678 | B235: 8.74 | C235: 5.92 | D235: 8.74 | E235: 9.33
... A245: 43983 | B245: 9.1 | C245: 5.98 | D245: 9.1 | E245: 9.33

Sheet Gráfico 2.17
A2: 1.10.2 TASAS DE INTERÉS ACTIVAS EFECTIVAS Y MAXIMAS REFERENCIALES VIGENTES
A3: POR SEGMENTO DE CRÉDITO (Hasta Julio 2015)
A8: Período / Segmento | C8: Máxima | D8: Máxima | E8: Máxima | F8: Máxima | G8: Máxima | H8: Máxima | I8: Máxima | J8: Máxima
C9: Productivo | D9: Productivo | E9: Productivo | F9: Consumo | G9: Consumo | H9: Microcrédito | I9: Microcrédito | J9: Microcrédito | K9: Vivienda
C10: Corporativo | D10: Empresarial | E10: PYMES | G10: Minorista | H10: acumulación | I10: acumulación | J10: Minorista | P10: Gráfico 2.17 Tasa de interés por segmento de crédito
H11: ampliada | I11: simple | P11: En porcentaje (%)
A12: 2007 | B12: Septiembre | C12: 14.03 | E12: 20.11 | F12: 24.56 | G12: 37.27 | H12: 30.3 | I12: 43.85 | J12: 45.93 | K12: 14.77
B13: Octubre | C13: 13.04 | E13: 19.52 | F13: 24.6 | G13: 33.76 | H13: 31.97 | I13: 50.86 | J13: 48.21 | K13: 14.88
B14: Noviembre | C14: 12.28 | E14: 17.32 | F14: 22.58 | G14: 30.67 | H14: 31.8 | I14: 50.57 | J14: 48.21 | K14: 14.04
B15: Diciembre | C15: 12.28 | E15: 16.6 | F15: 22.45 | G15: 30.67 | H15: 30.85 | I15: 49.81 | J15: 48.21 | K15: 14.04
A16: 2008 | B16: Enero | C16: 11.81 | E16: 15.9 | F16: 21.19 | G16: 26.85 | H16: 27.98 | I16: 38.98 | J16: 39.98 | K16: 13.55
B17: Febrero | C17: 11.55 | E17: 15.64 | F17: 20.41 | G17: 25.56 | H17: 27.98 | I17: 38.98 | J17: 39.98 | K17: 13.5
B18: Marzo | C18: 11.26 | E18: 14.92 | F18: 19.96 | G18: 25.56 | H18: 27.98 | I18: 38.98 | J18: 39.98 | K18: 13.08
B19: Abril | C19: 10.9 | E19: 14.5 | F19: 19.5 | G19: 25 | H19: 25.5 | I19: 36.5 | J19: 37.5 | K19: 12.8
B20: Mayo | C20: 10 | E20: 13.5 | F20: 18.5 | G20: 24 | H20: 25.5 | I20: 36.5 | J20: 37.5 | K20: 12
B21: Junio | C21: 10 | E21: 13.5 | F21: 18.38 | G21: 23.73 | H21: 25.5 | I21: 36.5 | J21: 37.5 | K21: 12
B22: Julio | C22: 9.83 | E22: 13.08 | F22: 17.82 | G22: 23.11 | H22: 25.5 | I22: 35.5 | J22: 36.5 | K22: 11.83
B23: Agosto | C23: 9.66 | E23: 12.66 | F23: 17.26 | G23: 22.49 | H23: 25.5 | I23: 34.4 | J23: 35.2 | K23: 11.66
B24: Septiembre | C24: 9.5 | E24: 12.25 | F24: 16.7 | G24: 21.87 | H24: 25.5 | I24: 33.3 | J24: 33.9 | K24: 11.5
B25: Octubre | C25: 9.33 | E25: 11.83 | F25: 16.3 | G25: 21.24 | H25: 25.5 | I25: 33.3 | J25: 33.9 | K25: 11.33
B26: Noviembre | C26: 9.33 | E26: 11.83 | F26: 16.3 | G26: 21.24 | H26: 25.5 | I26: 33.3 | J26: 33.9 | K26: 11.33
B27: Diciembre | C27: 9.33 | E27: 11.83 | F27: 16.3 | G27: 21.24 | H27: 25.5 | I27: 33.3 | J27: 33.9 | K27: 11.33
A28: 2009 | B28: Enero | C28: 9.33 | E28: 11.83 | F28: 16.3 | G28: 21.24 | H28: 25.5 | I28: 33.3 | J28: 33.9 | K28: 11.33
B29: Febrero | C29: 9.33 | E29: 11.83 | F29: 16.3 | G29: 21.24 | H29: 25.5 | I29: 33.3 | J29: 33.9 | K29: 11.33
B30: Marzo | C30: 9.33 | E30: 11.83 | F30: 16.3 | G30: 21.24 | H30: 25.5 | I30: 33.3 | J30: 33.9 | K30: 11.33
B31: Abril | C31: 9.33 | E31: 11.83 | F31: 16.3 | G31: 21.24 | H31: 25.5 | I31: 33.3 | J31: 33.9 | K31: 11.33
B32: Mayo | C32: 9.33 | E32: 11.83 | F32: 16.3 | G32: 21.24 | H32: 25.5 | I32: 33.3 | J32: 33.9 | K32: 11.33
B33: Junio | C33: 9.33 | E33: 11.83 | F33: 16.3 | G33: 21.24 | H33: 25.5 | I33: 33.3 | J33: 35.27 | K33: 11.33
B34: Julio | C34: 9.33 | D34: 10.21 | E34: 11.83 | F34: 16.3 | G34: - | H34: 25.5 | I34: 33.3 | J34: 33.9 | K34: 11.33
B35: Agosto | C35: 9.33 | D35: 10.21 | E35: 11.83 | F35: 16.3 | G35: - | H35: 25.5 | I35: 33.3 | J35: 33.9 | K35: 11.33
B36: Septiembre | C36: 9.33 | D36: 10.21 | E36: 11.83 | F36: 16.3 | G36: - | H36: 25.5 | I36: 33.3 | J36: 33.9 | K36: 11.33
B37: Octubre | C37: 9.33 | D37: 10.21 | E37: 11.83 | F37: 16.3 | G37: - | H37: 25.5 | I37: 33.3 | J37: 33.9 | K37: 11.33
B38: Noviembre | C38: 9.33 | D38: 10.21 | E38: 11.83 | F38: 16.3 | G38: - | H38: 25.5 | I38: 33.3 | J38: 33.9 | K38: 11.33
B39: Diciembre | C39: 9.33 | D39: 10.21 | E39: 11.83 | F39: 16.3 | H39: 25.5 | I39: 33.3 | J39: 33.9 | K39: 11.33
A40: 2010 | B40: Enero | C40: 9.33 | D40: 10.21 | E40: 11.83 | F40: 18.92 | G40: - | H40: 25.5 | I40: 33.3 | J40: 33.9 | K40: 11.33
B41: Febrero | C41: 9.33 | D41: 10.21 | E41: 11.83 | F41: 16.3 | G41: - | H41: 25.5 | I41: 33.3 | J41: 33.9 | K41: 11.33
B42: Marzo | C42: 9.33 | D42: 10.21 | E42: 11.83 | F42: 16.3 | G42: - | H42: 25.5 | I42: 33.3 | J42: 33.9 | K42: 11.33
B43: Abril | C43: 9.33 | D43: 10.21 | E43: 11.83 | F43: 16.3 | G43: - | H43: 25.5 | I43: 33.3 | J43: 33.9 | K43: 11.33
B44: Mayo | C44: 9.33 | D44: 10.21 | E44: 11.83 | F44: 16.3 | G44: - | H44: 25.5 | I44: 27.5 | J44: 30.5 | K44: 11.33
B45: Junio | C45: 9.33 | D45: 10.21 | E45: 11.83 | F45: 16.3 | G45: - | H45: 25.5 | I45: 27.5 | J45: 30.5 | K45: 11.33
B46: Julio | C46: 9.33 | D46: 10.21 | E46: 11.83 | F46: 16.3 | G46: - | H46: 25.5 | I46: 27.5 | J46: 30.5 | K46: 11.33
B47: Agosto | C47: 9.33 | D47: 10.21 | E47: 11.83 | F47: 16.3 | G47: - | H47: 25.5 | I47: 27.5 | J47: 30.5 | K47: 11.33
B48: Septiembre | C48: 9.33 | D48: 10.21 | E48: 11.83 | F48: 16.3 | G48: - | H48: 25.5 | I48: 27.5 | J48: 30.5 | K48: 11.33
B49: Octubre | C49: 9.33 | D49: 10.21 | E49: 11.83 | F49: 16.3 | G49: - | H49: 25.5 | I49: 27.5 | J49: 30.5 | K49: 11.33
B50: Noviembre | C50: 9.33 | D50: 10.21 | E50: 11.83 | F50: 16.3 | G50: - | H50: 25.5 | I50: 27.5 | J50: 30.5 | K50: 11.33
B51: Diciembre | C51: 9.33 | D51: 10.21 | E51: 11.83 | F51: 16.3 | G51: - | H51: 25.5 | I51: 27.5 | J51: 30.5 | K51: 11.33
A52: 2011 | B52: Enero | C52: 9.33 | D52: 10.21 | E52: 11.83 | F52: 16.3 | G52: - | H52: 25.5 | I52: 27.5 | J52: 30.5 | K52: 11.33
B53: Febrero | C53: 9.33 | D53: 10.21 | E53: 11.83 | F53: 16.3 | G53: - | H53: 25.5 | I53: 27.5 | J53: 30.5 | K53: 11.33
B54: Marzo | C54: 9.33 | D54: 10.21 | E54: 11.83 | F54: 16.3 | G54: - | H54: 25.5 | I54: 27.5 | J54: 30.5 | K54: 11.33
B55: Abril | C55: 9.33 | D55: 10.21 | E55: 11.83 | F55: 16.3 | G55: - | H55: 25.5 | I55: 27.5 | J55: 30.5 | K55: 11.33
B56: Mayo (***) | C56: 9.33 | D56: 10.21 | E56: 11.83 | F56: 16.3 | G56: - | H56: 25.5 | I56: 27.5 | J56: 30.5 | K56: 11.33
B57: Junio | C57: 9.33 | D57: 10.21 | E57: 11.83 | F57: 16.3 | G57: - | H57: 25.5 | I57: 27.5 | J57: 30.5 | K57: 11.33
B58: Julio (***) | C58: 9.33 | D58: 10.21 | E58: 11.83 | F58: 16.3 | G58: - | H58: 25.5 | I58: 27.5 | J58: 30.5 | K58: 11.33
B59: Agosto (***) | C59: 9.33 | D59: 10.21 | E59: 11.83 | F59: 16.3 | G59: - | H59: 25.5 | I59: 27.5 | J59: 30.5 | K59: 11.33
B60: Septiembre (***) | C60: 9.33 | D60: 10.21 | E60: 11.83 | F60: 16.3 | G60: - | H60: 25.5 | I60: 27.5 | J60: 30.5 | K60: 11.33
B61: Octubre | C61: 9.33 | D61: 10.21 | E61: 11.83 | F61: 16.3 | G61: - | H61: 25.5 | I61: 27.5 | J61: 30.5 | K61: 11.33
B62: Noviembre (***) | C62: 9.33 | D62: 10.21 | E62: 11.83 | F62: 16.3 | G62: - | H62: 25.5 | I62: 27.5 | J62: 30.5 | K62: 11.33
B63: Diciembre (***) | C63: 9.33 | D63: 10.21 | E63: 11.83 | F63: 16.3 | G63: - | H63: 25.5 | I63: 27.5 | J63: 30.5 | K63: 11.33
A64: 2012 | B64: Enero (***) | C64: 9.33 | D64: 10.21 | E64: 11.83 | F64: 16.3 | G64: - | H64: 25.5 | I64: 27.5 | J64: 30.5 | K64: 11.33
B65: Febrero (***) | C65: 9.33 | D65: 10.21 | E65: 11.83 | F65: 16.3 | G65: - | H65: 25.5 | I65: 27.5 | J65: 30.5 | K65: 11.33
B66: Marzo (***) | C66: 9.33 | D66: 10.21 | E66: 11.83 | F66: 16.3 | G66: - | H66: 25.5 | I66: 27.5 | J66: 30.5 | K66: 11.33
B67: Abril (***) | C67: 9.33 | D67: 10.21 | E67: 11.83 | F67: 16.3 | G67: - | H67: 25.5 | I67: 27.5 | J67: 30.5 | K67: 11.33
B68: Mayo (***) | C68: 9.33 | D68: 10.21 | E68: 11.83 | F68: 16.3 | G68: - | H68: 25.5 | I68: 27.5 | J68: 30.5 | K68: 11.33
B69: Junio (***) | C69: 9.33 | D69: 10.21 | E69: 11.83 | F69: 16.3 | G69: - | H69: 25.5 | I69: 27.5 | J69: 30.5 | K69: 11.33
B70: Julio (***) | C70: 9.33 | D70: 10.21 | E70: 11.83 | F70: 16.3 | G70: - | H70: 25.5 | I70: 27.5 | J70: 30.5 | K70: 11.33
B71: Agosto(***) | C71: 9.33 | D71: 10.21 | E71: 11.83 | F71: 16.3 | G71: - | H71: 25.5 | I71: 27.5 | J71: 30.5 | K71: 11.33
B72: Septiembre (***) | C72: 9.33 | D72: 10.21 | E72: 11.83 | F72: 16.3 | G72: - | H72: 25.5 | I72: 27.5 | J72: 30.5 | K72: 11.33
B73: Octubre (***) | C73: 9.33 | D73: 10.21 | E73: 11.83 | F73: 16.3 | G73: - | H73: 25.5 | I73: 27.5 | J73: 30.5 | K73: 11.33
B74: Noviembre (***) | C74: 9.33 | D74: 10.21 | E74: 11.83 | F74: 16.3 | G74: - | H74: 25.5 | I74: 27.5 | J74: 30.5 | K74: 11.33
B75: Diciembre (***) | C75: 9.33 | D75: 10.21 | E75: 11.83 | F75: 16.3 | G75: - | H75: 25.5 | I75: 27.5 | J75: 30.5 | K75: 11.33
A77: 2013 | B77: Enero (***) | C77: 9.33 | D77: 10.21 | E77: 11.83 | F77: 16.3 | G77: - | H77: 25.5 | I77: 27.5 | J77: 30.5 | K77: 11.33
B78: Febrero (***) | C78: 9.33 | D78: 10.21 | E78: 11.83 | F78: 16.3 | G78: - | H78: 25.5 | I78: 27.5 | J78: 30.5 | K78: 11.33
B79: Marzo (***) | C79: 9.33 | D79: 10.21 | E79: 11.83 | F79: 16.3 | G79: - | H79: 25.5 | I79: 27.5 | J79: 30.5 | K79: 11.33
B80: Abril (***) | C80: 9.33 | D80: 10.21 | E80: 11.83 | F80: 16.3 | G80: - | H80: 25.5 | I80: 27.5 | J80: 30.5 | K80: 11.33
B81: Mayo (***) | C81: 9.33 | D81: 10.21 | E81: 11.83 | F81: 16.3 | G81: - | H81: 25.5 | I81: 27.5 | J81: 30.5 | K81: 11.33
B82: Junio (***) | C82: 9.33 | D82: 10.21 | E82: 11.83 | F82: 16.3 | G82: - | H82: 25.5 | I82: 27.5 | J82: 30.5 | K82: 11.33
B83: Julio (***) | C83: 9.33 | D83: 10.21 | E83: 11.83 | F83: 16.3 | G83: - | H83: 25.5 | I83: 27.5 | J83: 30.5 | K83: 11.33
B84: Agosto (***) | C84: 9.33 | D84: 10.21 | E84: 11.83 | F84: 16.3 | G84: - | H84: 25.5 | I84: 27.5 | J84: 30.5 | K84: 11.33
B85: Septiembre (***) | C85: 9.33 | D85: 10.21 | E85: 11.83 | F85: 16.3 | G85: - | H85: 25.5 | I85: 27.5 | J85: 30.5 | K85: 11.33
B86: Octubre (***) | C86: 9.33 | D86: 10.21 | E86: 11.83 | F86: 16.3 | G86: - | H86: 25.5 | I86: 27.5 | J86: 30.5 | K86: 11.33
B87: Noviembre (***) | C87: 9.33 | D87: 10.21 | E87: 11.83 | F87: 16.3 | G87: - | H87: 25.5 | I87: 27.5 | J87: 30.5 | K87: 11.33
B88: Diciembre (***) | C88: 9.33 | D88: 10.21 | E88: 11.83 | F88: 16.3 | G88: - | H88: 25.5 | I88: 27.5 | J88: 30.5 | K88: 11.33
A90: 2014 | B90: Enero (***) | C90: 9.33 | D90: 10.21 | E90: 11.83 | F90: 16.3 | G90: - | H90: 25.5 | I90: 27.5 | J90: 30.5 | K90: 11.33
B91: Febrero (***) | C91: 9.33 | D91: 10.21 | E91: 11.83 | F91: 16.3 | G91: - | H91: 25.5 | I91: 27.5 | J91: 30.5 | K91: 11.33
B92: Marzo (***) | C92: 9.33 | D92: 10.21 | E92: 11.83 | F92: 16.3 | G92: - | H92: 25.5 | I92: 27.5 | J92: 30.5 | K92: 11.33
B93: Abril (***) | C93: 9.33 | D93: 10.21 | E93: 11.83 | F93: 16.3 | G93: - | H93: 25.5 | I93: 27.5 | J93: 30.5 | K93: 11.33
B94: Mayo | C94: 9.33 | D94: 10.21 | E94: 11.83 | F94: 16.3 | G94: - | H94: 25.5 | I94: 27.5 | J94: 30.5 | K94: 11.33
B95: Junio | C95: 9.33 | D95: 10.21 | E95: 11.83 | F95: 16.3 | G95: - | H95: 25.5 | I95: 27.5 | J95: 30.5 | K95: 11.33
B96: Julio | C96: 9.33 | D96: 10.21 | E96: 11.83 | F96: 16.3 | G96: - | H96: 25.5 | I96: 27.5 | J96: 30.5 | K96: 11.33
B97: Agosto | C97: 9.33 | D97: 10.21 | E97: 11.83 | F97: 16.3 | G97: - | H97: 25.5 | I97: 27.5 | J97: 30.5 | K97: 11.33
B98: Septiembre | C98: 9.33 | D98: 10.21 | E98: 11.83 | F98: 16.3 | G98: - | H98: 25.5 | I98: 27.5 | J98: 30.5 | K98: 11.33
B99: Octubre | C99: 9.33 | D99: 10.21 | E99: 11.83 | F99: 16.3 | G99: - | H99: 25.5 | I99: 27.5 | J99: 30.5 | K99: 11.33
B100: Noviembre | C100: 9.33 | D100: 10.21 | E100: 11.83 | F100: 16.3 | G100: - | H100: 25.5 | I100: 27.5 | J100: 30.5 | K100: 11.33
B101: Diciembre | C101: 9.33 | D101: 10.21 | E101: 11.83 | F101: 16.3 | G101: - | H101: 25.5 | I101: 27.5 | J101: 30.5 | K101: 11.33
A103: 2015 | B103: Enero | C103: 9.33 | D103: 10.21 | E103: 11.83 | F103: 16.3 | G103: - | H103: 25.5 | I103: 27.5 | J103: 30.5 | K103: 11.33
B104: Febrero | C104: 9.33 | D104: 10.21 | E104: 11.83 | F104: 16.3 | G104: - | H104: 25.5 | I104: 27.5 | J104: 30.5 | K104: 11.33
B105: Marzo | C105: 9.33 | D105: 10.21 | E105: 11.83 | F105: 16.3 | G105: - | H105: 25.5 | I105: 27.5 | J105: 30.5 | K105: 11.33
B106: Abril | C106: 9.33 | D106: 10.21 | E106: 11.83 | F106: 16.3 | G106: - | H106: 25.5 | I106: 27.5 | J106: 30.5 | K106: 11.33
B107: Mayo | C107: 9.33 | D107: 10.21 | E107: 11.83 | F107: 16.3 | G107: - | H107: 25.5 | I107: 27.5 | J107: 30.5 | K107: 11.33
B108: Junio | C108: 9.33 | D108: 10.21 | E108: 11.83 | F108: 16.3 | G108: - | H108: 25.5 | I108: 27.5 | J108: 30.5 | K108: 11.33
...

Sheet Gráfico 2.18
A2: Reservas de Liquidez y Reservas Mínimas de Liquidez (Requerimiento) Sistema Financiero Nacional
A3: En Millones de USD
A4: Periodo * | B4: Mes | C4: Último día bisemana | D4: Año | E4: Trimestre | F4: Reserva Local | G4: Reserva Exterior | H4: Reservas de Liquidez | I4: Requerimiento Liquidez | K4: Gráfico 2.18 Reservas de Liquidez y Reservas Mínimas de Liquidez (Requerimiento) Sistema Financiero Nacional
A5: 40345 | B5: 6 | C5: 0 | D5: 2010 | E5: II. Trim | F5: 1994.5619 | G5: 1213.2442 | H5: 3207.8061 | I5: 3247.1244 | N5: Millones de USD, jun. 2010 – jun. 2020
A6: 40359 | B6: 6 | C6: 1 | D6: 2010 | E6: II. Trim | F6: 3248.7047 | G6: 1781.7123 | H6: 5030.417 | I6: 3294.1139
A7: 40373 | B7: 7 | C7: 0 | D7: 2010 | E7: III. Trim | F7: 3617.1064 | G7: 1713.3865 | H7: 5330.4929 | I7: 3292.5194
A8: 40387 | B8: 7 | C8: 1 | D8: 2010 | E8: III. Trim | F8: 3630.2418 | G8: 1679.0909 | H8: 5309.3327 | I8: 3315.6382
A9: 40401 | B9: 8 | C9: 0 | D9: 2010 | E9: III. Trim | F9: 3721.3603 | G9: 1651.049 | H9: 5372.4093 | I9: 3344.5671
A10: 40415 | B10: 8 | C10: 1 | D10: 2010 | E10: III. Trim | F10: 3483.1235 | G10: 1775.0192 | H10: 5258.1427 | I10: 3342.4798
A11: 40429 | B11: 9 | C11: 0 | D11: 2010 | E11: III. Trim | F11: 3074.8989 | G11: 1448.8433 | H11: 4523.7422 | I11: 3355.4478
A12: 40443 | B12: 9 | C12: 1 | D12: 2010 | E12: III. Trim | F12: 3522.5152 | G12: 1793.8687 | H12: 5316.3838 | I12: 3359.385
A13: 40457 | B13: 10 | C13: 0 | D13: 2010 | E13: IV. Trim | F13: 3224.3209 | G13: 1375.7564 | H13: 4600.0774 | I13: 3407.4805
A14: 40471 | B14: 10 | C14: 1 | D14: 2010 | E14: IV. Trim | F14: 3533.6646 | G14: 1853.3835 | H14: 5387.0481 | I14: 3380.3137
A15: 40485 | B15: 11 | C15: 0 | D15: 2010 | E15: IV. Trim | F15: 2924.9199 | G15: 1335.8045 | H15: 4260.7244 | I15: 3401.8192
A16: 40499 | B16: 11 | C16: 1 | D16: 2010 | E16: IV. Trim | F16: 3451.5772 | G16: 1822.4188 | H16: 5273.996 | I16: 3394.1435
A17: 40513 | B17: 12 | C17: 0 | D17: 2010 | E17: IV. Trim | F17: 3442.2139 | G17: 1778.636 | H17: 5220.8499 | I17: 3424.8959
... A266: 43999 | B266: 6 | C266: 1 | D266: 2020 | E266: II. Trim | F266: 12177.223 | G266: 1038.5723 | H266: 13215.795 | I266: 6817.0196
A267: * Datos bisemanales

Sheet Gráfico 2.19.
B1: Composición de las Reservas de Liquidez
B2: Millones de USD
E4: Bisemana del 16 al 29 de diciembre de 2010 | F4: Bisemana del 16 al 29 de diciembre de 2010
C5: Liquidez Exterior | D5: VRF. exterior | E5: 947.94668 | F5: =+SUM(E5:E6) -> 1997.2145
D6: Dep. exterior | E6: 1049.2678
C7: Liquidez Local | D7: Titularizaciones | E7: 49.764447 | F7: =+SUM(E7:E14) -> 3842.0454
D8: Tit. EFIs públicas | E8: 190.13897
D9: Certificados Depósitos <=90 días | E9: 377.04907
D10: VRF( | E10: 414
D11: Dep. a la Vista | E11: 483.41051
D12: Fondo de Liquidez | E12: 522.45879
D13: Caja | E13: 650.84133
D14: Dep. BCE | E14: 1154.3823
C16: * Valores de Renta Fija
E19: Bisemana del 5 al 18 de diciembre de 2019 | F19: Bisemana del 5 al 18 de diciembre de 2019
C20: Liquidez Exterior | D20: VRF. exterior | E20: 200.86886 | F20: =+SUM(E20:E21) -> 625.55955
D21: Dep. exterior | E21: 424.69069
C22: Liquidez Local | D22: Titularizaciones | E22: 1.880941 | F22: =+SUM(E22:E30) -> 11196.805
D23: Tit. EFIs públicas | E23: 358.74831
D24: VRF. Privado | E24: 499.69068
D25: VRF* Público | E25: 873.30349
D26: Dep. a la Vista | E26: 1125.579
D27: Caja | E27: 1366.8416
D28: Certificados Depósitos <=90 días | E28: 1515.5349
D29: Dep. BCE | E29: 2533.0765
D30: Fondo de Liquidez | E30: 2922.1497

Sheet Gráfico 2.20
A2: Composición de la Liquidez- Sistema Financiero Nacional
A3: Millones de USD y porcentaje
A4: Periodo * | B4: Mes | C4: Año | D4: Trimestre | E4: Liquidez Local | F4: Liquidez Exterior | G4: Liquidez Total | H4: CLD | I4: CLD Requerido
A5: 39994 | B5: 6 | C5: 2009 | D5: II. Trim | E5: 2878.505 | F5: 3753.995 | G5: 6632.5 | H5: =+E5/G5 -> 0.434
A6: 43817 | B6: 12 | C6: 2019 | D6: IV. Trim | E6: 13458.417 | F6: 1832.1593 | G6: 15290.577 | H6: 0.88017723 | I6: 0.6
A12: * Datos bisemanales | E12: Gráfico 2.20 Composición de la Liquidez
C13: Porcentajes del total de activos líquidos, jun. 2009 – dic. 2019

Sheet Gráfico 2.21
D1: Patrimonio | J1: Mes | K1: (Varios elementos)
A2: Mes | B2: año | C2: mes | D2: Sector Financiero Privado (USD Millones) | E2: Sector Financiero Popular y Solidario (USD Millones) | F2: Total
A3: 39814 | B3: =+YEAR(A3) -> 2009 | C3: =+MONTH(A3) -> 1 | F3: =+E3+D3 -> 0 | K3: Valores
A4: 39845 | B4: =+YEAR(A4) -> 2009 | C4: =+MONTH(A4) -> 2 | D4: 416.83885 | F4: =+E4+D4 -> 416.83885 | J4: Rótulos de fila | K4: Sector Financiero Privado (USD Millones) | L4: Sector Financiero Popular y Solidario (USD Millones) | M4: Total
A5: 39873 | B5: =+YEAR(A5) -> 2009 | C5: =+MONTH(A5) -> 3 | D5: 408.20273 | F5: =+E5+D5 -> 408.20273 | J5: 2009 | K5: 421.62248 | M5: 421.62248
A6: 39904 | B6: =+YEAR(A6) -> 2009 | C6: =+MONTH(A6) -> 4 | D6: 409.32152 | F6: =+E6+D6 -> 409.32152 | J6: 2010 | K6: 531.37185 | M6: 531.37185
A7: 39934 | B7: =+YEAR(A7) -> 2009 | C7: =+MONTH(A7) -> 5 | D7: 408.55716 | F7: =+E7+D7 -> 408.55716 | J7: 2011 | K7: 660.35363 | M7: 660.35363
A8: 39965 | B8: =+YEAR(A8) -> 2009 | C8: =+MONTH(A8) -> 6 | D8: 408.49681 | F8: =+E8+D8 -> 408.49681 | J8: 2012 | K8: 1214.1889 | M8: 1214.1889
A9: 39995 | B9: =+YEAR(A9) -> 2009 | C9: =+MONTH(A9) -> 7 | D9: 408.8075 | F9: =+E9+D9 -> 408.8075 | J9: 2013 | K9: 1642.7458 | M9: 1642.7458
A10: 40026 | B10: =+YEAR(A10) -> 2009 | C10: =+MONTH(A10) -> 8 | D10: 405.4918 | F10: =+E10+D10 -> 405.4918 | J10: 2014 | K10: 2114.9279 | M10: 2114.9279
A11: 40057 | B11: =+YEAR(A11) -> 2009 | C11: =+MONTH(A11) -> 9 | D11: 414.60614 | F11: =+E11+D11 -> 414.60614 | J11: 2015 | K11: 2233.2557 | M11: 2233.2557
A12: 40087 | B12: =+YEAR(A12) -> 2009 | C12: =+MONTH(A12) -> 10 | D12: 417.73292 | F12: =+E12+D12 -> 417.73292 | J12: 2016 | K12: 2390.8842 | M12: 2390.8842
A13: 40118 | B13: =+YEAR(A13) -> 2009 | C13: =+MONTH(A13) -> 11 | D13: 416.68333 | F13: =+E13+D13 -> 416.68333 | J13: 2017 | K13: 2517.2191 | L13: 107.91649 | M13: 2625.1356
A14: 40148 | B14: =+YEAR(A14) -> 2009 | C14: =+MONTH(A14) -> 12 | D14: 421.62248 | F14: =+E14+D14 -> 421.62248 | J14: 2018 | K14: 2645.8256 | L14: 161.77959 | M14: 2807.6052
A15: 40179 | B15: =+YEAR(A15) -> 2010 | C15: =+MONTH(A15) -> 1 | D15: 474.2084 | F15: =+E15+D15 -> 474.2084 | J15: 2019 | K15: 2780.2131 | L15: 234.40328 | M15: 3014.6164
A16: 40210 | B16: =+YEAR(A16) -> 2010 | C16: =+MONTH(A16) -> 2 | D16: 484.64148 | F16: =+E16+D16 -> 484.64148
A17: 40238 | B17: =+YEAR(A17) -> 2010 | C17: =+MONTH(A17) -> 3 | D17: 490.91547 | F17: =+E17+D17 -> 490.91547 | K17: Gráfico 2.19 Evolución del Fondo de Liquidez
A18: 40269 | B18: =+YEAR(A18) -> 2010 | C18: =+MONTH(A18) -> 4 | D18: 495.84706 | F18: =+E18+D18 -> 495.84706 | K18: Millones de USD
A19: 40299 | B19: =+YEAR(A19) -> 2010 | C19: =+MONTH(A19) -> 5 | D19: 503.82588 | F19: =+E19+D19 -> 503.82588
A20: 40330 | B20: =+YEAR(A20) -> 2010 | C20: =+MONTH(A20) -> 6 | D20: 509.18238 | F20: =+E20+D20 -> 509.18238
A21: 40360 | B21: =+YEAR(A21) -> 2010 | C21: =+MONTH(A21) -> 7 | D21: 513.55956 | F21: =+E21+D21 -> 513.55956
A22: 40391 | B22: =+YEAR(A22) -> 2010 | C22: =+MONTH(A22) -> 8 | D22: 516.9877 | F22: =+E22+D22 -> 516.9877
A23: 40422 | B23: =+YEAR(A23) -> 2010 | C23: =+MONTH(A23) -> 9 | D23: 520.28018 | F23: =+E23+D23 -> 520.28018
A24: 40452 | B24: =+YEAR(A24) -> 2010 | C24: =+MONTH(A24) -> 10 | D24: 524.63616 | F24: =+E24+D24 -> 524.63616
A25: 40483 | B25: =+YEAR(A25) -> 2010 | C25: =+MONTH(A25) -> 11 | D25: 526.91672 | F25: =+E25+D25 -> 526.91672
A26: 40513 | B26: =+YEAR(A26) -> 2010 | C26: =+MONTH(A26) -> 12 | D26: 531.37185 | F26: =+E26+D26 -> 531.37185
A27: 40544 | B27: =+YEAR(A27) -> 2011 | C27: =+MONTH(A27) -> 1 | D27: 593.74504 | F27: =+E27+D27 -> 593.74504
A28: 40575 | B28: =+YEAR(A28) -> 2011 | C28: =+MONTH(A28) -> 2 | D28: 594.36798 | F28: =+E28+D28 -> 594.36798
A29: 40603 | B29: =+YEAR(A29) -> 2011 | C29: =+MONTH(A29) -> 3 | D29: 594.22446 | F29: =+E29+D29 -> 594.22446
A30: 40634 | B30: =+YEAR(A30) -> 2011 | C30: =+MONTH(A30) -> 4 | D30: 607.61554 | F30: =+E30+D30 -> 607.61554
... A98: 42705 | B98: =+YEAR(A98) -> 2016 | C98: =+MONTH(A98) -> 12 | D98: 2390.8842 | F98: =+E98+D98 -> 2390.8842
A99: 42736 | B99: =+YEAR(A99) -> 2017 | C99: =+MONTH(A99) -> 1 | D99: 2452.6585 | E99: 93.795736 | F99: =+E99+D99 -> 2546.4542
A100: 42767 | B100: =+YEAR(A100) -> 2017 | C100: =+MONTH(A100) -> 2 | D100: 2452.6585 | E100: 93.795736 | F100: =+E100+D100 -> 2546.4542
A101: 42795 | B101: =+YEAR(A101) -> 2017 | C101: =+MONTH(A101) -> 3 | D101: 2490.7 | E101: 96.685231 | F101: =+E101+D101 -> 2587.3852
A102: 42826 | B102: =+YEAR(A102) -> 2017 | C102: =+MONTH(A102) -> 4 | D102: 2511.8137 | E102: 97.79738 | F102: =+E102+D102 -> 2609.6111
A103: 42856 | B103: =+YEAR(A103) -> 2017 | C103: =+MONTH(A103) -> 5 | D103: 2536.719 | E103: 99.480679 | F103: =+E103+D103 -> 2636.1997
A104: 42887 | B104: =+YEAR(A104) -> 2017 | C104: =+MONTH(A104) -> 6 | D104: 2498.256 | E104: 101.14331 | F104: =+E104+D104 -> 2599.3993
A105: 42917 | B105: =+YEAR(A105) -> 2017 | C105: =+MONTH(A105) -> 7 | D105: 2504.8671 | E105: 102.36715 | F105: =+E105+D105 -> 2607.2343
A106: 42948 | B106: =+YEAR(A106) -> 2017 | C106: =+MONTH(A106) -> 8 | D106: 2506.0726 | E106: 103.63207 | F106: =+E106+D106 -> 2609.7047
A107: 42979 | B107: =+YEAR(A107) -> 2017 | C107: =+MONTH(A107) -> 9 | D107: 2490.7246 | E107: 104.37176 | F107: =+E107+D107 -> 2595.0963
A108: 43009 | B108: =+YEAR(A108) -> 2017 | C108: =+MONTH(A108) -> 10 | D108: 2479.333 | E108: 105.25193 | F108: =+E108+D108 -> 2584.5849
A109: 43040 | B109: =+YEAR(A109) -> 2017 | C109: =+MONTH(A109) -> 11 | D109: 2475.9082 | E109: 106.03869 | F109: =+E109+D109 -> 2581.9469
A110: 43070 | B110: =+YEAR(A110) -> 2017 | C110: =+MONTH(A110) -> 12 | D110: 2517.2191 | E110: 107.91649 | F110: =+E110+D110 -> 2625.1356
... A134: 43800 | B134: =+YEAR(A134) -> 2019 | C134: =+MONTH(A134) -> 12 | D134: 2780.2131 | E134: 234.40328 | F134: =+E134+D134 -> 3014.6164
A136: Fuente: COSEDE
A138: (1) El artículo 334 del Código Orgánico Monetario y Financiero establece que se constituirán los siguientes fideicomisos independientes:
A139: 1. Fideicomiso del Fondo de Liquidez de las entidades del Sector Financiero Privado; y,
A140: 2. Fideicomiso del Fondo de Liquidez de las entidades del Sector Financiero Popular y Solidario.
A141: (2) En mayo de 2016, se constituye el Fondo de Liquidez del Sector Financiero Privado, parte de los recursos del Fondo de Liquidez del Sistema Financiero Ecuatoriano fueron transferidos a este Fondo, dejando el monto correspondiente a las asociaciones mutualistas de ahorro y crédito para la vivienda.
A142: (3) Antes de mayo de 2016 estaba costituido el Fondo de Liquidez del Sistema Financiero Ecuatoriano cuya información se expone en este cuadro.

Sheet Tabla 2.1
E1: Tabla 2.1 Reserva Monetaria Internacional
E2: Millones de USD, Año 1999
B3: RESERVA MONETARIA INTERNACIONAL (RMI) (1)
B4: Año: 1999
B5: Millones de dólares
B6: Transacción / Período | F6: Trimestres
F7: 1999-I | G7: 1999-II | H7: 1999-III | I7: 1999-IV
B9: Activos internacionales de reserva | F9: 1247 | G9: 1351 | H9: 1578.8393 | I9: 1401.63
C10: Oro monetario | F10: 167 | G10: 167 | H10: 162.75 | I10: 166.44
C11: Tenencias de derechos especiales de giro | F11: 0.8 | G11: 0.1 | H11: 0.4 | I11: 0.78
C12: Tenencias Pesos Andinos | F12: 10 | G12: 10 | H12: 10 | I12: 10
C13: Divisas (moneda, depósitos y valores) | F13: 841 | G13: 954 | H13: 1178.83 | I13: 990.27
C14: Acuerdos de pago y convenios de créditos recíprocos | F14: 9.2 | G14: 1.9 | H14: 1.8592506 | I14: 1.88
C15: Inversiones en moneda extranjera
C16: Posición tramo de reserva F.M.I. | F16: 23 | G16: 22 | H16: 24 | I16: 23
C17: Participación Organismos financieros internacionales
C18: Otros activos en moneda extranjera | F18: 196 | G18: 196 | H18: 201 | I18: 209.26
B20: Pasivos internacionales de reserva | F20: 69 | G20: 55 | H20: 305 | I20: 125.79
C21: Corresponsales | F21: 1 | G21: 1 | H21: 275 | I21: 111.76
C22: Acuerdos de pago y convenios de créditos recíprocos | F22: 19 | G22: 19 | H22: 11 | I22: 12.03
C23: Otras obligaciones en moneda extranjera | F23: 2 | G23: 2 | H23: 2 | I23: 2
C24: Uso crédito del F.M.I. | F24: 47 | G24: 33 | H24: 17 | I24: 0
B26: SALDO | F26: 1178 | G26: 1296 | H26: 1273.8393 | I26: 1275.84
B29: (1) Hasta el año 1999 se calculó la Reserva Monetaria Internacional (RMI).
B30: FUENTE: Banco Central del Ecuador
B31: ELABORACIÓN: Banco Central del Ecuador, Balanza de Pagos

Sheet Tabla 2.2 RI
A2: 2. RESERVAS INTERNACIONALES*
A3: En millones de dólares al final del período
FO5: Tabla 2.2 Reserva Internacional
FO6: Millones de USD, Año 2019
A7: Reserva Internacional | B7: 2006 | N7: 2007 | Z7: 2008 | AL7: 2009 | AX7: 2010 | BJ7: 2011 | BV7: 2012 | CH7: 2013 | CT7: 2014 | DF7: 2015 | DR7: 2016 | ED7: 2017 | EP7: 2018 | FB7: 2019 | FN7: 2020
B8: Ene | C8: Feb | D8: Mar | E8: Abr | F8: May | G8: Jun | H8: Jul | I8: Ago | J8: Sep | K8: Oct | L8: Nov | M8: Dic | N8: Ene | O8: Feb | P8: Mar | Q8: Abr | R8: May | S8: Jun | T8: Jul | U8: Ago | V8: Sep | W8: Oct | X8: Nov | Y8: Dic | Z8: Ene | AA8: Feb | AB8: Mar | AC8: Abr | AD8: May | AE8: Jun | AF8: Jul | AG8: Ago | AH8: Sep | AI8: Oct | AJ8: Nov | AK8: Dic | AL8: Ene | AM8: Feb | AN8: Mar | AO8: Abr | AP8: May | AQ8: Jun | AR8: Jul | AS8: Ago | AT8: Sep | AU8: Oct | AV8: Nov | AW8: Dic | AX8: Ene | AY8: Feb | AZ8: Mar | BA8: Abr | BB8: May | BC8: Jun | BD8: Jul | BE8: Ago | BF8: Sep | BG8: Oct | BH8: Nov | BI8: Dic | BJ8: Ene | BK8: Feb | BL8: Mar | BM8: Abr | BN8: May | BO8: Jun | BP8: Jul | BQ8: Ago | BR8: Sep | BS8: Oct | BT8: Nov | BU8: Dic | BV8: Ene | BW8: Feb | BX8: Mar | BY8: Abr | BZ8: May | CA8: Jun | CB8: Jul | CC8: Ago | CD8: Sep | CE8: Oct | CF8: Nov | CG8: Dic | CH8: Ene | CI8: Feb | CJ8: Mar | CK8: Abr | CL8: May | CM8: Jun | CN8: Jul | CO8: Ago | CP8: Sep | CQ8: Oct | CR8: Nov | CS8: Dic | CT8: Ene | CU8: Feb | CV8: Mar | CW8: Abr | CX8: May | CY8: Jun | CZ8: Jul | DA8: Ago | DB8: Sep | DC8: Oct | DD8: Nov | DE8: Dic | DF8: Ene | DG8: Feb | DH8: Mar | DI8: Abr | DJ8: May | DK8: Jun | DL8: Jul | DM8: Ago | DN8: Sep | DO8: Oct | DP8: Nov | DQ8: Dic | DR8: Ene | DS8: Feb | DT8: Mar | DU8: Abr | DV8: May | DW8: Jun | DX8: Jul | DY8: Ago | DZ8: Sep | EA8: Oct | EB8: Nov | EC8: Dic | ED8: Ene | EE8: Feb | EF8: Mar | EG8: Abr | EH8: May | EI8: Jun | EJ8: Jul | EK8: Ago | EL8: Sep | EM8: Oct | EN8: Nov | EO8: Dic | EP8: Ene | EQ8: Feb | ER8: Mar | ES8: Abr | ET8: May | EU8: Jun | EV8: Jul | EW8: Ago | EX8: Sep | EY8: Oct | EZ8: Nov | FA8: Dic | FB8: Ene | FC8: Feb | FD8: Mar | FE8: Abr | FF8: May | FG8: Jun | FH8: Jul | FI8: Ago | FJ8: Sep | FK8: Oct | FL8: Nov | FM8: Dic | FN8: Ene | FO8: Feb | FP8: Mar | FQ8: Abr | FR8: May | FS8: Jun
CM9: 41455 | CR9: 41608
A11: 1. Posición neta en divisas (1.1+1.2+1.3) | B11: 1419.0949 | C11: 1418.3385 | D11: 1830.32 | E11: 2114.64 | F11: 1656.1534 | G11: 1727.59 | H11: 1849.11 | I11: 2105.71 | J11: 2312.491 | K11: 2446.24 | L11: 1837.23 | M11: 1455.63 | N11: 1537.88 | O11: 1877.71 | P11: 1577.18 | Q11: 2202.68 | R11: 2483.21 | S11: 2619.69 | T11: 2844.01 | U11: 2880.74 | V11: 2929.84 | W11: 2956.5 | X11: 2890.25 | Y11: 2762.75 | Z11: 2668.2776 | AA11: 3113.2583 | AB11: 3298.6059 | AC11: 4811.986 | AD11: 5060.9539 | AE11: 5243.187 | AF11: 5324.8817 | AG11: 5588.9346 | AH11: 5688.8218 | AI11: 5593.9352 | AJ11: 5259.896 | AK11: 3711.6482 | AL11: 3440.5736 | AM11: 3132.0368 | AN11: 2399.7768 | AO11: 2335.191 | AP11: 1661.5647 | AQ11: 1852.2262 | AR11: 2287.3989 | AS11: 3040.9331 | AT11: 3733.3832 | AU11: 3648.7253 | AV11: 4178.0081 | AW11: 2846.4891 | AX11: 2940.6722 | AY11: 2607.0663 | AZ11: 3003.2353 | BA11: 3273.7211 | BB11: 3490.4407 | BC11: 2978.0324 | BD11: 2814.7613 | BE11: 2364.5036 | BF11: 3193.6331 | BG11: 2473.4017 | BH11: 2216.2759 | BI11: 1387.2745 | BJ11: 1677.0325 | BK11: 2659.7272 | BL11: 2680.1427 | BM11: 2807.3986 | BN11: 2528.0349 | BO11: 2534.2053 | BP11: 2553.7339 | BQ11: 2533.816 | BR11: 2218.9159 | BS11: 3023.7037 | BT11: 2544.5177 | BU11: 1597.5722 | BV11: 1823.9695 | BW11: 1812.0126 | BX11: 1895.2688 | BY11: 2317.2482 | BZ11: 2534.8991 | CA11: 2531.9592 | CB11: 2602.219 | CC11: 2755.03 | CD11: 3312.14 | CE11: 2509.07 | CF11: 1915.33 | CG11: 469.2 | CH11: 1037.04 | CI11: 2307.71 | CJ11: 2354.41 | CK11: 2945.15 | CL11: 2469.18 | CM11: 2181.73 | CN11: 2452.9 | CO11: 3200.67 | CP11: 2949.4268 | CQ11: 2882.8233 | CR11: 2773.253 | CS11: 3088.1959 | CT11: 3010.1586 | CU11: 3066.2194 | CV11: 2711.8372 | CW11: 2261.4799 | CX11: 3285.8826 | CY11: 5027.931 | CZ11: 4953.9041 | DA11: 5535.3978 | DB11: 6065.2379 | DC11: 5351.332 | DD11: 5176.963 | DE11: 3237.4113 | DF11: 3082.9431 | DG11: 3149.6045 | DH11: 3072.5444 | DI11: 2816.0787 | DJ11: 3929.9266 | DK11: 4120.1844 | DL11: 4268.2161 | DM11: 3672.7239 | DN11: 2961.7156 | DO11: 2711.3069 | DP11: 2528.5994 | DQ11: 1884.5674 | DR11: 2696.2196 | DS11: 2773.5944 | DT11: 1998.7065 | DU11: 1883.1825 | DV11: 1572.9799 | DW11: 2818.594 | DX11: 3699.2811 | DY11: 3577.0423 | DZ11: 3876.4273 | EA11: 3690.7956 | EB11: 3347.728 | EC11: 3721.7576 | ED11: 4345.2671 | EE11: 3628.4982 | EF11: 2665.5568 | EG11: 2069.0192 | EH11: 1618.9818 | EI11: 3328.424 | EJ11: 3083.2121 | EK11: 2434.7097 | EL11: 1167.126 | EM11: 3999.6805 | EN11: 3211.0136 | EO11: 1622.2815 | EP11: 4845.2768 | EQ11: 4560.9108 | ER11: 4012.773 | ES11: 3403.0251 | ET11: 2900.0832 | EU11: 2340.7924 | EV11: 2309.5804 | EW11: 2231.3294 | EX11: 1865.4659 | EY11: 1879.5522 | EZ11: 1522.2742 | FA11: 2209.0245 | FB11: 2706.362 | FC11: 2353.2978 | FD11: 3051.2672 | FE11: 2565.0028 | FF11: 3149.814 | FG11: 3091.7775 | FH11: 2748.7429 | FI11: 2735.4295 | FJ11: 4077.0341 | FK11: 3015.9635 | FL11: 2128.6012 | FM11: 2274.1795 | FN11: 2382.879 | FO11: 2071.636 | FP11: 1169.4931 | FQ11: 1587.5962 | FR11: 2113.1425 | FS11: 1242.2389
A12: 1.1 Caja en divisas | B12: 155.90938 | C12: 145.19391 | D12: 178.71 | E12: 117.34 | F12: 246.41323 | G12: 131.32 | H12: 97.43 | I12: 112.07 | J12: 114.46384 | K12: 132.19 | L12: 310.62 | M12: 124.41 | N12: 247.31 | O12: 181.74 | P12: 217.24 | Q12: 218.13 | R12: 154.54 | S12: 149.04 | T12: 139.5 | U12: 124.24 | V12: 221.16 | W12: 167.73 | X12: 191.73 | Y12: 121.79 | Z12: 265.34907 | AA12: 234.6678 | AB12: 214.30329 | AC12: 143.7772 | AD12: 139.89314 | AE12: 124.68462 | AF12: 155.95318 | AG12: 150.00604 | AH12: 178.77353 | AI12: 219.30446 | AJ12: 220.79558 | AK12: 191.56964 | AL12: 535.53378 | AM12: 436.03471 | AN12: 354.41144 | AO12: 255.56691 | AP12: 305.78269 | AQ12: 263.31515 | AR12: 231.4348 | AS12: 269.32354 | AT12: 235.97561 | AU12: 179.98856 | AV12: 333.2929 | AW12: 358.8954 | AX12: 538.52018 | AY12: 531.61765 | AZ12: 482.47213 | BA12: 504.47139 | BB12: 462.31585 | BC12: 417.50919 | BD12: 434.40352 | BE12: 383.96023 | BF12: 684.82579 | BG12: 516.76512 | BH12: 725.01414 | BI12: 519.19565 | BJ12: 363.93821 | BK12: 275.56992 | BL12: 429.7636 | BM12: 575.6447 | BN12: 712.00764 | BO12: 506.38408 | BP12: 423.47165 | BQ12: 527.87104 | BR12: 522.08512 | BS12: 605.93648 | BT12: 816.22078 | BU12: 649.25623 | BV12: 863.62242 | BW12: 697.02341 | BX12: 755.39812 | BY12: 579.69318 | BZ12: 644.08696 | CA12: 654.47929 | CB12: 459.76706 | CC12: 447.66 | CD12: 604.19 | CE12: 581.66 | CF12: 968.58 | CG12: 244.19 | CH12: 407.22 | CI12: 365.32 | CJ12: 429.14 | CK12: 512.89 | CL12: 469.53 | CM12: 423.09 | CN12: 527.64 | CO12: 964.33 | CP12: 1095.4702 | CQ12: 986.66665 | CR12: 1076.2045 | CS12: 360.43945 | CT12: 689.87116 | CU12: 581.36766 | CV12: 496.22237 | CW12: 442.77382 | CX12: 398.30765 | CY12: 386.07273 | CZ12: 469.64218 | DA12: 469.24464 | DB12: 380.37764 | DC12: 483.13193 | DD12: 847.39022 | DE12: 360.96491 | DF12: 695.371 | DG12: 529.00852 | DH12: 429.67722 | DI12: 440.9242 | DJ12: 564.00497 | DK12: 570.52244 | DL12: 574.66362 | DM12: 582.06882 | DN12: 644.43585 | DO12: 775.65155 | DP12: 1108.4611 | DQ12: 434.5602 | DR12: 702.03281 | DS12: 568.159 | DT12: 484.84196 | DU12: 241.67562 | DV12: 373.49146 | DW12: 341.3286 | DX12: 329.63522 | DY12: 320.7362 | DZ12: 440.8093 | EA12: 528.02732 | EB12: 730.30837 | EC12: 357.68917 | ED12: 525.81592 | EE12: 580.77046 | EF12: 503.67704 | EG12: 470.67432 | EH12: 584.49809 | EI12: 485.93959 | EJ12: 584.94443 | EK12: 465.76088 | EL12: 568.60775 | EM12: 536.37123 | EN12: 775.06446 | EO12: 431.40571 | EP12: 598.76634 | EQ12: 607.55175 | ER12: 613.0476 | ES12: 477.81072 | ET12: 565.7377 | EU12: 489.67953 | EV12: 417.64285 | EW12: 568.73263 | EX12: 555.18303 | EY12: 564.54283 | EZ12: 690.14857 | FA12: 295.89378 | FB12: 722.35721 | FC12: 725.17492 | FD12: 600.81578 | FE12: 477.08845 | FF12: 623.74738 | FG12: 441.82779 | FH12: 551.72944 | FI12: 447.698 | FJ12: 658.62509 | FK12: 537.54446 | FL12: 673.59546 | FM12: 492.87675 | FN12: 692.17861 | FO12: 622.49821 | FP12: 420.15373 | FQ12: 242.11037 | FR12: 336.13801 | FS12: 412.02778
A13: 1.2 Depósitos netos en bancos e instituciones financieras del exterior | B13: 80.246657 | C13: -11.802665 | D13: -4.56 | E13: 2.03 | F13: 1210.2075 | G13: 1512.65 | H13: 569.19 | I13: 856.65 | J13: 956.71694 | K13: 673.4 | L13: 910.99 | M13: 703.34 | N13: 1050.89 | O13: 1202.12 | P13: 866.24 | Q13: 1639.86 | R13: 1739.58 | S13: 1782.58 | T13: 1920.19 | U13: 1937.54 | V13: 1509.1 | W13: 1366.23 | X13: 1322.71 | Y13: 1060.89 | Z13: 843.87047 | AA13: 1207.4885 | AB13: 1600.1454 | AC13: 2558.1736 | AD13: 3081.6317 | AE13: 667.89404 | AF13: 2251.6352 | AG13: 2775.6616 | AH13: 2882.7073 | AI13: 2446.3959 | AJ13: 2399.1512 | AK13: 1684.5117 | AL13: 1298.5788 | AM13: 735.22797 | AN13: 784.34588 | AO13: 1285.7158 | AP13: 667.04836 | AQ13: 1471.9744 | AR13: 1.601909 | AS13: 1.595448 | AT13: 544.35096 | AU13: 164.40475 | AV13: 570.60584 | AW13: 596.96582 | AX13: 522.72642 | AY13: 288.93256 | AZ13: 402.96172 | BA13: 349.63315 | BB13: 305.71311 | BC13: 205.41308 | BD13: 232.99226 | BE13: 297.43743 | BF13: 406.95041 | BG13: 472.19989 | BH13: 399.03262 | BI13: 504.51315 | BJ13: 373.32451 | BK13: 502.62653 | BL13: 322.42297 | BM13: 343.07528 | BN13: 161.88295 | BO13: 374.47997 | BP13: 418.56705 | BQ13: 205.93658 | BR13: 298.23978 | BS13: 409.08681 | BT13: 400.76067 | BU13: 295.39474 | BV13: 358.91184 | BW13: 373.4149 | BX13: 355.57694 | BY13: 466.86634 | BZ13: 444.8561 | CA13: 518.23013 | CB13: 381.86119 | CC13: 382.03 | CD13: 334.89 | CE13: 367.22 | CF13: 301.97 | CG13: 225.01 | CH13: 337.25 | CI13: 258.41 | CJ13: 316.37 | CK13: 338.76 | CL13: 214.64 | CM13: 162.69 | CN13: 416.5 | CO13: 342.62 | CP13: 372.47169 | CQ13: 215.3826 | CR13: 486.52641 | CS13: 1428.6922 | CT13: 1048.6207 | CU13: 1309.6027 | CV13: 1524.1761 | CW13: 1240.1588 | CX13: 1350.6248 | CY13: 1371.6486 | CZ13: 1246.5866 | DA13: 1409.5357 | DB13: 1300.8243 | DC13: 1286.3777 | DD13: 1540.5795 | DE13: 1193.1223 | DF13: 1271.3909 | DG13: 944.50892 | DH13: 695.2872 | DI13: 811.88581 | DJ13: 647.08574 | DK13: 692.66378 | DL13: 574.99153 | DM13: 533.53466 | DN13: 577.64015 | DO13: 758.9493 | DP13: 982.22766 | DQ13: 560.65888 | DR13: 539.93859 | DS13: 345.30397 | DT13: 332.67605 | DU13: 176.94262 | DV13: 305.18145 | DW13: 200.24986 | DX13: 212.70727 | DY13: 411.43187 | DZ13: 1255.9681 | EA13: 234.62154 | EB13: 374.96744 | EC13: 331.53868 | ED13: 166.98746 | EE13: 351.80287 | EF13: 285.35214 | EG13: 292.37465 | EH13: 178.90131 | EI13: 61.891121 | EJ13: 332.00384 | EK13: 247.72898 | EL13: 268.43708 | EM13: 257.74047 | EN13: 400.21731 | EO13: 216.9576 | EP13: 324.00963 | EQ13: 292.83497 | ER13: 158.13064 | ES13: 281.26312 | ET13: 157.81519 | EU13: 175.25544 | EV13: 453.65219 | EW13: 188.30799 | EX13: 233.34553 | EY13: 157.85687 | EZ13: 229.0063 | FA13: 305.70592 | FB13: 601.74766 | FC13: 364.52108 | FD13: 359.83766 | FE13: 558.61086 | FF13: 352.50829 | FG13: 385.44673 | FH13: 212.68105 | FI13: 299.06047 | FJ13: 313.39405 | FK13: 288.70776 | FL13: 277.48154 | FM13: 372.15231 | FN13: 342.50834 | FO13: 377.6388 | FP13: 346.11435 | FQ13: 523.89388 | FR13: 500.92829 | FS13: 450.20171
A14: 1.3 Inversiones, depósitos a plazo y títulos | B14: 1182.9388 | C14: 1284.9472 | D14: 1656.17 | E14: 1995.27 | F14: 199.53268 | G14: 83.62 | H14: 1182.49 | I14: 1136.99 | J14: 1241.3103 | K14: 1640.65 | L14: 615.62 | M14: 627.88 | N14: 239.68 | O14: 493.85 | P14: 493.7 | Q14: 344.69 | R14: 589.09 | S14: 688.07 | T14: 784.32 | U14: 818.96 | V14: 1199.58 | W14: 1422.54 | X14: 1375.81 | Y14: 1580.07 | Z14: 1559.058 | AA14: 1671.102 | AB14: 1484.1572 | AC14: 2110.0352 | AD14: 1839.4291 | AE14: 4450.6084 | AF14: 2917.2934 | AG14: 2663.267 | AH14: 2627.341 | AI14: 2928.2348 | AJ14: 2639.9492 | AK14: 1835.5669 | AL14: 1606.461 | AM14: 1960.7742 | AN14: 1261.0195 | AO14: 793.90827 | AP14: 688.73363 | AQ14: 116.93672 | AR14: 2054.3622 | AS14: 2770.0141 | AT14: 2953.0566 | AU14: 3304.3319 | AV14: 3274.1094 | AW14: 1890.6279 | AX14: 1879.4256 | AY14: 1786.516 | AZ14: 2117.8014 | BA14: 2419.6166 | BB14: 2722.4117 | BC14: 2355.1102 | BD14: 2147.3655 | BE14: 1683.106 | BF14: 2101.8569 | BG14: 1484.4367 | BH14: 1092.2291 | BI14: 363.56573 | BJ14: 939.76978 | BK14: 1881.5308 | BL14: 1927.9561 | BM14: 1888.6786 | BN14: 1654.1443 | BO14: 1653.3413 | BP14: 1711.6952 | BQ14: 1800.0084 | BR14: 1398.591 | BS14: 2008.6804 | BT14: 1327.5363 | BU14: 652.92125 | BV14: 601.43521 | BW14: 741.57426 | BX14: 784.29377 | BY14: 1270.6887 | BZ14: 1445.956 | CA14: 1359.2497 | CB14: 1760.5907 | CC14: 1925.34 | CD14: 2373.06 | CE14: 1560.19 | CF14: 644.78 | CG14: 0 | CH14: 292.57 | CI14: 1683.98 | CJ14: 1608.9 | CK14: 2093.5 | CL14: 1785.01 | CM14: 1595.95 | CN14: 1508.76 | CO14: 1893.72 | CP14: 1481.4849 | CQ14: 1680.7741 | CR14: 1210.5221 | CS14: 1299.0642 | CT14: 1271.6668 | CU14: 1175.2491 | CV14: 691.43877 | CW14: 578.5473 | CX14: 1536.9502 | CY14: 3270.2096 | CZ14: 3237.6753 | DA14: 3656.6175 | DB14: 4384.036 | DC14: 3581.8224 | DD14: 2788.9933 | DE14: 1683.3241 | DF14: 1116.1811 | DG14: 1676.0871 | DH14: 1947.58 | DI14: 1563.2687 | DJ14: 2718.8359 | DK14: 2856.9982 | DL14: 3118.561 | DM14: 2557.1204 | DN14: 1739.6396 | DO14: 1176.7061 | DP14: 437.91067 | DQ14: 889.34837 | DR14: 1454.2482 | DS14: 1860.1315 | DT14: 1181.1885 | DU14: 1464.5643 | DV14: 894.30695 | DW14: 2277.0156 | DX14: 3156.9386 | DY14: 2844.8742 | DZ14: 2179.6499 | EA14: 2928.1467 | EB14: 2242.4522 | EC14: 3032.5297 | ED14: 3652.4637 | EE14: 2695.9248 | EF14: 1876.5276 | EG14: 1305.9702 | EH14: 855.58242 | EI14: 2780.5933 | EJ14: 2166.2638 | EK14: 1721.2199 | EL14: 330.08121 | EM14: 3205.5688 | EN14: 2035.7318 | EO14: 973.91821 | EP14: 3922.5008 | EQ14: 3660.524 | ER14: 3241.5948 | ES14: 2643.9513 | ET14: 2176.5303 | EU14: 1675.8574 | EV14: 1438.2854 | EW14: 1474.2888 | EX14: 1076.9373 | EY14: 1157.1525 | EZ14: 603.11929 | FA14: 1607.4248 | FB14: 1382.2571 | FC14: 1263.6019 | FD14: 2090.6138 | FE14: 1529.3035 | FF14: 2173.5583 | FG14: 2264.503 | FH14: 1984.3324 | FI14: 1988.6711 | FJ14: 3105.015 | FK14: 2189.7113 | FL14: 1177.5241 | FM14: 1409.1504 | FN14: 1348.192 | FO14: 1071.499 | FP14: 403.22503 | FQ14: 821.59194 | FR14: 1276.0762 | FS14: 380.00941
A15: 2. Oro | B15: 480.43866 | C15: 468.10564 | D15: 491.63 | E15: 544.01 | F15: 551.60693 | G15: 518.24 | H15: 534.29 | I15: 526.69 | J15: 506.20284 | K15: 510.01 | L15: 546.29 | M15: 533.87 | N15: 549.49 | O15: 561.06 | P15: 559 | Q15: 571.88 | R15: 556.76 | S15: 549.49 | T15: 562.16 | U15: 567.66 | V15: 627.63 | W15: 666.91 | X15: 661.85 | Y15: 704.29 | Z15: 779.89449 | AA15: 820.65258 | AB15: 788.55294 | AC15: 735.75749 | AD15: 748.21721 | AE15: 785.80758 | AF15: 775.45967 | AG15: 703.65785 | AH15: 747.16131 | AI15: 617.37473 | AJ15: 688.12064 | AK15: 734.70158 | AL15: 776.72676 | AM15: 804.1804 | AN15: 774.19258 | AO15: 746.1054 | AP15: 824.03149 | AQ15: 789.39767 | AR15: 793.19894 | AS15: 807.13694 | AT15: 841.13722 | AU15: 878.5164 | AV15: 993.18813 | AW15: 918.64095 | AX15: 911.0384 | AY15: 936.16904 | AZ15: 942.29331 | BA15: 996.14468 | BB15: 1020.0082 | BC15: 1050.8408 | BD15: 987.48622 | BE15: 1052.5302 | BF15: 1104.0586 | BG15: 1137.6365 | BH15: 1168.6802 | BI15: 1187.2642 | BJ15: 1120.9531 | BK15: 1191.9102 | BL15: 1215.5626 | BM15: 1297.0788 | BN15: 1297.9235 | BO15: 1271.737 | BP15: 1375.6384 | BQ15: 1531.9319 | BR15: 1368.4751 | BS15: 1454.6384 | BT15: 1474.9121 | BU15: 1293.2935 | BV15: 1473.2226 | BW15: 1495.1858 | BX15: 1404.7989 | BY15: 1394.8732 | BZ15: 1316.1643 | CA15: 1350.4446 | CB15: 1370.514 | CC15: 1393.17 | CD15: 1501.37 | CE15: 1453.57 | CF15: 1460.02 | CG15: 1402.55 | CH15: 1408.87 | CI15: 1344.7 | CJ15: 1353.21 | CK15: 1244.25 | CL15: 1181.49 | CM15: 1010.63 | CN15: 1114.46 | CO15: 1182.56 | CP15: 1125.3448 | CQ15: 1123.3667 | CR15: 1063.703 | CS15: 1023.4593 | CT15: 1062.7396 | CU15: 1127.0729 | CV15: 1098.0411 | CW15: 1095.2957 | CX15: 477.67129 | CY15: 502.35061 | CZ15: 494.68181 | DA15: 494.93057 | DB15: 468.72904 | DC15: 448.92009 | DD15: 456.09233 | DE15: 464.90684 | DF15: 485.47402 | DG15: 468.06755 | DH15: 457.91789 | DI15: 455.40435 | DJ15: 459.68579 | DK15: 452.07384 | DL15: 424.59121 | DM15: 438.46695 | DN15: 430.50546 | DO15: 443.84052 | DP15: 410.97093 | DQ15: 410.45765 | DR15: 430.09599 | DS15: 476.7655 | DT15: 477.56164 | DU15: 496.00577 | DV15: 468.12159 | DW15: 509.85157 | DX15: 519.13181 | DY15: 509.04672 | DZ15: 516.67585 | EA15: 499.56143 | EB15: 466.21456 | EC15: 456.42745 | ED15: 484.39043 | EE15: 1086.2205 | EF15: 1083.5635 | EG15: 1105.1758 | EH15: 1110.1805 | EI15: 1093.4461 | EJ15: 1118.9077 | EK15: 1158.5316 | EL15: 1138.064 | EM15: 752.21757 | EN15: 762.75197 | EO15: 772.83087 | EP15: 804.36691 | EQ15: 791.34881 | ER15: 800.59286 | ES15: 803.95818 | ET15: 801.02967 | EU15: 775.82172 | EV15: 768.74257 | EW15: 770.69465 | EX15: 779.73849 | EY15: 803.93974 | EZ15: 815.23379 | FA15: 422.34768 | FB15: 885.02574 | FC15: 886.64026 | FD15: 878.97136 | FE15: 876.88758 | FF15: 892.40976 | FG15: 961.52746 | FH15: 976.70796 | FI15: 1032.6058 | FJ15: 1013.106 | FK15: 1033.1804 | FL15: 1008.3295 | FM15: 1082.0039 | FN15: 1138.1691 | FO15: 1157.9853 | FP15: 772.4368 | FQ15: 1224.7288 | FR15: 1243.0277 | FS15: 1377.3085
A16: 3. DEGs | B16: 8.375237 | C16: 2.221095 | D16: 0.75 | E16: 8.12 | F16: 1.634674 | G16: 1.21 | H16: 7.86 | I16: 1.37 | J16: 7.600867 | K16: 7.62 | L16: 1.25 | M16: 7.6 | N16: 7.53 | O16: 1.25 | P16: 7.64 | Q16: 1.08 | R16: 0.55 | S16: 0.55 | T16: 0.56 | U16: 24.19 | V16: 24.02 | W16: 24.35 | X16: 24.73 | Y16: 24.55 | Z16: 24.577006 | AA16: 24.683067 | AB16: 25.20338 | AC16: 24.885828 | AD16: 27.766232 | AE16: 27.987753 | AF16: 27.769487 | AG16: 26.846396 | AH16: 26.595846 | AI16: 25.418758 | AJ16: 25.446969 | AK16: 26.232793 | AL16: 25.40933 | AM16: 24.964386 | AN16: 25.43582 | AO16: 25.482777 | AP16: 26.319593 | AQ16: 26.390661 | AR16: 26.409363 | AS16: 26.578035 | AT16: 26.925573 | AU16: 27.019382 | AV16: 27.435087 | AW16: 26.711121 | AX16: 26.481101 | AY16: 25.924052 | AZ16: 25.419655 | BA16: 25.300446 | BB16: 24.70379 | BC16: 24.780365 | BD16: 25.444235 | BE16: 25.30918 | BF16: 25.830889 | BG16: 26.08983 | BH16: 24.698772 | BI16: 24.929446 | BJ16: 25.284117 | BK16: 25.086698 | BL16: 25.285249 | BM16: 25.850758 | BN16: 25.053958 | BO16: 25.049046 | BP16: 25.065167 | BQ16: 25.242913 | BR16: 23.869969 | BS16: 24.241098 | BT16: 23.785405 | BU16: 23.139666 | BV16: 23.377955 | BW16: 23.474175 | BX16: 23.19278 | BY16: 23.197571 | BZ16: 22.62482 | CA16: 22.575842 | CB16: 22.43868 | CC16: 22.53 | CD16: 22.83 | CE16: 24.35 | CF16: 24.27 | CG16: 24.21 | CH16: 24.28 | CI16: 23.8 | CJ16: 23.53 | CK16: 23.71 | CL16: 23.43 | CM16: 23.55 | CN16: 23.69 | CO16: 23.66 | CP16: 23.94902 | CQ16: 27.942203 | CR16: 27.817933 | CS16: 27.904728 | CT16: 27.799632 | CU16: 28.054568 | CV16: 27.898419 | CW16: 27.968694 | CX16: 27.686116 | CY16: 27.783527 | CZ16: 27.521487 | DA16: 27.20244 | DB16: 26.561067 | DC16: 26.484927 | DD16: 26.239564 | DE16: 25.900884 | DF16: 25.210971 | DG16: 25.174399 | DH16: 24.624755 | DI16: 25.105472 | DJ16: 24.77168 | DK16: 25.054759 | DL16: 24.846502 | DM16: 25.091372 | DN16: 24.962846 | DO16: 24.840676 | DP16: 24.357735 | DQ16: 24.618501 | DR16: 24.505606 | DS16: 24.475353 | DT16: 24.962801 | DU16: 25.113589 | DV16: 24.811783 | DW16: 24.74033 | DX16: 24.643763 | DY16: 24.616633 | DZ16: 22.802562 | EA16: 22.443814 | EB16: 21.181273 | EC16: 21.033729 | ED16: 21.260599 | EE16: 19.873771 | EF16: 19.901198 | EG16: 20.109033 | EH16: 18.746218 | EI16: 18.841959 | EJ16: 19.063503 | EK16: 17.148283 | EL16: 17.147192 | EM16: 17.042729 | EN16: 15.191919 | EO16: 15.285405 | EP16: 15.639492 | EQ16: 13.15885 | ER16: 13.229654 | ES16: 13.085224 | ET16: 10.482245 | EU16: 10.40766 | EV16: 10.395081 | EW16: 7.697928 | EX16: 7.6642 | EY16: 7.592131 | EZ16: 4.896528 | FA16: 4.92329 | FB16: 4.95837 | FC16: 2.001902 | FD16: 1.987968 | FE16: 6.141683 | FF16: 1.340175 | FG16: 1.352423 | FH16: 7.345491 | FI16: 0.673419 | FJ16: 0.670943 | FK16: 8.955197 | FL16: 2.121405 | FM16: 0.822547 | FN16: 7.7038 | FO16: 11.624346 | FP16: 9.35313 | FQ16: 9.364095 | FR16: 6.724184 | FS16: 6.742611
A17: 4. Posición de reserva en FMI | B17: 24.789682 | C17: 24.621434 | D17: 24.71 | E17: 25.23 | F17: 25.616691 | G17: 25.37 | H17: 25.35 | I17: 25.53 | J17: 25.320841 | K17: 25.39 | L17: 25.86 | M17: 25.8 | N17: 25.55 | O17: 25.81 | P17: 25.9 | Q17: 26.14 | R17: 25.95 | S17: 26 | T17: 26.26 | U17: 26.28 | V17: 26.7 | W17: 26.9 | X17: 27.27 | Y17: 27.07 | Z17: 27.360064 | AA17: 27.622128 | AB17: 28.204395 | AC17: 27.849032 | AD17: 27.796036 | AE17: 28.017795 | AF17: 27.799295 | AG17: 26.95908 | AH17: 26.707478 | AI17: 25.525449 | AJ17: 25.625438 | AK17: 26.416773 | AL17: 25.587535 | AM17: 25.166313 | AN17: 25.64156 | AO17: 25.688896 | AP17: 26.550206 | AQ17: 26.621896 | AR17: 26.640762 | AS17: 26.822388 | AT17: 27.173121 | AU17: 27.267793 | AV17: 27.615782 | AW17: 26.887047 | AX17: 26.655512 | AY17: 26.284884 | AZ17: 26.038943 | BA17: 25.916829 | BB17: 25.285853 | BC17: 25.364232 | BD17: 26.043745 | BE17: 25.878926 | BF17: 26.689813 | BG17: 26.957365 | BH17: 26.168259 | BI17: 26.412657 | BJ17: 26.78843 | BK17: 26.978975 | BL17: 27.192501 | BM17: 27.800667 | BN17: 27.454393 | BO17: 27.448905 | BP17: 27.46657 | BQ17: 27.601718 | BR17: 26.782942 | BS17: 45.238974 | BT17: 44.2594 | BU17: 43.794716 | BV17: 44.245708 | BW17: 44.386625 | BX17: 44.188942 | BY17: 44.19807 | BZ17: 43.081287 | CA17: 43.28924 | CB17: 43.026232 | CC17: 43.42 | CD17: 43.99 | CE17: 43.95 | CF17: 43.78 | CG17: 43.84 | CH17: 43.97 | CI17: 43.21 | CJ17: 42.73 | CK17: 43.05 | CL17: 42.7 | CM17: 42.9 | CN17: 43.17 | CO17: 43.22 | CP17: 43.76077 | CQ17: 43.873732 | CR17: 43.793004 | CS17: 43.929643 | CT17: 43.764193 | CU17: 44.140733 | CV17: 44.090243 | CW17: 44.206057 | CX17: 43.94305 | CY17: 44.097659 | CZ17: 43.681754 | DA17: 43.312916 | DB17: 42.291695 | DC17: 42.17046 | DD17: 41.768532 | DE17: 41.316114 | DF17: 40.215591 | DG17: 40.146844 | DH17: 39.350976 | DI17: 40.119174 | DJ17: 39.665044 | DK17: 40.118318 | DL17: 39.784852 | DM17: 40.166812 | DN17: 40.042725 | DO17: 39.846753 | DP17: 39.142167 | DQ17: 39.561211 | DR17: 39.379787 | DS17: 39.402893 | DT17: 40.187636 | DU17: 40.43039 | DV17: 40.018193 | DW17: 39.902949 | DX17: 39.747198 | DY17: 39.774583 | DZ17: 39.816516 | EA17: 39.190091 | EB17: 38.617008 | EC17: 38.348011 | ED17: 38.761634 | EE17: 38.65181 | EF17: 38.705153 | EG17: 39.109363 | EH17: 39.488755 | EI17: 39.690432 | EJ17: 40.157113 | EK17: 40.317998 | EL17: 40.315431 | EM17: 40.069825 | EN17: 40.375906 | EO17: 40.624365 | EP17: 41.565429 | EQ17: 41.245085 | ER17: 41.467015 | ES17: 41.014312 | ET17: 40.410992 | EU17: 40.123453 | EV17: 40.074959 | EW17: 39.97569 | EX17: 39.800542 | EY17: 39.426284 | EZ17: 39.457662 | FA17: 39.673317 | FB17: 39.956007 | FC17: 39.878417 | FD17: 39.600861 | FE17: 39.529832 | FF17: 39.297633 | FG17: 39.656772 | FH17: 39.234876 | FI17: 39.032914 | FJ17: 38.889429 | FK17: 39.348123 | FL17: 39.157001 | FM17: 39.446252 | FN17: 39.27852 | FO17: 39.173831 | FP17: 38.931933 | FQ17: 38.977574 | FR17: 39.137889 | FS17: 39.245145
A18: 5. Posición con ALADI | B18: 7.221816 | C18: 0.201193 | D18: 3.33 | E18: 9.33 | F18: -5.280159 | G18: -8.31 | H18: -17.81 | I18: 0.87 | J18: 2.185834 | K18: 2.42 | L18: 2.34 | M18: 0.44 | N18: 3.6 | O18: 2.85 | P18: 12.65 | Q18: -0.55 | R18: 9.87 | S18: 8.65 | T18: 7.78 | U18: 11.2 | V18: 2.93 | W18: 16.19 | X18: 13.68 | Y18: 2.18 | Z18: 10.942116 | AA18: 3.205187 | AB18: 2.986161 | AC18: -1.364902 | AD18: 9.989447 | AE18: 18.122772 | AF18: 5.502238 | AG18: 25.915378 | AH18: 22.159151 | AI18: 11.307524 | AJ18: 12.408249 | AK18: -25.930344 | AL18: 3.320573 | AM18: 10.158262 | AN18: 19.025869 | AO18: 9.79659 | AP18: 55.933369 | AQ18: -19.620921 | AR18: 18.127748 | AS18: 20.125153 | AT18: -3.909817 | AU18: 23.256623 | AV18: 10.420259 | AW18: -26.677295 | AX18: 13.357113 | AY18: 7.545922 | AZ18: 10.077389 | BA18: 0.902896 | BB18: 14.88934 | BC18: 24.521674 | BD18: 3.868732 | BE18: 22.182103 | BF18: 3.157989 | BG18: 4.794576 | BH18: 15.300365 | BI18: -3.827151 | BJ18: 19.393963 | BK18: 3.239801 | BL18: -0.69701 | BM18: 6.712351 | BN18: 5.874995 | BO18: -16.955227 | BP18: -1.233496 | BQ18: 6.027509 | BR18: -2.625799 | BS18: 0.768999 | BT18: 6.209394 | BU18: -0.179797 | BV18: 6.563004 | BW18: 0.47807 | BX18: 0.63968 | BY18: 7.868075 | BZ18: 1.312836 | CA18: -17.352105 | CB18: 2.122932 | CC18: 4.66 | CD18: 3.09 | CE18: 2.25 | CF18: -0.43 | CG18: 2.22 | CH18: -2.19 | CI18: 1.83 | CJ18: 4.02 | CK18: -1.68 | CL18: -0.25 | CM18: 1.79 | CN18: 0.1 | CO18: 2.48 | CP18: -0.230742 | CQ18: 2.207177 | CR18: -5.966247 | CS18: 0.306629 | CT18: 6.002769 | CU18: 9.480374 | CV18: 12.017675 | CW18: 12.382538 | CX18: 0.673543 | CY18: 0.192265 | CZ18: 9.576952 | DA18: 11.315501 | DB18: -1.963619 | DC18: 1.328457 | DD18: -1.914036 | DE18: -21.003008 | DF18: 0.08818 | DG18: 0.633427 | DH18: 2.1551 | DI18: 6.0006 | DJ18: -0.290091 | DK18: -19.481369 | DL18: 0.557761 | DM18: 3.094158 | DN18: 0.390906 | DO18: -1.518858 | DP18: -1.747425 | DQ18: -19.556643 | DR18: -2.841233 | DS18: -0.000725 | DT18: -0.685222 | DU18: -2.165925 | DV18: 0.089799 | DW18: -18.578084 | DX18: 2.097665 | DY18: 2.066883 | DZ18: -0.020593 | EA18: 0.408657 | EB18: 0.741048 | EC18: -17.746451 | ED18: -0.703215 | EE18: 0.26937 | EF18: 0.327303 | EG18: 0.129964 | EH18: 0.000483 | EI18: -18.196024 | EJ18: -0.428087 | EK18: -0.226834 | EL18: -0.531844 | EM18: -2.677434 | EN18: -11.122324 | EO18: -0.340211 | EP18: -0.261249 | EQ18: -9.2e-05 | ER18: -0.10192 | ES18: -0.85066 | ET18: -0.09136 | EU18: -0.526914 | EV18: -0.326585 | EW18: 0 | EX18: -0.159845 | EY18: -0.640884 | EZ18: -0.122876 | FA18: 0.066974 | FB18: -0.449941 | FC18: 0 | FD18: 0.014139 | FE18: -0.237867 | FF18: -0.217268 | FG18: -0.022268 | FH18: -0.26669 | FI18: -0.028466 | FJ18: 0 | FK18: -0.267779 | FL18: -0.14641 | FM18: -0.00025 | FN18: -0.000635 | FO18: -0.020063 | FP18: -0.046506 | FQ18: -0.192405 | FR18: 0 | FS18: 0.073365
A19: 6. Posición SUCRE | CG19: 540.5 | CH19: 315.14 | CI19: 491.57 | CJ19: 595.11 | CK19: 406.4 | CL19: 474.56 | CM19: 499.95 | CN19: 35.68 | CO19: 55.53 | CP19: 91.249326 | CQ19: 125.79152 | CR19: 148.45707 | CS19: 176.72548 | CT19: 32.261602 | CU19: 57.437693 | CV19: 82.367004 | CW19: 127.55959 | CX19: 174.45051 | CY19: 220.06315 | CZ19: 28.028129 | DA19: 59.044679 | DB19: 88.372071 | DC19: 132.33681 | DD19: 164.15262 | DE19: 200.53749 | DF19: 20.756183 | DG19: 33.674659 | DH19: 71.143499 | DI19: 97.219227 | DJ19: 113.70004 | DK19: 121.24143 | DL19: 13.96991 | DM19: 21.864702 | DN19: 53.946575 | DO19: 90.046988 | DP19: 124.99688 | DQ19: 156.30847 | DR19: 19.99966 | DS19: 27.404775 | DT19: 32.334967 | DU19: 42.457344 | DV19: 52.53032 | DW19: 59.248577 | DX19: 10.953932 | DY19: 14.172916 | DZ19: 17.226813 | EA19: 22.226135 | EB19: 32.855287 | EC19: 39.029611 | ED19: 0.077073 | EE19: 0.850533 | EF19: 1.564455 | EG19: 2.578279 | EH19: 2.643358 | EI19: 4.939893 | EJ19: 0 | EK19: 0 | EL19: 0.255979 | EM19: 0.255938 | EN19: 0.255897 | EO19: 0.383835 | EP19: 0 | EQ19: 0.121452 | ER19: 0.121442 | ES19: 0.121295 | ET19: 0.120121 | EU19: 0.120101 | EV19: 0 | EW19: 0.499918 | EX19: 0.496903 | EY19: 0.494131 | EZ19: 0.499837 | FA19: 0.48924 | FB19: 0 | FC19: 0 | FD19: 1.000166 | FE19: 1 | FF19: 0.970703 | FG19: 0.970537 | FH19: 0.693998 | FI19: 0.673359 | FJ19: 0.673236 | FK19: 0.670023 | FL19: 0.645862 | FM19: 0.656675 | FN19: 0 | FO19: 0 | FP19: 0 | FQ19: 0 | FR19: 0 | FS19: 0
A21: RI (1+2+3+4+5+6) | B21: 1939.9203 | C21: 1913.4878 | D21: 2350.74 | E21: 2701.33 | F21: 2229.7315 | G21: 2264.1 | H21: 2398.8 | I21: 2660.17 | J21: 2853.8014 | K21: 2991.68 | L21: 2412.97 | M21: 2023.34 | N21: 2124.05 | O21: 2468.68 | P21: 2182.37 | Q21: 2801.23 | R21: 3076.34 | S21: 3204.38 | T21: 3440.77 | U21: 3510.07 | V21: 3611.12 | W21: 3690.85 | X21: 3617.78 | Y21: 3520.84 | Z21: 3511.0513 | AA21: 3989.4212 | AB21: 4143.5528 | AC21: 5599.1134 | AD21: 5874.7229 | AE21: 6103.1229 | AF21: 6161.4124 | AG21: 6372.3133 | AH21: 6511.4456 | AI21: 6273.5617 | AJ21: 6011.4973 | AK21: 4473.069 | AL21: 4271.6178 | AM21: 3996.5062 | AN21: 3244.0726 | AO21: 3142.2647 | AP21: 2594.3993 | AQ21: 2675.0155 | AR21: 3151.7757 | AS21: 3921.5956 | AT21: 4624.7093 | AU21: 4604.7855 | AV21: 5236.6674 | AW21: 3792.0509 | AX21: 3918.2044 | AY21: 3602.9902 | AZ21: 4007.0646 | BA21: 4321.986 | BB21: 4575.3279 | BC21: 4103.5395 | BD21: 3857.6043 | BE21: 3490.4041 | BF21: 4353.3704 | BG21: 3668.88 | BH21: 3451.1235 | BI21: 2622.0537 | BJ21: 2869.4521 | BK21: 3906.9429 | BL21: 3947.486 | BM21: 4164.8411 | BN21: 3884.3417 | BO21: 3841.485 | BP21: 3980.6705 | BQ21: 4124.6201 | BR21: 3635.4182 | BS21: 4548.5911 | BT21: 4093.684 | BU21: 2957.6203 | BV21: 3371.3788 | BW21: 3375.5372 | BX21: 3368.0891 | BY21: 3787.3851 | BZ21: 3918.0824 | CA21: 3930.9168 | CB21: 4040.3208 | CC21: 4218.81 | CD21: 4883.42 | CE21: 4033.19 | CF21: 3442.97 | CG21: 2482.52 | CH21: 2827.11 | CI21: 4212.82 | CJ21: 4373.01 | CK21: 4660.88 | CL21: 4191.11 | CM21: 3760.55 | CN21: 3670 | CO21: 4508.12 | CP21: 4233.5 | CQ21: 4206.0046 | CR21: 4051.0578 | CS21: 4360.5217 | CT21: 4182.7265 | CU21: 4332.4056 | CV21: 3976.2516 | CW21: 3568.8925 | CX21: 4010.3071 | CY21: 5822.4182 | CZ21: 5557.3942 | DA21: 6171.2039 | DB21: 6689.2281 | DC21: 6002.5728 | DD21: 5863.3021 | DE21: 3949.0696 | DF21: 3654.688 | DG21: 3717.3014 | DH21: 3667.7367 | DI21: 3439.9275 | DJ21: 4567.4591 | DK21: 4739.1914 | DL21: 4771.9664 | DM21: 4201.4079 | DN21: 3511.5641 | DO21: 3308.363 | DP21: 3126.3197 | DQ21: 2495.9566 | DR21: 3207.3594 | DS21: 3341.6422 | DT21: 2573.0683 | DU21: 2485.0237 | DV21: 2158.5515 | DW21: 3433.7594 | DX21: 4295.8555 | DY21: 4166.72 | DZ21: 4472.9284 | EA21: 4274.6257 | EB21: 3907.3372 | EC21: 4258.8499 | ED21: 4889.0536 | EE21: 4774.3641 | EF21: 3809.6184 | EG21: 3236.1216 | EH21: 2790.0411 | EI21: 4467.1464 | EJ21: 4260.9123 | EK21: 3650.4808 | EL21: 2362.3768 | EM21: 4806.5892 | EN21: 4018.467 | EO21: 2451.0658 | EP21: 5706.5874 | EQ21: 5406.7849 | ER21: 4868.0821 | ES21: 4260.3535 | ET21: 3752.0349 | EU21: 3166.7384 | EV21: 3128.4665 | EW21: 3050.1976 | EX21: 2693.0062 | EY21: 2730.3636 | EZ21: 2382.2391 | FA21: 2676.525 | FB21: 3635.8522 | FC21: 3281.8184 | FD21: 3972.8417 | FE21: 3488.3241 | FF21: 4083.615 | FG21: 4095.2624 | FH21: 3772.4585 | FI21: 3808.3865 | FJ21: 5130.3737 | FK21: 4097.8495 | FL21: 3178.7085 | FM21: 3397.1086 | FN21: 3568.0298 | FO21: 3280.3994 | FP21: 1990.1685 | FQ21: 2860.4742 | FR21: 3402.0323 | FS21: 2665.6085
A26: (*) De conformidad al artículo 137 del Código Orgánico Monetario y Financiero (Registro Oficial N° 332 – Viernes 12 de septiembre de 2014), la Reserva Internacional de Libre Disponibilidad (RILD), pasa a denominarse Reservas Internacionales (RI).
A27: (*)Mediante resolución 076-2015-M, de 28 de mayo de 2015, la Junta de Política y Regulación Monetaria y Financiera, emite la Norma para establecer la metodología de cálculo de las reservas internacionales.

Sheet Tabla 2.3
A1: Variación Acumulada Reserva Internacional Junio 2020
A2: Millones de USD
C3: Jun. 2020
A4: Saldo inicial | C4: 3,402.0
A5: Saldo final | C5: 2,665.6
A7: Variación mensual de las Reservas Internacionales | C7: -736.4
A8: Ingresos (a) | C8: 3,195.7
A9: Giros del exterior sector privado | C9: 2,033.2
A10: Desembolsos endeudamiento externo público | C10: 314.6
A11: Depósitos en efectivo en las bóvedas BCE | C11: 300.3
A12: Facilidades de liquidez BCE | C12: 300.0
A13: Oro | C13: 134.0
A14: Exportación de hidrocarburos | C14: 102.0
A15: Giros del exterior sector público | C15: 7.2
A16: Transferencia de egresos a caja BCE | C16: 2.5
... A20: Movimientos ALADI | C20: 0.1
A21: Otros movimientos | C21: 0
A22: Egresos (b) | C22: -3,932.1
A23: Giros al exterior sector privado | C23: -2,270.9
A24: Derivado financiero | C24: -477.5
A25: Otros movimientos | C25: -368.7
A26: Servicio de la deuda externa pública | C26: -297.4
A27: Importación de derivados | C27: -261.0
A28: Retiros de efectivo de las bóvedas BCE | C28: -112.1
A29: Giros al exterior sector público | C29: -102.3
A30: Aportes al Fondo de Liquidez | C30: -35.5
A31: Transferencia de ingresos a caja BCE | C31: -6.6
A32: Movimientos ALADI | C32: 0
A33: Movimiento neto (a-b) | C33: -736.4
A35: Fuente : https://contenido.bce.fin.ec/documentos/Estadisticas/SectorMonFin/RILD/Indice.htm

Sheet Tabla 2.4
A1: Esquema de Respaldo de Sistemas de Balance BCE- Diciembre 2000
A2: Millones de USD
B3: SISTEMA DE CANJE | H3: Volver al Índice
B4: Caja en divisas | C4: 35.23 | E4: Especies monetarias emitidas en circulación | F4: 35.23
B5: TOTAL | C5: 35.23 | E5: TOTAL | F5: 35.23
B6: SISTEMA DE RESERVAS FINANCIERAS
B7: Caja en divisas | C7: 80.18 | E7: Bonos de Estabilización Monetaria | F7: 0.05
B8: Remesas cheques y valores | C8: 5.43 | E8: Depósitos del Sector Financiero | F8: 225.94
B9: Oro | C9: 55.39
B10: Bancos e IFI en el exterior | C10: 84.99
B11: TOTAL | C11: 225.99 | E11: TOTAL | F11: 225.99
B12: SISTEMA DE OPERACIONES
B13: Inversiones en el exterior | C13: 738.28 | E13: Depósitos SPNF | F13: 1,065.33
B14: Participaciones en Org. Fcieros | C14: 22.34 | E14: Endeudamiento externo BCE | F14: 499.47
B15: Oro | C15: 177.33 | E15: Depósitos Sector Privado | F15: 14.23
B16: Acuerdos de pago y créditos recíprocos | C16: -19.84
B17: Títulos del Gobierno | C17: 660.55
B18: Tenencias en Org. Fcieros | C18: 0.37
B19: TOTAL | C19: 1,579.03 | E19: TOTAL | F19: 1,579.03
B20: SISTEMA DE OTRAS OPERACIONES
B21: Activos Externos | C21: 245.86 | E21: Patrimonio | F21: 1343.09
B22: Inversiones | C22: 509.16 | E22: Otros pasivos | F22: 3.66
B23: Caja | C23: 36.9 | E23: Cuentas por Pagar | F23: 151.4
B24: Cuentas por Cobrar | C24: 33.27 | E24: Pasivos externos | F24: 0.49
B25: Bienes adjudicados en dación en pago | C25: 304
B26: Activos fijos | C26: 35.71
B27: Otros activos | C27: 231.59
B28: Crédito Interno | C28: 102.15
B29: TOTAL | C29: 1,498.64 | E29: TOTAL | F29: 1,498.64

Sheet Tabla 2.5
D1: Balance BCE
A3: ESTADO DE SITUACIÓN DEL BCE
A4: En Millones de USD
B6: 40178 | C6: 43830 | F6: 40178 | G6: 43830
A7: Activos | E7: Pasivos
A8: Reservas Internacionales | B8: 3792.0509 | C8: 3397.1086 | E8: Especies monetarias | F8: 77.364671 | G8: 80.509587
A9: Divisas | B9: 358.8954 | C9: 492.87675 | E9: Dinero electrónico | F9: 0 | G9: 0
A10: Depositos en bancos extranjeros | B10: 596.96582 | C10: 372.15231 | E10: Depósitos en el sector financiero | F10: 1702.5668 | G10: 4377.4442
A11: Inversiones en el exterior | B11: 1890.6279 | C11: 1409.1504 | E11: Bancos privados | F11: 1105.9852 | G11: 2973.8729
F12: 312.33492 | G12: 437.6274
A13: Inversión doméstica | B13: 495 | C13: 1484.2509 | E13: Instituciones del sistema financiero privado | F13: 91.918655 | G13: 333.54514
A14: Títulos del Gobierno Central | B14: 0 | C14: 2891.9776 | E14: Transferencias a través del SPI | F14: 1.118408 | G14: 103.53942
A15: Otros activos | B15: 2091.8068 | C15: 2859.6739 | E15: Intermediarios financieros y otros | F15: 6.34642 | G15: 527.13359
A16: Acciones en la banca pública | B16: 0 | C16: 2499.9374 | E16: Depósitos en el sector público no financiero | F16: 3095.43 | G16: 5461.0238
A17: Gastos | B17: 0 | C17: 0 | D17: 0 | E17: Depósitos en el Gobierno Central | F17: 462.92523 | G17: 1627.6112
E18: Otros pasivos | F18: 750.24223 | G18: 1529.1754
E19: Patrimonio | F19: 753.25406 | G19: 1684.7956
E20: Ingresos | F20: 0 | G20: 0
A21: Total de Activos y Gastos | B21: 6378.8578 | C21: 13132.948 | E21: Total Pasivo + Patrimonio e Ingresos | F21: 6378.8578 | G21: 13132.948

Sheet Tabla 2.6
C1: Tasas de interés máximas por segmentos de crédito
D2: En porcentaje, 2009 vs 2015 vs 2019 vs jun. 2020
A3: Segmentos y Subsegmentos | D3: % anual
D4: 40178 | E4: 42369 | F4: 43830 | G4: 44012
A5: Productivo | B5: Corporativo | D5: 9.33 | E5: 9.33 | F5: 9.33 | G5: 9.33
B6: Empresarial | D6: 10.21 | E6: 10.21 | F6: 10.21 | G6: 10.21
B7: PYMES | D7: 11.83 | E7: 11.83 | F7: 11.83 | G7: 11.83
B8: Agrícola y Ganadero*** | F8: 8.53 | G8: 8.53
A9: Comercial | B9: Ordinario | E9: 11.83 | F9: 11.83 | G9: 11.83
B10: Prioritario Corporativo | E10: 9.33 | F10: 9.33 | G10: 9.33
B11: Prioritario Empresarial | E11: 10.21 | F11: 10.21 | G11: 10.21
B12: Prioritario PYMES | E12: 11.83 | F12: 11.83 | G12: 11.83
A13: Consumo | D13: 18.92
B14: Ordinario* | E14: 17.3 | F14: 17.3 | G14: 17.3
B15: Prioritario** | E15: 17.3 | F15: 17.3 | G15: 17.3
A16: Educativo** | E16: 9.5 | F16: 9.5 | G16: 9.5
B17: Social**** | F17: 7.5 | G17: 7.5
A18: Inmobiliario | E18: 11.33 | F18: 11.33 | G18: 11.33
A19: Vivienda | D19: 11.33
B20: Interés Público | E20: 4.99 | F20: 4.99 | G20: 4.99
B21: Interés Social***** | G21: 4.99
A22: Microcrédito | B22: Acumulación Ampliada | D22: 25.5 | E22: 25.5
C23: COAC S1 y Mutualistas | F23: 23.5 | G23: 23.5
C24: COAC S2, 3, 4, 5 | F24: 25.5 | G24: 25.5
B25: Acumulación Simple | D25: 33.3 | E25: 27.5
C26: COAC S1 y Mutualistas | F26: 25.5 | G26: 25.5
C27: COAC S2, 3, 4, 5 | F27: 27.5 | G27: 27.5
B28: Agrícola y Ganadero*** | F28: 20.97 | G28: 20.97
B29: Minorista | D29: 33.9 | E29: 30.5
C30: COAC S1 y Mutualistas | F30: 28.5 | G30: 28.5
C31: COAC S2, 3, 4, 5 | F31: 30.5 | G31: 30.5
A32: Inversión Pública | E32: 9.33 | F32: 9.33 | G32: 9.33
A36: *Según la Resolución 140-2015-F, publicada en el Suplemento del Registro Oficial No. 627 de 13 de noviembre de 2015, se establece que la tasa de interés activa efectiva máxima para el segmento Consumo Ordinario será de 17.30%; la misma que entrará en vigencia a partir de su publicación en el Registro Oficial.
A37: **Según la Resolución 154-2015-F, de 25 de noviembre de 2015, se establece que la tasa de interés activa efectiva máxima para el segmento Consumo Prioritario será de 17.30% y para el segmento Educativo será de 9.50%
A38: ***Conforme Resolución 496-2019-F de 28 de febrero de 2019, la Junta de Política y Regulación Monetaria y Financiera crea los segmentos de la cartera Productivo Agrícola y Ganadero; y, Microcrédito Agrícola y Ganadero, aplicable para todo el Sistema Financiero Nacional.
A39: ****De acuerdo a la Resolución 526-2019-F de 17 de junio de 2019, de la Junta de Política y Regulación Monetaria y Financiera.
A40: *****De acuerdo a la Resolución 555-2019-F de 23 de diciembre de 2019, de la Junta de Política y Regulación Monetaria y Financiera.

Sheet PIB
A1: Año | B1: Fecha | C1: Millones
A2: 2000 | B2: 18318601 | C2: =+B2/1000 -> 18318.601
A3: 2001 | B3: 24468324 | C3: =+B3/1000 -> 24468.324
A4: 2002 | B4: 28548945 | C4: =+B4/1000 -> 28548.945
A5: 2003 | B5: 32432858 | C5: =+B5/1000 -> 32432.858
A6: 2004 | B6: 36591661 | C6: =+B6/1000 -> 36591.661
A7: 2005 | B7: 41507085 | C7: =+B7/1000 -> 41507.085
A8: 2006 | B8: 46802044 | C8: =+B8/1000 -> 46802.044
A9: 2007 | B9: 51007777 | C9: =+B9/1000 -> 51007.777
A10: 2008 | B10: 61762635 | C10: =+B10/1000 -> 61762.635
A11: 2009 | B11: 62519686 | C11: =+B11/1000 -> 62519.686
A12: 2010 | B12: 69555367 | C12: =+B12/1000 -> 69555.367
A13: 2011 | B13: 79276664 | C13: =+B13/1000 -> 79276.664
... A22: 2020 | B22: 96512458 | C22: =+B22/1000 -> 96512.458
F93: =+#REF!*1 -> #REF!
